Workbook
Name AbaDeprec: '28. Depreciação'!$A$1
Name AbaRemun: #REF!
Name AbaRemun: #REF!
Name Google_Sheet_Link_1080678013: AbaDeprec
Name Google_Sheet_Link_1283984240: AbaDeprec
Name Google_Sheet_Link_1352214653: AbaDeprec
Name Google_Sheet_Link_1653490250: AbaDeprec
Name Google_Sheet_Link_1771193190: AbaDeprec
Name Google_Sheet_Link_1821469400: AbaDeprec
Name Google_Sheet_Link_188411900: AbaDeprec
Name Google_Sheet_Link_191308448: AbaDeprec
Name Google_Sheet_Link_1940138237: AbaDeprec
Name Google_Sheet_Link_543727741: AbaDeprec
Name Google_Sheet_Link_570812577: AbaDeprec
Name Google_Sheet_Link_577369567: AbaDeprec
Name Google_Sheet_Link_608649082: AbaDeprec
Name Google_Sheet_Link_968232355: AbaDeprec

Sheet 1. Escavad 18 
A1: Código 76999 – Serviços de Escavadeira Hidráulica 18 ton
A2: Planilha de Composição de Custos
A4: Orçamento Sintético
A5: Descrição do Item | E5: Custo (R$/mês) | F5: %
A6: =A39 -> 1. Mão-de-obra | E6: =+F83 -> 0 | F6: =IFERROR(E6/$E$23,0) -> 0
A7: =A41 -> 1.1. Operador de Máquinas | E7: =F60 -> 0 | F7: =IFERROR(E7/$E$23,0) -> 0
A8: =A62 -> 1.2. Vale Transporte | E8: =F68 -> 0 | F8: =IFERROR(E8/$E$23,0) -> 0
A9: =A70 -> 1.3. Vale-refeição (mensal) | E9: =F75 -> 0 | F9: =IFERROR(E9/$E$23,0) -> 0
A10: =A77 -> 1.4. Plano de Benefício Social (Seguro de vida) e (Manutenção e Capacitação Profissional ) | E10: =F81 -> 0 | F10: =IFERROR(E10/$E$23,0) -> 0
A11: =A85 -> 2. Uniformes e Equipamentos de Proteção Individual | E11: =+F104 -> 0 | F11: =IFERROR(E11/$E$23,0) -> 0
A12: =A106 -> 3. Veículos e Máquinas | E12: =+F174 -> 0 | F12: =IFERROR(E12/$E$23,0) -> 0
A13: =A108 -> 3.1. Veículo/Máquina | E13: =SUM(E14:E19) -> 0 | F13: =IFERROR(E13/$E$23,0) -> 0
A14: 3.1.1. Depreciação | E14: =F124 -> 0 | F14: =IFERROR(E14/$E$23,0) -> 0
A15: 3.1.2. Remuneração do Capital | E15: =F142 -> 0 | F15: =IFERROR(E15/$E$23,0) -> 0
A16: =A144 -> 3.1.3. Impostos e Seguros | E16: =F148 -> 0 | F16: =IFERROR(E16/$E$23,0) -> 0
A17: =A149 -> 3.1.4. Consumos óleo diesel | E17: =F158 -> 0 | F17: =IFERROR(E17/$E$23,0) -> 0
A18: =A160 -> 3.1.5. Manutenção/Consumos | E18: =F163 -> 0 | F18: =IFERROR(E18/$E$23,0) -> 0
A19: =A165 -> 3.1.6. Pneus | E19: =F172 -> 0 | F19: =IFERROR(E19/$E$23,0) -> 0
A20: =A176 -> 4. Ferramentas e materiais | E20: =+F187 -> 0 | F20: =IFERROR(E20/$E$23,0) -> 0
A21: =A189 -> 5. Monitoramento da frota | E21: =+F198 -> 0 | F21: =IFERROR(E21/$E$23,0) -> 0
A22: =A202 -> 4. Benefícios e Despesas Indiretas - BDI | E22: =+F208 -> 0 | F22: =IFERROR(E22/$E$23,0) -> 0
A23: PREÇO TOTAL MENSAL COM A COLETA | E23: =E6+E11+E12+E20+E21+E22 -> 0 | F23: =F6+F11+F12+F20+F21+F22 -> 0
A26: Quantitativos
A27: Mão-de-obra | E27: Quantidade
A28: ' | E28: =C59 -> 1
A29: Operador de Escavadeira Hidráulica
A30: Sindicato de Pav de Obras Correção Salarial | E30: 0
A31: Total de mão-de-obra (postos de trabalho) | E31: =SUM(E28) -> 1
A33: Veículos e Equipamentos | E33: Quantidade
A34: =+A108 -> 3.1. Veículo/Máquina | E34: =C123 -> 1
A37: Fator de utilização (FU) | B37: ='27.Horários'!F17/'27.Horários'!F18 -> 1
A39: 1. Mão-de-obra
A41: 1.1. Operador de Máquinas
A42: Discriminação | B42: Unidade | C42: Quantidade | D42: Custo unitário | E42: Subtotal | F42: Total (R$)
A43: Piso da categoria (2) | B43: mês | C43: 1 | D43: =ROUND((E29*E30)+E29,2) -> 0 | E43: =C43*D43 -> 0
A44: Salário mínimo nacional (1) | B44: mês | C44: 1 | D44: 1100
A45: Adicional Noturno | B45: horas trabalhadas
B46: hora contabilizada | C46: =C45*8/7 -> 0 | D46: =D43/220*0.2 -> 0 | E46: =C45*D46 -> 0
A47: Horas Extras (100%) | B47: hora | D47: =D43/220*2 -> 0 | E47: =C47*D47 -> 0 | G47: Excluir esta linha caso a contratação não tenha previsão de horas extras 100% explícita no edital
A48: Horas Extras Noturnas (100%) | B48: horas trabalhadas | G48: Excluir esta linha caso a contratação não tenha previsão de horas extras noturnas 100% explícita no edital
B49: hora contabilizada | C49: =C48*8/7 -> 0 | D49: =D43/220*2*1.2 -> 0 | E49: =C49*D49 -> 0 | G49: Excluir esta linha caso a contratação não tenha previsão de horas extras noturnas 100% explícita no edital
A50: Horas Extras (50%) | B50: hora | D50: =D43/220*1.5 -> 0 | E50: =C50*D50 -> 0 | G50: Excluir esta linha caso a contratação não tenha previsão de horas extras 50% explícita no edital
A51: Horas Extras Noturnas (50%) | B51: horas trabalhadas | G51: Excluir esta linha caso a contratação não tenha previsão de horas extras noturnas 50% explícita no edital
B52: hora contabilizada | C52: =C51*8/7 -> 0 | D52: =D43/220*1.5*1.2 -> 0 | E52: =C52*D52 -> 0 | G52: Excluir esta linha caso a contratação não tenha previsão de horas extras noturnas 50% explícita no edital
A53: Descanso Semanal Remunerado (DSR) - hora extra | B53: R$ | D53: =63/302*(SUM(E47:E52)) -> 0 | E53: =D53 -> 0 | G53: Excluir esta linha caso a contratação não tenha previsão de horas extras explícita no edital
A54: Base de cálculo da Insalubridade | C54: 0
A55: Adicional de Insalubridade | B55: % | C55: 0 | D55: =IF(C54=2,SUM(E43:E53),IF(C54=1,SUM(E43:E53)*D44/D43,0)) -> 0 | E55: =C55*D55/100 -> 0
A56: Soma | E56: =SUM(E43:E55) -> 0
A57: Encargos Sociais | B57: % | C57: ='24.Encargos Sociais'!$C$38*100 -> 0 | D57: =E56 -> 0 | E57: =D57*C57/100 -> 0
A58: Total por funcionário | E58: =E56+E57 -> 0
A59: Total do Efetivo | B59: homem | C59: 1 | D59: =E58 -> 0 | E59: =C59*D59 -> 0
D60: Fator de utilização | E60: =B37 -> 1 | F60: =E59*E60 -> 0
A62: 1.2. Vale Transporte
A63: Discriminação | B63: Unidade | C63: Quantidade | D63: Custo unitário | E63: Subtotal | F63: Total (R$)
A64: Vale Transporte | B64: R$ | C64: 1
A65: Dias Trabalhados por mês | B65: dia | C65: 21
A66: Coletor | B66: vale | C66: =$C$65*2*(#REF!) -> #REF! | D66: =IFERROR((($C$65*2*$D$64)-(#REF!*0.06*C65/26))/($C$65*2),"-") -> - | E66: =IFERROR(C66*D66,"-") -> -
A67: Operador | B67: vale | C67: =$C$65*2*(C59) -> 42 | E67: =C67*D64 -> 0
F68: =E67-(6%*E43) -> 0
A70: 1.3. Vale-refeição (mensal)
A71: Discriminação | B71: Unidade | C71: Quantidade | D71: Custo unitário | E71: Subtotal | F71: Total (R$)
A72: =+A66 -> Coletor | B72: unidade | D72: 0 | E72: =C72*D72 -> 0
A73: =+A67 -> Operador | B73: unidade | C73: 1 | E73: =C73*D73 -> 0
A74: Encarregado | B74: unidade | C74: 0 | D74: 13.55 | E74: =C74*D74 -> 0
F75: =SUM(E72:E74) -> 0
A77: 1.4. Plano de Benefício Social (Seguro de vida) e (Manutenção e Capacitação Profissional )
A78: Discriminação | B78: Unidade | C78: Quantidade | D78: Custo unitário | E78: Subtotal | F78: Total (R$)
A79: Seguro de vida em Grupo | B79: unidade | C79: 1 | E79: =C79*D79 -> 0
A80: Manutenção e Capacitação Profissional | B80: unidade | C80: 1 | E80: =C80*D80 -> 0
D81: Fator de util. | E81: 1 | F81: =SUM(E79:E80)*E81 -> 0
A83: Custo Mensal com Mão-de-obra (R$/mês) | F83: =F60+F68+F75+F81 -> 0
A85: 2. Uniformes e Equipamentos de Proteção Individual
A87: 2.1. Uniformes e EPIs
A89: Discriminação | B89: Unidade | C89: Durabilidade (meses) | D89: Custo unitário | E89: Subtotal | F89: Total (R$)
A90: Jaqueta com reflexivo (NBR 15.292) | B90: unidade | E90: =IFERROR(D90/C90,0) -> 0
A91: Calça | B91: unidade | E91: =IFERROR(D91/C91,0) -> 0
A92: Camiseta | B92: unidade | E92: =IFERROR(D92/C92,0) -> 0
A93: Boné | B93: unidade | E93: =IFERROR(D93/C93,0) -> 0
A94: Botina de segurança | B94: par | E94: =IFERROR(D94/C94,0) -> 0
A95: Meia de algodão | B95: par | E95: =IFERROR(D95/C95,0) -> 0
A96: Capa de chuva amarela com reflexivo | B96: unidade | E96: =IFERROR(D96/C96,0) -> 0
A97: Luva de proteção | B97: par | E97: =IFERROR(D97/C97,0) -> 0
A98: Mâscara facial | B98: Um | E98: =IFERROR(D98/C98,0) -> 0
A99: Protetor solar FPS 30 | B99: frasco 120g | E99: =IFERROR(D99/C99,0) -> 0
A100: Total do Efetivo | B100: homem | C100: =E28 -> 1 | D100: =+SUM(E90:E99) -> 0 | E100: =C100*D100 -> 0
D101: Fator de utilização | E101: =$B$37 -> 1 | F101: =E100*E101 -> 0
A104: Custo Mensal com Uniformes e EPIs (R$/mês) | F104: =+F101 -> 0
A106: 3. Veículos e Máquinas
A108: 3.1. Veículo/Máquina
A110: 3.1.1. Depreciação
A111: Discriminação | B111: Unidade | C111: Quantidade | D111: Custo unitário | E111: Subtotal | F111: Total (R$)
A112: Custo de aquisição do chassis | B112: unidade | C112: 1 | E112: =C112*D112 -> 0
A113: Vida útil do chassis | B113: anos
A114: Idade do veículo | B114: anos
A115: Depreciação do chassis | B115: % | C115: =IFERROR(VLOOKUP(C113,'28. Depreciação'!A3:B17,2,0),0) -> 0 | D115: =E112 -> 0 | E115: =C115*D115/100 -> 0
A116: Depreciação mensal veículos/máquinas | B116: mês | C116: =C113*12 -> 0 | D116: =IF(C114<=C113,E115,0) -> 0 | E116: =IFERROR(D116/C116,0) -> 0
A117: Custo de aquisição da Pá Carregadeira | B117: unidade | C117: =C112 -> 1 | D117: 0 | E117: =C117*D117 -> 0
A118: Vida útil do chassis | B118: anos | C118: 16
A119: Idade do chassis | B119: anos | C119: 16
A120: Depreciação do chassis | B120: % | C120: =IFERROR(VLOOKUP(C118,'28. Depreciação'!A3:B17,2,0),0) -> 0 | D120: =E117 -> 0 | E120: =C120*D120/100 -> 0
...

Sheet 2. Escavad 20
A1: Código 77000 – Serviços de Escavadeira Hidráulica 20 ton
A2: Planilha de Composição de Custos
A4: Orçamento Sintético
A5: Descrição do Item | E5: Custo (R$/mês) | F5: %
A6: =A39 -> 1. Mão-de-obra | E6: =+F83 -> 0 | F6: =IFERROR(E6/$E$23,0) -> 0
A7: =A41 -> 1.1. Operador de Máquinas | E7: =F60 -> 0 | F7: =IFERROR(E7/$E$23,0) -> 0
A8: =A62 -> 1.2. Vale Transporte | E8: =F68 -> 0 | F8: =IFERROR(E8/$E$23,0) -> 0
A9: =A70 -> 1.3. Vale-refeição (mensal) | E9: =F75 -> 0 | F9: =IFERROR(E9/$E$23,0) -> 0
A10: =A77 -> 1.4. Plano de Benefício Social (Seguro de vida) e (Manutenção e Capacitação Profissional ) | E10: =F81 -> 0 | F10: =IFERROR(E10/$E$23,0) -> 0
A11: =A85 -> 2. Uniformes e Equipamentos de Proteção Individual | E11: =+F104 -> 0 | F11: =IFERROR(E11/$E$23,0) -> 0
A12: =A106 -> 3. Veículos e Máquinas | E12: =+F174 -> 0 | F12: =IFERROR(E12/$E$23,0) -> 0
A13: =A108 -> 3.1. Veículo/Máquina | E13: =SUM(E14:E19) -> 0 | F13: =IFERROR(E13/$E$23,0) -> 0
A14: 3.1.1. Depreciação | E14: =F124 -> 0 | F14: =IFERROR(E14/$E$23,0) -> 0
A15: 3.1.2. Remuneração do Capital | E15: =F142 -> 0 | F15: =IFERROR(E15/$E$23,0) -> 0
A16: =A144 -> 3.1.3. Impostos e Seguros | E16: =F148 -> 0 | F16: =IFERROR(E16/$E$23,0) -> 0
A17: =A149 -> 3.1.4. Consumos óleo diesel | E17: =F158 -> 0 | F17: =IFERROR(E17/$E$23,0) -> 0
A18: =A160 -> 3.1.5. Manutenção/Consumos | E18: =F163 -> 0 | F18: =IFERROR(E18/$E$23,0) -> 0
A19: =A165 -> 3.1.6. Pneus | E19: =F172 -> 0 | F19: =IFERROR(E19/$E$23,0) -> 0
A20: =A176 -> 4. Ferramentas e materiais | E20: =+F187 -> 0 | F20: =IFERROR(E20/$E$23,0) -> 0
A21: =A189 -> 5. Monitoramento da frota | E21: =+F198 -> 0 | F21: =IFERROR(E21/$E$23,0) -> 0
A22: =A202 -> 4. Benefícios e Despesas Indiretas - BDI | E22: =+F208 -> 0 | F22: =IFERROR(E22/$E$23,0) -> 0
A23: PREÇO TOTAL MENSAL COM A COLETA | E23: =E6+E11+E12+E20+E21+E22 -> 0 | F23: =F6+F11+F12+F20+F21+F22 -> 0
A26: Quantitativos
A27: Mão-de-obra | E27: Quantidade
A28: =+A41 -> 1.1. Operador de Máquinas | E28: =C59 -> 1
A29: Operador de Escavadeira Hidráulica
A30: Sindicato de Pav de Obras Correção Salarial | E30: 0
A31: Total de mão-de-obra (postos de trabalho) | E31: =SUM(E28) -> 1
A33: Veículos e Equipamentos | E33: Quantidade
A34: =+A108 -> 3.1. Veículo/Máquina | E34: =C123 -> 1
A37: Fator de utilização (FU) | B37: ='27.Horários'!F17/'27.Horários'!F18 -> 1
A39: 1. Mão-de-obra
A41: 1.1. Operador de Máquinas
A42: Discriminação | B42: Unidade | C42: Quantidade | D42: Custo unitário | E42: Subtotal | F42: Total (R$)
A43: Piso da categoria (2) | B43: mês | C43: 1 | D43: =ROUND((E29*E30)+E29,2) -> 0 | E43: =C43*D43 -> 0
A44: Salário mínimo nacional (1) | B44: mês | C44: 1 | D44: 1100
A45: Adicional Noturno | B45: horas trabalhadas
B46: hora contabilizada | C46: =C45*8/7 -> 0 | D46: =D43/220*0.2 -> 0 | E46: =C45*D46 -> 0
A47: Horas Extras (100%) | B47: hora | D47: =D43/220*2 -> 0 | E47: =C47*D47 -> 0 | G47: Excluir esta linha caso a contratação não tenha previsão de horas extras 100% explícita no edital
A48: Horas Extras Noturnas (100%) | B48: horas trabalhadas | G48: Excluir esta linha caso a contratação não tenha previsão de horas extras noturnas 100% explícita no edital
B49: hora contabilizada | C49: =C48*8/7 -> 0 | D49: =D43/220*2*1.2 -> 0 | E49: =C49*D49 -> 0 | G49: Excluir esta linha caso a contratação não tenha previsão de horas extras noturnas 100% explícita no edital
A50: Horas Extras (50%) | B50: hora | D50: =D43/220*1.5 -> 0 | E50: =C50*D50 -> 0 | G50: Excluir esta linha caso a contratação não tenha previsão de horas extras 50% explícita no edital
A51: Horas Extras Noturnas (50%) | B51: horas trabalhadas | G51: Excluir esta linha caso a contratação não tenha previsão de horas extras noturnas 50% explícita no edital
B52: hora contabilizada | C52: =C51*8/7 -> 0 | D52: =D43/220*1.5*1.2 -> 0 | E52: =C52*D52 -> 0 | G52: Excluir esta linha caso a contratação não tenha previsão de horas extras noturnas 50% explícita no edital
A53: Descanso Semanal Remunerado (DSR) - hora extra | B53: R$ | D53: =63/302*(SUM(E47:E52)) -> 0 | E53: =D53 -> 0 | G53: Excluir esta linha caso a contratação não tenha previsão de horas extras explícita no edital
A54: Base de cálculo da Insalubridade | C54: 0
A55: Adicional de Insalubridade | B55: % | C55: 0 | D55: =IF(C54=2,SUM(E43:E53),IF(C54=1,SUM(E43:E53)*D44/D43,0)) -> 0 | E55: =C55*D55/100 -> 0
A56: Soma | E56: =SUM(E43:E55) -> 0
A57: Encargos Sociais | B57: % | C57: ='24.Encargos Sociais'!$C$38*100 -> 0 | D57: =E56 -> 0 | E57: =D57*C57/100 -> 0
A58: Total por funcionário | E58: =E56+E57 -> 0
A59: Total do Efetivo | B59: homem | C59: 1 | D59: =E58 -> 0 | E59: =C59*D59 -> 0
D60: Fator de utilização | E60: =B37 -> 1 | F60: =E59*E60 -> 0
A62: 1.2. Vale Transporte
A63: Discriminação | B63: Unidade | C63: Quantidade | D63: Custo unitário | E63: Subtotal | F63: Total (R$)
A64: Vale Transporte | B64: R$ | C64: 1
A65: Dias Trabalhados por mês | B65: dia | C65: 21
A66: Coletor | B66: vale | C66: =$C$65*2*(#REF!) -> #REF! | D66: =IFERROR((($C$65*2*$D$64)-(#REF!*0.06*C65/26))/($C$65*2),"-") -> - | E66: =IFERROR(C66*D66,"-") -> -
A67: Operador | B67: vale | C67: =$C$65*2*(C59) -> 42 | E67: =C67*D64 -> 0
F68: =E67-(6%*E43) -> 0
A70: 1.3. Vale-refeição (mensal)
A71: Discriminação | B71: Unidade | C71: Quantidade | D71: Custo unitário | E71: Subtotal | F71: Total (R$)
A72: =+A66 -> Coletor | B72: unidade | D72: 0 | E72: =C72*D72 -> 0
A73: =+A67 -> Operador | B73: unidade | C73: 1 | E73: =C73*D73 -> 0
A74: Encarregado | B74: unidade | C74: 0 | D74: 13.55 | E74: =C74*D74 -> 0
F75: =SUM(E72:E74) -> 0
A77: 1.4. Plano de Benefício Social (Seguro de vida) e (Manutenção e Capacitação Profissional )
A78: Discriminação | B78: Unidade | C78: Quantidade | D78: Custo unitário | E78: Subtotal | F78: Total (R$)
A79: Seguro de vida em Grupo | B79: unidade | C79: 1 | E79: =C79*D79 -> 0
A80: Manutenção e Capacitação Profissional | B80: unidade | C80: 1 | E80: =C80*D80 -> 0
D81: Fator de util. | E81: 1 | F81: =SUM(E79:E80)*E81 -> 0
A83: Custo Mensal com Mão-de-obra (R$/mês) | F83: =F60+F68+F75+F81 -> 0
A85: 2. Uniformes e Equipamentos de Proteção Individual
A87: 2.1. Uniformes e EPIs
A89: Discriminação | B89: Unidade | C89: Durabilidade (meses) | D89: Custo unitário | E89: Subtotal | F89: Total (R$)
A90: Jaqueta com reflexivo (NBR 15.292) | B90: unidade | E90: =IFERROR(D90/C90,0) -> 0
A91: Calça | B91: unidade | E91: =IFERROR(D91/C91,0) -> 0
A92: Camiseta | B92: unidade | E92: =IFERROR(D92/C92,0) -> 0
A93: Boné | B93: unidade | E93: =IFERROR(D93/C93,0) -> 0
A94: Botina de segurança | B94: par | E94: =IFERROR(D94/C94,0) -> 0
A95: Meia de algodão | B95: par | E95: =IFERROR(D95/C95,0) -> 0
A96: Capa de chuva amarela com reflexivo | B96: unidade | E96: =IFERROR(D96/C96,0) -> 0
A97: Luva de proteção | B97: par | E97: =IFERROR(D97/C97,0) -> 0
A98: Mâscara facial | B98: Um | E98: =IFERROR(D98/C98,0) -> 0
A99: Protetor solar FPS 30 | B99: frasco 120g | E99: =IFERROR(D99/C99,0) -> 0
A100: Total do Efetivo | B100: homem | C100: =E28 -> 1 | D100: =+SUM(E90:E99) -> 0 | E100: =C100*D100 -> 0
D101: Fator de utilização | E101: =$B$37 -> 1 | F101: =E100*E101 -> 0
A104: Custo Mensal com Uniformes e EPIs (R$/mês) | F104: =+F101 -> 0
A106: 3. Veículos e Máquinas
A108: 3.1. Veículo/Máquina
A110: 3.1.1. Depreciação
A111: Discriminação | B111: Unidade | C111: Quantidade | D111: Custo unitário | E111: Subtotal | F111: Total (R$)
A112: Custo de aquisição do chassis | B112: unidade | C112: 1 | E112: =C112*D112 -> 0
A113: Vida útil do chassis | B113: anos
A114: Idade do veículo | B114: anos
A115: Depreciação do chassis | B115: % | C115: =IFERROR(VLOOKUP(C113,'28. Depreciação'!A3:B17,2,0),0) -> 0 | D115: =E112 -> 0 | E115: =C115*D115/100 -> 0
A116: Depreciação mensal veículos/máquinas | B116: mês | C116: =C113*12 -> 0 | D116: =IF(C114<=C113,E115,0) -> 0 | E116: =IFERROR(D116/C116,0) -> 0
A117: Custo de aquisição da Pá Carregadeira | B117: unidade | C117: =C112 -> 1 | D117: 0 | E117: =C117*D117 -> 0
A118: Vida útil do chassis | B118: anos | C118: 16
A119: Idade do chassis | B119: anos | C119: 16
A120: Depreciação do chassis | B120: % | C120: =IFERROR(VLOOKUP(C118,'28. Depreciação'!A3:B17,2,0),0) -> 0 | D120: =E117 -> 0 | E120: =C120*D120/100 -> 0
...

Sheet 3. Escavad 23
A1: Código 77001 – Serviços de Escavadeira Hidráulica 23 ton
A2: Planilha de Composição de Custos
A4: Orçamento Sintético
A5: Descrição do Item | E5: Custo (R$/mês) | F5: %
A6: =A39 -> 1. Mão-de-obra | E6: =+F83 -> 0 | F6: =IFERROR(E6/$E$23,0) -> 0
A7: =A41 -> 1.1. Operador de Máquinas | E7: =F60 -> 0 | F7: =IFERROR(E7/$E$23,0) -> 0
A8: =A62 -> 1.2. Vale Transporte | E8: =F68 -> 0 | F8: =IFERROR(E8/$E$23,0) -> 0
A9: =A70 -> 1.3. Vale-refeição (mensal) | E9: =F75 -> 0 | F9: =IFERROR(E9/$E$23,0) -> 0
A10: =A77 -> 1.4. Plano de Benefício Social (Seguro de vida) e (Manutenção e Capacitação Profissional ) | E10: =F81 -> 0 | F10: =IFERROR(E10/$E$23,0) -> 0
A11: =A85 -> 2. Uniformes e Equipamentos de Proteção Individual | E11: =+F104 -> 0 | F11: =IFERROR(E11/$E$23,0) -> 0
A12: =A106 -> 3. Veículos e Máquinas | E12: =+F174 -> 0 | F12: =IFERROR(E12/$E$23,0) -> 0
A13: =A108 -> 3.1. Veículo/Máquina | E13: =SUM(E14:E19) -> 0 | F13: =IFERROR(E13/$E$23,0) -> 0
A14: 3.1.1. Depreciação | E14: =F124 -> 0 | F14: =IFERROR(E14/$E$23,0) -> 0
A15: 3.1.2. Remuneração do Capital | E15: =F142 -> 0 | F15: =IFERROR(E15/$E$23,0) -> 0
A16: =A144 -> 3.1.3. Impostos e Seguros | E16: =F148 -> 0 | F16: =IFERROR(E16/$E$23,0) -> 0
A17: =A149 -> 3.1.4. Consumos óleo diesel | E17: =F158 -> 0 | F17: =IFERROR(E17/$E$23,0) -> 0
A18: =A160 -> 3.1.5. Manutenção/Consumos | E18: =F163 -> 0 | F18: =IFERROR(E18/$E$23,0) -> 0
A19: =A165 -> 3.1.6. Pneus | E19: =F172 -> 0 | F19: =IFERROR(E19/$E$23,0) -> 0
A20: =A176 -> 4. Ferramentas e materiais | E20: =+F187 -> 0 | F20: =IFERROR(E20/$E$23,0) -> 0
A21: =A189 -> 5. Monitoramento da frota | E21: =+F198 -> 0 | F21: =IFERROR(E21/$E$23,0) -> 0
A22: =A202 -> 4. Benefícios e Despesas Indiretas - BDI | E22: =+F208 -> 0 | F22: =IFERROR(E22/$E$23,0) -> 0
A23: PREÇO TOTAL MENSAL COM A COLETA | E23: =E6+E11+E12+E20+E21+E22 -> 0 | F23: =F6+F11+F12+F20+F21+F22 -> 0
A26: Quantitativos
A27: Mão-de-obra | E27: Quantidade
A28: =+A41 -> 1.1. Operador de Máquinas | E28: =C59 -> 1
A29: Operador de Escavadeira Hidráulica
A30: Sindicato de Pav de Obras Correção Salarial | E30: 0
A31: Total de mão-de-obra (postos de trabalho) | E31: =SUM(E28) -> 1
A33: Veículos e Equipamentos | E33: Quantidade
A34: =+A108 -> 3.1. Veículo/Máquina | E34: =C123 -> 1
A37: Fator de utilização (FU) | B37: ='27.Horários'!F17/'27.Horários'!F18 -> 1
A39: 1. Mão-de-obra
A41: 1.1. Operador de Máquinas
A42: Discriminação | B42: Unidade | C42: Quantidade | D42: Custo unitário | E42: Subtotal | F42: Total (R$)
A43: Piso da categoria (2) | B43: mês | C43: 1 | D43: =ROUND((E29*E30)+E29,2) -> 0 | E43: =C43*D43 -> 0
A44: Salário mínimo nacional (1) | B44: mês | C44: 1 | D44: 1100
A45: Adicional Noturno | B45: horas trabalhadas
B46: hora contabilizada | C46: =C45*8/7 -> 0 | D46: =D43/220*0.2 -> 0 | E46: =C45*D46 -> 0
A47: Horas Extras (100%) | B47: hora | D47: =D43/220*2 -> 0 | E47: =C47*D47 -> 0 | G47: Excluir esta linha caso a contratação não tenha previsão de horas extras 100% explícita no edital
A48: Horas Extras Noturnas (100%) | B48: horas trabalhadas | G48: Excluir esta linha caso a contratação não tenha previsão de horas extras noturnas 100% explícita no edital
B49: hora contabilizada | C49: =C48*8/7 -> 0 | D49: =D43/220*2*1.2 -> 0 | E49: =C49*D49 -> 0 | G49: Excluir esta linha caso a contratação não tenha previsão de horas extras noturnas 100% explícita no edital
A50: Horas Extras (50%) | B50: hora | D50: =D43/220*1.5 -> 0 | E50: =C50*D50 -> 0 | G50: Excluir esta linha caso a contratação não tenha previsão de horas extras 50% explícita no edital
A51: Horas Extras Noturnas (50%) | B51: horas trabalhadas | G51: Excluir esta linha caso a contratação não tenha previsão de horas extras noturnas 50% explícita no edital
B52: hora contabilizada | C52: =C51*8/7 -> 0 | D52: =D43/220*1.5*1.2 -> 0 | E52: =C52*D52 -> 0 | G52: Excluir esta linha caso a contratação não tenha previsão de horas extras noturnas 50% explícita no edital
A53: Descanso Semanal Remunerado (DSR) - hora extra | B53: R$ | D53: =63/302*(SUM(E47:E52)) -> 0 | E53: =D53 -> 0 | G53: Excluir esta linha caso a contratação não tenha previsão de horas extras explícita no edital
A54: Base de cálculo da Insalubridade | C54: 0
A55: Adicional de Insalubridade | B55: % | C55: 0 | D55: =IF(C54=2,SUM(E43:E53),IF(C54=1,SUM(E43:E53)*D44/D43,0)) -> 0 | E55: =C55*D55/100 -> 0
A56: Soma | E56: =SUM(E43:E55) -> 0
A57: Encargos Sociais | B57: % | C57: ='24.Encargos Sociais'!$C$38*100 -> 0 | D57: =E56 -> 0 | E57: =D57*C57/100 -> 0
A58: Total por funcionário | E58: =E56+E57 -> 0
A59: Total do Efetivo | B59: homem | C59: 1 | D59: =E58 -> 0 | E59: =C59*D59 -> 0
D60: Fator de utilização | E60: =B37 -> 1 | F60: =E59*E60 -> 0
A62: 1.2. Vale Transporte
A63: Discriminação | B63: Unidade | C63: Quantidade | D63: Custo unitário | E63: Subtotal | F63: Total (R$)
A64: Vale Transporte | B64: R$ | C64: 1
A65: Dias Trabalhados por mês | B65: dia | C65: 21
A66: Coletor | B66: vale | C66: =$C$65*2*(#REF!) -> #REF! | D66: =IFERROR((($C$65*2*$D$64)-(#REF!*0.06*C65/26))/($C$65*2),"-") -> - | E66: =IFERROR(C66*D66,"-") -> -
A67: Operador | B67: vale | C67: =$C$65*2*(C59) -> 42 | E67: =C67*D64 -> 0
F68: =E67-(6%*E43) -> 0
A70: 1.3. Vale-refeição (mensal)
A71: Discriminação | B71: Unidade | C71: Quantidade | D71: Custo unitário | E71: Subtotal | F71: Total (R$)
A72: =+A66 -> Coletor | B72: unidade | D72: 0 | E72: =C72*D72 -> 0
A73: =+A67 -> Operador | B73: unidade | C73: 1 | E73: =C73*D73 -> 0
A74: Encarregado | B74: unidade | C74: 0 | D74: 13.55 | E74: =C74*D74 -> 0
F75: =SUM(E72:E74) -> 0
A77: 1.4. Plano de Benefício Social (Seguro de vida) e (Manutenção e Capacitação Profissional )
A78: Discriminação | B78: Unidade | C78: Quantidade | D78: Custo unitário | E78: Subtotal | F78: Total (R$)
A79: Seguro de vida em Grupo | B79: unidade | C79: 1 | E79: =C79*D79 -> 0
A80: Manutenção e Capacitação Profissional | B80: unidade | C80: 1 | E80: =C80*D80 -> 0
D81: Fator de util. | E81: 1 | F81: =SUM(E79:E80)*E81 -> 0
A83: Custo Mensal com Mão-de-obra (R$/mês) | F83: =F60+F68+F75+F81 -> 0
A85: 2. Uniformes e Equipamentos de Proteção Individual
A87: 2.1. Uniformes e EPIs
A89: Discriminação | B89: Unidade | C89: Durabilidade (meses) | D89: Custo unitário | E89: Subtotal | F89: Total (R$)
A90: Jaqueta com reflexivo (NBR 15.292) | B90: unidade | E90: =IFERROR(D90/C90,0) -> 0
A91: Calça | B91: unidade | E91: =IFERROR(D91/C91,0) -> 0
A92: Camiseta | B92: unidade | E92: =IFERROR(D92/C92,0) -> 0
A93: Boné | B93: unidade | E93: =IFERROR(D93/C93,0) -> 0
A94: Botina de segurança | B94: par | E94: =IFERROR(D94/C94,0) -> 0
A95: Meia de algodão | B95: par | E95: =IFERROR(D95/C95,0) -> 0
A96: Capa de chuva amarela com reflexivo | B96: unidade | E96: =IFERROR(D96/C96,0) -> 0
A97: Luva de proteção | B97: par | E97: =IFERROR(D97/C97,0) -> 0
A98: Mâscara facial | B98: Um | E98: =IFERROR(D98/C98,0) -> 0
A99: Protetor solar FPS 30 | B99: frasco 120g | E99: =IFERROR(D99/C99,0) -> 0
A100: Total do Efetivo | B100: homem | C100: =E28 -> 1 | D100: =+SUM(E90:E99) -> 0 | E100: =C100*D100 -> 0
D101: Fator de utilização | E101: =$B$37 -> 1 | F101: =E100*E101 -> 0
A104: Custo Mensal com Uniformes e EPIs (R$/mês) | F104: =+F101 -> 0
A106: 3. Veículos e Máquinas
A108: 3.1. Veículo/Máquina
A110: 3.1.1. Depreciação
A111: Discriminação | B111: Unidade | C111: Quantidade | D111: Custo unitário | E111: Subtotal | F111: Total (R$)
A112: Custo de aquisição do chassis | B112: unidade | C112: 1 | E112: =C112*D112 -> 0
A113: Vida útil do chassis | B113: anos
A114: Idade do veículo | B114: anos
A115: Depreciação do chassis | B115: % | C115: =IFERROR(VLOOKUP(C113,'28. Depreciação'!A3:B17,2,0),0) -> 0 | D115: =E112 -> 0 | E115: =C115*D115/100 -> 0
A116: Depreciação mensal veículos/máquinas | B116: mês | C116: =C113*12 -> 0 | D116: =IF(C114<=C113,E115,0) -> 0 | E116: =IFERROR(D116/C116,0) -> 0
A117: Custo de aquisição da Pá Carregadeira | B117: unidade | C117: =C112 -> 1 | D117: 0 | E117: =C117*D117 -> 0
A118: Vida útil do chassis | B118: anos | C118: 16
A119: Idade do chassis | B119: anos | C119: 16
A120: Depreciação do chassis | B120: % | C120: =IFERROR(VLOOKUP(C118,'28. Depreciação'!A3:B17,2,0),0) -> 0 | D120: =E117 -> 0 | E120: =C120*D120/100 -> 0
...

Sheet 4. Caminhão Truck 6x2
A1: Orientações para preenchimento:
A2: 1. Esta planilha é somente um modelo-base, devendo ser adaptada para cada caso concreto.
A3: Qualquer custo previsto no edital e não contemplado nesta planilha deverá ser devidamente incluído.
A4: 2. Antes de preenchê-la, leia com atenção.
A5: 3. Preencher somente células em amarelo
A6: 4. As células azuis deverão ter seus valores preenchidos em outra planilha do arquivo.
A8: O TCE/RS não se responsabiliza pelo uso incorreto desta planilha.
A9: O orçamento deve ser realizado por responsável técnico habilitado e é de responsabilidade do seu autor.
A11: Código 76997 – Serviços de Caminhão Caçamba-Truck 12 m³ – 6x2
A12: Planilha de Composição de Custos
A14: Orçamento Sintético
A15: Descrição do Item | E15: Custo (R$/mês) | F15: %
A16: =A49 -> 1. Mão-de-obra | E16: =+F93 -> 0 | F16: =IFERROR(E16/$E$33,0) -> 0
A17: =A51 -> 1.1. Motorista | E17: =F70 -> 0 | F17: =IFERROR(E17/$E$33,0) -> 0
A18: =A72 -> 1.2. Vale Transporte | E18: =F78 -> 0 | F18: =IFERROR(E18/$E$33,0) -> 0
A19: =A80 -> 1.3. Vale-refeição (mensal) | E19: =F85 -> 0 | F19: =IFERROR(E19/$E$33,0) -> 0
A20: =A87 -> 1.4. Plano de Benefício Social (Seguro de vida) e (Manutenção e Capacitação Profissional ) | E20: =F91 -> 0 | F20: =IFERROR(E20/$E$33,0) -> 0
A21: =A95 -> 2. Uniformes e Equipamentos de Proteção Individual | E21: =+F114 -> 0 | F21: =IFERROR(E21/$E$33,0) -> 0
A22: =A116 -> 3. Veículos e Máquinas | E22: =+F189 -> 0 | F22: =IFERROR(E22/$E$33,0) -> 0
A23: =A118 -> 3.1. Veículo/Máquina | E23: =SUM(E24:E29) -> 0 | F23: =IFERROR(E23/$E$33,0) -> 0
A24: 3.1.1. Depreciação | E24: =F134 -> 0 | F24: =IFERROR(E24/$E$33,0) -> 0
A25: 3.1.2. Remuneração do Capital | E25: =F152 -> 0 | F25: =IFERROR(E25/$E$33,0) -> 0
A26: =A154 -> 3.1.3. Impostos e Seguros | E26: =F162 -> 0 | F26: =IFERROR(E26/$E$33,0) -> 0
A27: =A164 -> 3.1.4. Consumos de óleo diesel | E27: =F173 -> 0 | F27: =IFERROR(E27/$E$33,0) -> 0
A28: =A175 -> 3.1.5. Manutenção/Consumos | E28: =F178 -> 0 | F28: =IFERROR(E28/$E$33,0) -> 0
A29: =A180 -> 3.1.6. Pneus | E29: =F187 -> 0 | F29: =IFERROR(E29/$E$33,0) -> 0
A30: =A191 -> 4. Ferramentas e materiais | E30: =+F202 -> 0 | F30: =IFERROR(E30/$E$33,0) -> 0
A31: =A204 -> 5. Monitoramento da frota | E31: =+F213 -> 0 | F31: =IFERROR(E31/$E$33,0) -> 0
A32: =A217 -> 4. Benefícios e Despesas Indiretas - BDI | E32: =+F223 -> 0 | F32: =IFERROR(E32/$E$33,0) -> 0
A33: PREÇO TOTAL MENSAL COM A COLETA | E33: =E16+E21+E22+E30+E31+E32 -> 0 | F33: =F16+F21+F22+F30+F31+F32 -> 0
A36: Quantitativos
A37: Mão-de-obra | E37: Quantidade
A38: =+A51 -> 1.1. Motorista | E38: =C69 -> 1
A39: Motorista
A40: Sindicato de Pav de Obras Correção Salarial | E40: 0
A41: Total de mão-de-obra (postos de trabalho) | E41: =SUM(E38) -> 1
A43: Veículos e Equipamentos | E43: Quantidade
A44: =+A118 -> 3.1. Veículo/Máquina | E44: =C133 -> 1
A47: Fator de utilização (FU) | B47: ='27.Horários'!F17/'27.Horários'!F18 -> 1
A49: 1. Mão-de-obra
A51: 1.1. Motorista
A52: Discriminação | B52: Unidade | C52: Quantidade | D52: Custo unitário | E52: Subtotal | F52: Total (R$)
A53: Piso da categoria (2) | B53: mês | C53: 1 | D53: =ROUND((E39*E40)+E39,2) -> 0 | E53: =C53*D53 -> 0
A54: Salário mínimo nacional (1) | B54: mês | C54: 1 | D54: 1100
A55: Adicional Noturno | B55: horas trabalhadas
B56: hora contabilizada | C56: =C55*8/7 -> 0 | D56: =D53/220*0.2 -> 0 | E56: =C55*D56 -> 0
A57: Horas Extras (100%) | B57: hora | D57: =D53/220*2 -> 0 | E57: =C57*D57 -> 0 | G57: Excluir esta linha caso a contratação não tenha previsão de horas extras 100% explícita no edital
A58: Horas Extras Noturnas (100%) | B58: horas trabalhadas | G58: Excluir esta linha caso a contratação não tenha previsão de horas extras noturnas 100% explícita no edital
B59: hora contabilizada | C59: =C58*8/7 -> 0 | D59: =D53/220*2*1.2 -> 0 | E59: =C59*D59 -> 0 | G59: Excluir esta linha caso a contratação não tenha previsão de horas extras noturnas 100% explícita no edital
A60: Horas Extras (50%) | B60: hora | D60: =D53/220*1.5 -> 0 | E60: =C60*D60 -> 0 | G60: Excluir esta linha caso a contratação não tenha previsão de horas extras 50% explícita no edital
A61: Horas Extras Noturnas (50%) | B61: horas trabalhadas | G61: Excluir esta linha caso a contratação não tenha previsão de horas extras noturnas 50% explícita no edital
B62: hora contabilizada | C62: =C61*8/7 -> 0 | D62: =D53/220*1.5*1.2 -> 0 | E62: =C62*D62 -> 0 | G62: Excluir esta linha caso a contratação não tenha previsão de horas extras noturnas 50% explícita no edital
A63: Descanso Semanal Remunerado (DSR) - hora extra | B63: R$ | D63: =63/302*(SUM(E57:E62)) -> 0 | E63: =D63 -> 0 | G63: Excluir esta linha caso a contratação não tenha previsão de horas extras explícita no edital
A64: Base de cálculo da Insalubridade | C64: 0
A65: Adicional de Insalubridade | B65: % | C65: 0 | D65: =IF(C64=2,SUM(E53:E63),IF(C64=1,SUM(E53:E63)*D54/D53,0)) -> 0 | E65: =C65*D65/100 -> 0
A66: Soma | E66: =SUM(E53:E65) -> 0
A67: Encargos Sociais | B67: % | C67: ='24.Encargos Sociais'!$C$38*100 -> 0 | D67: =E66 -> 0 | E67: =D67*C67/100 -> 0
A68: Total por funcionário | E68: =E66+E67 -> 0
A69: Total do Efetivo | B69: homem | C69: 1 | D69: =E68 -> 0 | E69: =C69*D69 -> 0
A70: Obs: Sindicato de Pav de Obras RS (R$1.381,33 + 6,76% IPCA ACUM 12 meses) | D70: Fator de utilização | E70: =B47 -> 1 | F70: =E69*E70 -> 0
A72: 1.2. Vale Transporte
A73: Discriminação | B73: Unidade | C73: Quantidade | D73: Custo unitário | E73: Subtotal | F73: Total (R$)
A74: Vale Transporte | B74: R$ | C74: 1
A75: Dias Trabalhados por mês | B75: dia | C75: 21
A76: Coletor | B76: vale | C76: =$C$75*2*(#REF!) -> #REF! | D76: =IFERROR((($C$75*2*$D$74)-(#REF!*0.06*C75/26))/($C$75*2),"-") -> - | E76: =IFERROR(C76*D76,"-") -> -
A77: Motorista | B77: vale | C77: =$C$75*2*(C69) -> 42 | E77: =D74*C77 -> 0
F78: =E77-(6%*E66) -> 0
A80: 1.3. Vale-refeição (mensal)
A81: Discriminação | B81: Unidade | C81: Quantidade | D81: Custo unitário | E81: Subtotal | F81: Total (R$)
A82: =+A76 -> Coletor | B82: unidade | D82: 0 | E82: =C82*D82 -> 0
A83: =+A77 -> Motorista | B83: unidade | C83: 1 | E83: =C83*D83 -> 0
A84: Encarregado | B84: unidade | C84: 0 | D84: 13.55 | E84: =C84*D84 -> 0
F85: =SUM(E82:E84) -> 0
A87: 1.4. Plano de Benefício Social (Seguro de vida) e (Manutenção e Capacitação Profissional )
A88: Discriminação | B88: Unidade | C88: Quantidade | D88: Custo unitário | E88: Subtotal | F88: Total (R$)
A89: Seguro de vida em Grupo | B89: unidade | C89: 1 | E89: =C89*D89 -> 0
A90: Manutenção e Capacitação Profissional | B90: unidade | C90: 1 | E90: =C90*D90 -> 0
D91: Fator de util. | E91: 1 | F91: =SUM(E89:E90)*E91 -> 0
A93: Custo Mensal com Mão-de-obra (R$/mês) | F93: =F70+F78+F85+F91 -> 0
A95: 2. Uniformes e Equipamentos de Proteção Individual
A97: 2.1. Uniformes e EPIs
A99: Discriminação | B99: Unidade | C99: Durabilidade (meses) | D99: Custo unitário | E99: Subtotal | F99: Total (R$)
A100: Jaqueta com reflexivo (NBR 15.292) | B100: unidade | E100: =IFERROR(D100/C100,0) -> 0
A101: Calça | B101: unidade | E101: =IFERROR(D101/C101,0) -> 0
A102: Camiseta | B102: unidade | E102: =IFERROR(D102/C102,0) -> 0
A103: Boné | B103: unidade | E103: =IFERROR(D103/C103,0) -> 0
A104: Botina de segurança | B104: par | E104: =IFERROR(D104/C104,0) -> 0
A105: Meia de algodão | B105: par | E105: =IFERROR(D105/C105,0) -> 0
A106: Capa de chuva amarela com reflexivo | B106: unidade | E106: =IFERROR(D106/C106,0) -> 0
A107: Luva de proteção | B107: par | E107: =IFERROR(D107/C107,0) -> 0
A108: Mâscara facial | B108: Um | E108: =IFERROR(D108/C108,0) -> 0
A109: Protetor solar FPS 30 | B109: frasco 120g | E109: =IFERROR(D109/C109,0) -> 0
A110: Total do Efetivo | B110: homem | C110: =E38 -> 1 | D110: =+SUM(E100:E109) -> 0 | E110: =C110*D110 -> 0
D111: Fator de utilização | E111: =$B$47 -> 1 | F111: =E110*E111 -> 0
A114: Custo Mensal com Uniformes e EPIs (R$/mês) | F114: =+F111 -> 0
A116: 3. Veículos e Máquinas
A118: 3.1. Veículo/Máquina
A120: 3.1.1. Depreciação
A121: Discriminação | B121: Unidade | C121: Quantidade | D121: Custo unitário | E121: Subtotal | F121: Total (R$)
A122: Custo de aquisição do chassis | B122: unidade | C122: 1 | E122: =C122*D122 -> 0
...

Sheet 5. Caminhão Traçado 6x4
A1: Orientações para preenchimento:
A2: 1. Esta planilha é somente um modelo-base, devendo ser adaptada para cada caso concreto.
A3: Qualquer custo previsto no edital e não contemplado nesta planilha deverá ser devidamente incluído.
A4: 2. Antes de preenchê-la, leia com atenção.
A5: 3. Preencher somente células em amarelo
A6: 4. As células azuis deverão ter seus valores preenchidos em outra planilha do arquivo.
A8: O TCE/RS não se responsabiliza pelo uso incorreto desta planilha.
A9: O orçamento deve ser realizado por responsável técnico habilitado e é de responsabilidade do seu autor.
A11: Código 76998 – Serviços de Caminhão Caçamba-Traçado 14 m³ – 6x4
A12: Planilha de Composição de Custos
A14: Orçamento Sintético
A15: Descrição do Item | E15: Custo (R$/mês) | F15: %
A16: =A49 -> 1. Mão-de-obra | E16: =+F93 -> 0 | F16: =IFERROR(E16/$E$33,0) -> 0
A17: =A51 -> 1.1. Motorista | E17: =F70 -> 0 | F17: =IFERROR(E17/$E$33,0) -> 0
A18: =A72 -> 1.2. Vale Transporte | E18: =F78 -> 0 | F18: =IFERROR(E18/$E$33,0) -> 0
A19: =A80 -> 1.3. Vale-refeição (mensal) | E19: =F85 -> 0 | F19: =IFERROR(E19/$E$33,0) -> 0
A20: =A87 -> 1.4. Plano de Benefício Social (Seguro de vida) e (Manutenção e Capacitação Profissional ) | E20: =F91 -> 0 | F20: =IFERROR(E20/$E$33,0) -> 0
A21: =A95 -> 2. Uniformes e Equipamentos de Proteção Individual | E21: =+F114 -> 0 | F21: =IFERROR(E21/$E$33,0) -> 0
A22: =A116 -> 3. Veículos e Máquinas | E22: =+F187 -> 0 | F22: =IFERROR(E22/$E$33,0) -> 0
A23: =A118 -> 3.1. Veículo/Máquina | E23: =SUM(E24:E29) -> 0 | F23: =IFERROR(E23/$E$33,0) -> 0
A24: 3.1.1. Depreciação | E24: =F134 -> 0 | F24: =IFERROR(E24/$E$33,0) -> 0
A25: 3.1.2. Remuneração do Capital | E25: =F152 -> 0 | F25: =IFERROR(E25/$E$33,0) -> 0
A26: =A154 -> 3.1.3. Impostos e Seguros | E26: =F160 -> 0 | F26: =IFERROR(E26/$E$33,0) -> 0
A27: =A162 -> 3.1.4. Consumos de óleo diesel | E27: =F171 -> 0 | F27: =IFERROR(E27/$E$33,0) -> 0
A28: =A173 -> 3.1.5. Manutenção/Consumos | E28: =F176 -> 0 | F28: =IFERROR(E28/$E$33,0) -> 0
A29: =A178 -> 3.1.6. Pneus | E29: =F185 -> 0 | F29: =IFERROR(E29/$E$33,0) -> 0
A30: =A189 -> 4. Ferramentas e materiais | E30: =+F200 -> 0 | F30: =IFERROR(E30/$E$33,0) -> 0
A31: =A202 -> 5. Monitoramento da frota | E31: =+F211 -> 0 | F31: =IFERROR(E31/$E$33,0) -> 0
A32: =A215 -> 4. Benefícios e Despesas Indiretas - BDI | E32: =+F221 -> 0 | F32: =IFERROR(E32/$E$33,0) -> 0
A33: PREÇO TOTAL MENSAL COM A COLETA | E33: =E16+E21+E22+E30+E31+E32 -> 0 | F33: =F16+F21+F22+F30+F31+F32 -> 0
A36: Quantitativos
A37: Mão-de-obra | E37: Quantidade
A38: =+A51 -> 1.1. Motorista | E38: =C69 -> 1
A39: Operador de Escavadeira Hidráulica
A40: Sindicato de Pav de Obras Correção Salarial | E40: 0
A41: Total de mão-de-obra (postos de trabalho) | E41: =SUM(E38) -> 1
A43: Veículos e Equipamentos | E43: Quantidade
A44: =+A118 -> 3.1. Veículo/Máquina | E44: =C133 -> 1
A47: Fator de utilização (FU) | B47: ='27.Horários'!F17/'27.Horários'!F18 -> 1
A49: 1. Mão-de-obra
A51: 1.1. Motorista
A52: Discriminação | B52: Unidade | C52: Quantidade | D52: Custo unitário | E52: Subtotal | F52: Total (R$)
A53: Piso da categoria (2) | B53: mês | C53: 1 | D53: =ROUND((E39*E40)+E39,2) -> 0 | E53: =C53*D53 -> 0
A54: Salário mínimo nacional (1) | B54: mês | C54: 1 | D54: 1100
A55: Adicional Noturno | B55: horas trabalhadas
B56: hora contabilizada | C56: =C55*8/7 -> 0 | D56: =D53/220*0.2 -> 0 | E56: =C55*D56 -> 0
A57: Horas Extras (100%) | B57: hora | D57: =D53/220*2 -> 0 | E57: =C57*D57 -> 0 | G57: Excluir esta linha caso a contratação não tenha previsão de horas extras 100% explícita no edital
A58: Horas Extras Noturnas (100%) | B58: horas trabalhadas | G58: Excluir esta linha caso a contratação não tenha previsão de horas extras noturnas 100% explícita no edital
B59: hora contabilizada | C59: =C58*8/7 -> 0 | D59: =D53/220*2*1.2 -> 0 | E59: =C59*D59 -> 0 | G59: Excluir esta linha caso a contratação não tenha previsão de horas extras noturnas 100% explícita no edital
A60: Horas Extras (50%) | B60: hora | D60: =D53/220*1.5 -> 0 | E60: =C60*D60 -> 0 | G60: Excluir esta linha caso a contratação não tenha previsão de horas extras 50% explícita no edital
A61: Horas Extras Noturnas (50%) | B61: horas trabalhadas | G61: Excluir esta linha caso a contratação não tenha previsão de horas extras noturnas 50% explícita no edital
B62: hora contabilizada | C62: =C61*8/7 -> 0 | D62: =D53/220*1.5*1.2 -> 0 | E62: =C62*D62 -> 0 | G62: Excluir esta linha caso a contratação não tenha previsão de horas extras noturnas 50% explícita no edital
A63: Descanso Semanal Remunerado (DSR) - hora extra | B63: R$ | D63: =63/302*(SUM(E57:E62)) -> 0 | E63: =D63 -> 0 | G63: Excluir esta linha caso a contratação não tenha previsão de horas extras explícita no edital
A64: Base de cálculo da Insalubridade | C64: 0
A65: Adicional de Insalubridade | B65: % | C65: 0 | D65: =IF(C64=2,SUM(E53:E63),IF(C64=1,SUM(E53:E63)*D54/D53,0)) -> 0 | E65: =C65*D65/100 -> 0
A66: Soma | E66: =SUM(E53:E65) -> 0
A67: Encargos Sociais | B67: % | C67: ='24.Encargos Sociais'!$C$38*100 -> 0 | D67: =E66 -> 0 | E67: =D67*C67/100 -> 0
A68: Total por funcionário | E68: =E66+E67 -> 0
A69: Total do Efetivo | B69: homem | C69: 1 | D69: =E68 -> 0 | E69: =C69*D69 -> 0
A70: Obs: Sindicato de Pav de Obras RS (R$1.381,33 + 6,76% IPCA ACUM 12 meses) | D70: Fator de utilização | E70: =B47 -> 1 | F70: =E69*E70 -> 0
A72: 1.2. Vale Transporte
A73: Discriminação | B73: Unidade | C73: Quantidade | D73: Custo unitário | E73: Subtotal | F73: Total (R$)
A74: Vale Transporte | B74: R$ | C74: 1
A75: Dias Trabalhados por mês | B75: dia | C75: 21
A76: Coletor | B76: vale | C76: =$C$75*2*(#REF!) -> #REF! | D76: =IFERROR((($C$75*2*$D$74)-(#REF!*0.06*C75/26))/($C$75*2),"-") -> - | E76: =IFERROR(C76*D76,"-") -> -
A77: Motorista | B77: vale | C77: =$C$75*2*(C69) -> 42 | E77: =D74*C77 -> 0
F78: =E77-(6%*E66) -> 0
A80: 1.3. Vale-refeição (mensal)
A81: Discriminação | B81: Unidade | C81: Quantidade | D81: Custo unitário | E81: Subtotal | F81: Total (R$)
A82: =+A76 -> Coletor | B82: unidade | D82: 0 | E82: =C82*D82 -> 0
A83: =+A77 -> Motorista | B83: unidade | C83: 1 | E83: =C83*D83 -> 0
A84: Encarregado | B84: unidade | C84: 0 | D84: 13.55 | E84: =C84*D84 -> 0
F85: =SUM(E82:E84) -> 0
A87: 1.4. Plano de Benefício Social (Seguro de vida) e (Manutenção e Capacitação Profissional )
A88: Discriminação | B88: Unidade | C88: Quantidade | D88: Custo unitário | E88: Subtotal | F88: Total (R$)
A89: Seguro de vida em Grupo | B89: unidade | C89: 1 | E89: =C89*D89 -> 0
A90: Manutenção e Capacitação Profissional | B90: unidade | C90: 1 | E90: =C90*D90 -> 0
D91: Fator de util. | E91: 1 | F91: =SUM(E89:E90)*E91 -> 0
A93: Custo Mensal com Mão-de-obra (R$/mês) | F93: =F70+F78+F85+F91 -> 0
A95: 2. Uniformes e Equipamentos de Proteção Individual
A97: 2.1. Uniformes e EPIs
A99: Discriminação | B99: Unidade | C99: Durabilidade (meses) | D99: Custo unitário | E99: Subtotal | F99: Total (R$)
A100: Jaqueta com reflexivo (NBR 15.292) | B100: unidade | E100: =IFERROR(D100/C100,0) -> 0
A101: Calça | B101: unidade | E101: =IFERROR(D101/C101,0) -> 0
A102: Camiseta | B102: unidade | E102: =IFERROR(D102/C102,0) -> 0
A103: Boné | B103: unidade | E103: =IFERROR(D103/C103,0) -> 0
A104: Botina de segurança | B104: par | E104: =IFERROR(D104/C104,0) -> 0
A105: Meia de algodão | B105: par | E105: =IFERROR(D105/C105,0) -> 0
A106: Capa de chuva amarela com reflexivo | B106: unidade | E106: =IFERROR(D106/C106,0) -> 0
A107: Luva de proteção | B107: par | E107: =IFERROR(D107/C107,0) -> 0
A108: Mâscara facial | B108: Um | E108: =IFERROR(D108/C108,0) -> 0
A109: Protetor solar FPS 30 | B109: frasco 120g | E109: =IFERROR(D109/C109,0) -> 0
A110: Total do Efetivo | B110: homem | C110: =E38 -> 1 | D110: =+SUM(E100:E109) -> 0 | E110: =C110*D110 -> 0
D111: Fator de utilização | E111: =$B$47 -> 1 | F111: =E110*E111 -> 0
A114: Custo Mensal com Uniformes e EPIs (R$/mês) | F114: =+F111 -> 0
A116: 3. Veículos e Máquinas
A118: 3.1. Veículo/Máquina
A120: 3.1.1. Depreciação
A121: Discriminação | B121: Unidade | C121: Quantidade | D121: Custo unitário | E121: Subtotal | F121: Total (R$)
A122: Custo de aquisição do chassis | B122: unidade | C122: 1 | E122: =C122*D122 -> 0
...

Sheet 6. Guincho com Plataforma Desl
A1: Orientações para preenchimento:
A2: 1. Esta planilha é somente um modelo-base, devendo ser adaptada para cada caso concreto.
A3: Qualquer custo previsto no edital e não contemplado nesta planilha deverá ser devidamente incluído.
A4: 2. Antes de preenchê-la, leia com atenção.
A5: 3. Preencher somente células em amarelo
A6: 4. As células azuis deverão ter seus valores preenchidos em outra planilha do arquivo.
A8: O TCE/RS não se responsabiliza pelo uso incorreto desta planilha.
A9: O orçamento deve ser realizado por responsável técnico habilitado e é de responsabilidade do seu autor.
A11: Código 75644 – Serviços de Caminhão Guincho com Plataforma Deslizante 19 ton
A12: Planilha de Composição de Custos
A14: Orçamento Sintético
A15: Descrição do Item | E15: Custo (R$/mês) | F15: %
A16: =A49 -> 1. Mão-de-obra | E16: =+F93 -> 0 | F16: =IFERROR(E16/$E$33,0) -> 0
A17: =A51 -> 1.1. Motorista | E17: =F70 -> 0 | F17: =IFERROR(E17/$E$33,0) -> 0
A18: =A72 -> 1.2. Vale Transporte | E18: =F78 -> 0 | F18: =IFERROR(E18/$E$33,0) -> 0
A19: =A80 -> 1.3. Vale-refeição (mensal) | E19: =F85 -> 0 | F19: =IFERROR(E19/$E$33,0) -> 0
A20: =A87 -> 1.4. Plano de Benefício Social (Seguro de vida) e (Manutenção e Capacitação Profissional ) | E20: =F91 -> 0 | F20: =IFERROR(E20/$E$33,0) -> 0
A21: =A95 -> 2. Uniformes e Equipamentos de Proteção Individual | E21: =+F114 -> 0 | F21: =IFERROR(E21/$E$33,0) -> 0
A22: =A116 -> 3. Veículos e Máquinas | E22: =+F187 -> 0 | F22: =IFERROR(E22/$E$33,0) -> 0
A23: =A118 -> 3.1. Veículo/Máquina | E23: =SUM(E24:E29) -> 0 | F23: =IFERROR(E23/$E$33,0) -> 0
A24: 3.1.1. Depreciação | E24: =F134 -> 0 | F24: =IFERROR(E24/$E$33,0) -> 0
A25: 3.1.2. Remuneração do Capital | E25: =F152 -> 0 | F25: =IFERROR(E25/$E$33,0) -> 0
A26: =A154 -> 3.1.3. Impostos e Seguros | E26: =F160 -> 0 | F26: =IFERROR(E26/$E$33,0) -> 0
A27: =A162 -> 3.1.4. Consumos de óleo diesel | E27: =F171 -> 0 | F27: =IFERROR(E27/$E$33,0) -> 0
A28: =A173 -> 3.1.5. Manutenção/Consumos | E28: =F176 -> 0 | F28: =IFERROR(E28/$E$33,0) -> 0
A29: =A178 -> 3.1.6. Pneus | E29: =F185 -> 0 | F29: =IFERROR(E29/$E$33,0) -> 0
A30: =A189 -> 4. Ferramentas e materiais | E30: =+F200 -> 0 | F30: =IFERROR(E30/$E$33,0) -> 0
A31: =A202 -> 5. Monitoramento da frota | E31: =+F211 -> 0 | F31: =IFERROR(E31/$E$33,0) -> 0
A32: =A215 -> 4. Benefícios e Despesas Indiretas - BDI | E32: =+F221 -> 0 | F32: =IFERROR(E32/$E$33,0) -> 0
A33: PREÇO TOTAL MENSAL COM A COLETA | E33: =E16+E21+E22+E30+E31+E32 -> 0 | F33: =F16+F21+F22+F30+F31+F32 -> 0
A36: Quantitativos
A37: Mão-de-obra | E37: Quantidade
A38: =+A51 -> 1.1. Motorista | E38: =C69 -> 1
A39: Motorista
A40: Sindicato de Pav de Obras Correção Salarial | E40: 0
A41: Total de mão-de-obra (postos de trabalho) | E41: =SUM(E38) -> 1
A43: Veículos e Equipamentos | E43: Quantidade
A44: =+A118 -> 3.1. Veículo/Máquina | E44: =C133 -> 1
A47: Fator de utilização (FU) | B47: ='27.Horários'!F17/'27.Horários'!F18 -> 1
A49: 1. Mão-de-obra
A51: 1.1. Motorista
A52: Discriminação | B52: Unidade | C52: Quantidade | D52: Custo unitário | E52: Subtotal | F52: Total (R$)
A53: Piso da categoria (2) | B53: mês | C53: 1 | D53: =ROUND((E39*E40)+E39,2) -> 0 | E53: =C53*D53 -> 0
A54: Salário mínimo nacional (1) | B54: mês | C54: 1 | D54: 1100
A55: Adicional Noturno | B55: horas trabalhadas
B56: hora contabilizada | C56: =C55*8/7 -> 0 | D56: =D53/220*0.2 -> 0 | E56: =C55*D56 -> 0
A57: Horas Extras (100%) | B57: hora | D57: =D53/220*2 -> 0 | E57: =C57*D57 -> 0 | G57: Excluir esta linha caso a contratação não tenha previsão de horas extras 100% explícita no edital
A58: Horas Extras Noturnas (100%) | B58: horas trabalhadas | G58: Excluir esta linha caso a contratação não tenha previsão de horas extras noturnas 100% explícita no edital
B59: hora contabilizada | C59: =C58*8/7 -> 0 | D59: =D53/220*2*1.2 -> 0 | E59: =C59*D59 -> 0 | G59: Excluir esta linha caso a contratação não tenha previsão de horas extras noturnas 100% explícita no edital
A60: Horas Extras (50%) | B60: hora | D60: =D53/220*1.5 -> 0 | E60: =C60*D60 -> 0 | G60: Excluir esta linha caso a contratação não tenha previsão de horas extras 50% explícita no edital
A61: Horas Extras Noturnas (50%) | B61: horas trabalhadas | G61: Excluir esta linha caso a contratação não tenha previsão de horas extras noturnas 50% explícita no edital
B62: hora contabilizada | C62: =C61*8/7 -> 0 | D62: =D53/220*1.5*1.2 -> 0 | E62: =C62*D62 -> 0 | G62: Excluir esta linha caso a contratação não tenha previsão de horas extras noturnas 50% explícita no edital
A63: Descanso Semanal Remunerado (DSR) - hora extra | B63: R$ | D63: =63/302*(SUM(E57:E62)) -> 0 | E63: =D63 -> 0 | G63: Excluir esta linha caso a contratação não tenha previsão de horas extras explícita no edital
A64: Base de cálculo da Insalubridade | C64: 0
A65: Adicional de Insalubridade | B65: % | C65: 0 | D65: =IF(C64=2,SUM(E53:E63),IF(C64=1,SUM(E53:E63)*D54/D53,0)) -> 0 | E65: =C65*D65/100 -> 0
A66: Soma | E66: =SUM(E53:E65) -> 0
A67: Encargos Sociais | B67: % | C67: ='24.Encargos Sociais'!$C$38*100 -> 0 | D67: =E66 -> 0 | E67: =D67*C67/100 -> 0
A68: Total por funcionário | E68: =E66+E67 -> 0
A69: Total do Efetivo | B69: homem | C69: 1 | D69: =E68 -> 0 | E69: =C69*D69 -> 0
A70: Obs: Sindicato de Pav de Obras RS (R$1.381,33 + 6,76% IPCA ACUM 12 meses) | D70: Fator de utilização | E70: =B47 -> 1 | F70: =E69*E70 -> 0
A72: 1.2. Vale Transporte
A73: Discriminação | B73: Unidade | C73: Quantidade | D73: Custo unitário | E73: Subtotal | F73: Total (R$)
A74: Vale Transporte | B74: R$ | C74: 1
A75: Dias Trabalhados por mês | B75: dia | C75: 21
A76: Coletor | B76: vale | C76: =$C$75*2*(#REF!) -> #REF! | D76: =IFERROR((($C$75*2*$D$74)-(#REF!*0.06*C75/26))/($C$75*2),"-") -> - | E76: =IFERROR(C76*D76,"-") -> -
A77: Operador | B77: vale | C77: =$C$75*2*(C69) -> 42 | E77: =D74*C77 -> 0
F78: =E77-(6%*E66) -> 0
A80: 1.3. Vale-refeição (mensal)
A81: Discriminação | B81: Unidade | C81: Quantidade | D81: Custo unitário | E81: Subtotal | F81: Total (R$)
A82: =+A76 -> Coletor | B82: unidade | D82: 0 | E82: =C82*D82 -> 0
A83: =+A77 -> Operador | B83: unidade | C83: 1 | E83: =C83*D83 -> 0
A84: Encarregado | B84: unidade | C84: 0 | D84: 13.55 | E84: =C84*D84 -> 0
F85: =SUM(E82:E84) -> 0
A87: 1.4. Plano de Benefício Social (Seguro de vida) e (Manutenção e Capacitação Profissional )
A88: Discriminação | B88: Unidade | C88: Quantidade | D88: Custo unitário | E88: Subtotal | F88: Total (R$)
A89: Seguro de vida em Grupo | B89: unidade | C89: 1 | E89: =C89*D89 -> 0
A90: Manutenção e Capacitação Profissional | B90: unidade | C90: 1 | E90: =C90*D90 -> 0
D91: Fator de util. | E91: 1 | F91: =SUM(E89:E90)*E91 -> 0
A93: Custo Mensal com Mão-de-obra (R$/mês) | F93: =F70+F78+F85+F91 -> 0
A95: 2. Uniformes e Equipamentos de Proteção Individual
A97: 2.1. Uniformes e EPIs
A99: Discriminação | B99: Unidade | C99: Durabilidade (meses) | D99: Custo unitário | E99: Subtotal | F99: Total (R$)
A100: Jaqueta com reflexivo (NBR 15.292) | B100: unidade | E100: =IFERROR(D100/C100,0) -> 0
A101: Calça | B101: unidade | E101: =IFERROR(D101/C101,0) -> 0
A102: Camiseta | B102: unidade | E102: =IFERROR(D102/C102,0) -> 0
A103: Boné | B103: unidade | E103: =IFERROR(D103/C103,0) -> 0
A104: Botina de segurança | B104: par | E104: =IFERROR(D104/C104,0) -> 0
A105: Meia de algodão | B105: par | E105: =IFERROR(D105/C105,0) -> 0
A106: Capa de chuva amarela com reflexivo | B106: unidade | E106: =IFERROR(D106/C106,0) -> 0
A107: Luva de proteção | B107: par | E107: =IFERROR(D107/C107,0) -> 0
A108: Mâscara facial | B108: Um | E108: =IFERROR(D108/C108,0) -> 0
A109: Protetor solar FPS 30 | B109: frasco 120g | E109: =IFERROR(D109/C109,0) -> 0
A110: Total do Efetivo | B110: homem | C110: =E38 -> 1 | D110: =+SUM(E100:E109) -> 0 | E110: =C110*D110 -> 0
D111: Fator de utilização | E111: =$B$47 -> 1 | F111: =E110*E111 -> 0
A114: Custo Mensal com Uniformes e EPIs (R$/mês) | F114: =+F111 -> 0
A116: 3. Veículos e Máquinas
A118: 3.1. Veículo/Máquina
A120: 3.1.1. Depreciação
A121: Discriminação | B121: Unidade | C121: Quantidade | D121: Custo unitário | E121: Subtotal | F121: Total (R$)
A122: Custo de aquisição do chassis | B122: unidade | C122: 1 | E122: =C122*D122 -> 0
...

Sheet 7. Retroescavadeira 4x4
A1: Orientações para preenchimento:
A2: 1. Esta planilha é somente um modelo-base, devendo ser adaptada para cada caso concreto.
A3: Qualquer custo previsto no edital e não contemplado nesta planilha deverá ser devidamente incluído.
A4: 2. Antes de preenchê-la, leia com atenção.
A5: 3. Preencher somente células em amarelo
A6: 4. As células azuis deverão ter seus valores preenchidos em outra planilha do arquivo.
A8: O TCE/RS não se responsabiliza pelo uso incorreto desta planilha.
A9: O orçamento deve ser realizado por responsável técnico habilitado e é de responsabilidade do seu autor.
A11: Código 77002 – Serviços de Retro - escavadeira 4 x 4
A12: Planilha de Composição de Custos
A14: Orçamento Sintético
A15: Descrição do Item | E15: Custo (R$/mês) | F15: %
A16: =A49 -> 1. Mão-de-obra | E16: =+F93 -> 0 | F16: =IFERROR(E16/$E$33,0) -> 0
A17: =A51 -> 1.1. Operador de Máquinas | E17: =F70 -> 0 | F17: =IFERROR(E17/$E$33,0) -> 0
A18: =A72 -> 1.2. Vale Transporte | E18: =F78 -> 0 | F18: =IFERROR(E18/$E$33,0) -> 0
A19: =A80 -> 1.3. Vale-refeição (mensal) | E19: =F85 -> 0 | F19: =IFERROR(E19/$E$33,0) -> 0
A20: =A87 -> 1.4. Plano de Benefício Social (Seguro de vida) e (Manutenção e Capacitação Profissional ) | E20: =F91 -> 0 | F20: =IFERROR(E20/$E$33,0) -> 0
A21: =A95 -> 2. Uniformes e Equipamentos de Proteção Individual | E21: =+F114 -> 0 | F21: =IFERROR(E21/$E$33,0) -> 0
A22: =A116 -> 3. Veículos e Máquinas | E22: =+F187 -> 0 | F22: =IFERROR(E22/$E$33,0) -> 0
A23: =A118 -> 3.1. Veículo/Máquina | E23: =SUM(E24:E29) -> 0 | F23: =IFERROR(E23/$E$33,0) -> 0
A24: 3.1.1. Depreciação | E24: =F134 -> 0 | F24: =IFERROR(E24/$E$33,0) -> 0
A25: 3.1.2. Remuneração do Capital | E25: =F152 -> 0 | F25: =IFERROR(E25/$E$33,0) -> 0
A26: =A154 -> 3.1.3. Impostos e Seguros | E26: =F160 -> 0 | F26: =IFERROR(E26/$E$33,0) -> 0
A27: =A162 -> 3.1.4. Consumos de óleo diesel | E27: =F171 -> 0 | F27: =IFERROR(E27/$E$33,0) -> 0
A28: =A173 -> 3.1.5. Manutenção/Consumos | E28: =F176 -> 0 | F28: =IFERROR(E28/$E$33,0) -> 0
A29: =A178 -> 3.1.6. Pneus | E29: =F185 -> 0 | F29: =IFERROR(E29/$E$33,0) -> 0
A30: =A189 -> 4. Ferramentas e materiais | E30: =+F200 -> 0 | F30: =IFERROR(E30/$E$33,0) -> 0
A31: =A202 -> 5. Monitoramento da frota | E31: =+F211 -> 0 | F31: =IFERROR(E31/$E$33,0) -> 0
A32: =A215 -> 4. Benefícios e Despesas Indiretas - BDI | E32: =+F221 -> 0 | F32: =IFERROR(E32/$E$33,0) -> 0
A33: PREÇO TOTAL MENSAL COM A COLETA | E33: =E16+E21+E22+E30+E31+E32 -> 0 | F33: =F16+F21+F22+F30+F31+F32 -> 0
A36: Quantitativos
A37: Mão-de-obra | E37: Quantidade
A38: =+A51 -> 1.1. Operador de Máquinas | E38: =C69 -> 1
A39: Operador de Máquinas
A40: Sindicato de Pav de Obras Correção Salarial | E40: 0
A41: Total de mão-de-obra (postos de trabalho) | E41: =SUM(E38) -> 1
A43: Veículos e Equipamentos | E43: Quantidade
A44: =+A118 -> 3.1. Veículo/Máquina | E44: =C133 -> 1
A47: Fator de utilização (FU) | B47: ='27.Horários'!F17/'27.Horários'!F18 -> 1
A49: 1. Mão-de-obra
A51: 1.1. Operador de Máquinas
A52: Discriminação | B52: Unidade | C52: Quantidade | D52: Custo unitário | E52: Subtotal | F52: Total (R$)
A53: Piso da categoria (2) | B53: mês | C53: 1 | D53: =ROUND((E39*E40)+E39,2) -> 0 | E53: =C53*D53 -> 0
A54: Salário mínimo nacional (1) | B54: mês | C54: 1 | D54: 1100
A55: Adicional Noturno | B55: horas trabalhadas
B56: hora contabilizada | C56: =C55*8/7 -> 0 | D56: =D53/220*0.2 -> 0 | E56: =C55*D56 -> 0
A57: Horas Extras (100%) | B57: hora | D57: =D53/220*2 -> 0 | E57: =C57*D57 -> 0 | G57: Excluir esta linha caso a contratação não tenha previsão de horas extras 100% explícita no edital
A58: Horas Extras Noturnas (100%) | B58: horas trabalhadas | G58: Excluir esta linha caso a contratação não tenha previsão de horas extras noturnas 100% explícita no edital
B59: hora contabilizada | C59: =C58*8/7 -> 0 | D59: =D53/220*2*1.2 -> 0 | E59: =C59*D59 -> 0 | G59: Excluir esta linha caso a contratação não tenha previsão de horas extras noturnas 100% explícita no edital
A60: Horas Extras (50%) | B60: hora | D60: =D53/220*1.5 -> 0 | E60: =C60*D60 -> 0 | G60: Excluir esta linha caso a contratação não tenha previsão de horas extras 50% explícita no edital
A61: Horas Extras Noturnas (50%) | B61: horas trabalhadas | G61: Excluir esta linha caso a contratação não tenha previsão de horas extras noturnas 50% explícita no edital
B62: hora contabilizada | C62: =C61*8/7 -> 0 | D62: =D53/220*1.5*1.2 -> 0 | E62: =C62*D62 -> 0 | G62: Excluir esta linha caso a contratação não tenha previsão de horas extras noturnas 50% explícita no edital
A63: Descanso Semanal Remunerado (DSR) - hora extra | B63: R$ | D63: =63/302*(SUM(E57:E62)) -> 0 | E63: =D63 -> 0 | G63: Excluir esta linha caso a contratação não tenha previsão de horas extras explícita no edital
A64: Base de cálculo da Insalubridade | C64: 0
A65: Adicional de Insalubridade | B65: % | C65: 0 | D65: =IF(C64=2,SUM(E53:E63),IF(C64=1,SUM(E53:E63)*D54/D53,0)) -> 0 | E65: =C65*D65/100 -> 0
A66: Soma | E66: =SUM(E53:E65) -> 0
A67: Encargos Sociais | B67: % | C67: ='24.Encargos Sociais'!$C$38*100 -> 0 | D67: =E66 -> 0 | E67: =D67*C67/100 -> 0
A68: Total por funcionário | E68: =E66+E67 -> 0
A69: Total do Efetivo | B69: homem | C69: 1 | D69: =E68 -> 0 | E69: =C69*D69 -> 0
A70: Obs: Sindicato de Pav de Obras RS (R$1.381,33 + 6,76% IPCA ACUM 12 meses) | D70: Fator de utilização | E70: =B47 -> 1 | F70: =E69*E70 -> 0
A72: 1.2. Vale Transporte
A73: Discriminação | B73: Unidade | C73: Quantidade | D73: Custo unitário | E73: Subtotal | F73: Total (R$)
A74: Vale Transporte | B74: R$ | C74: 1
A75: Dias Trabalhados por mês | B75: dia | C75: 21
A76: Coletor | B76: vale | C76: =$C$75*2*(#REF!) -> #REF! | D76: =IFERROR((($C$75*2*$D$74)-(#REF!*0.06*C75/26))/($C$75*2),"-") -> - | E76: =IFERROR(C76*D76,"-") -> -
A77: Operador | B77: vale | C77: =$C$75*2*(C69) -> 42 | E77: =D74*C77 -> 0
F78: =E77-(6%*E66) -> 0
A80: 1.3. Vale-refeição (mensal)
A81: Discriminação | B81: Unidade | C81: Quantidade | D81: Custo unitário | E81: Subtotal | F81: Total (R$)
A82: =+A76 -> Coletor | B82: unidade | D82: 0 | E82: =C82*D82 -> 0
A83: =+A77 -> Operador | B83: unidade | C83: 1 | E83: =C83*D83 -> 0
A84: Encarregado | B84: unidade | C84: 0 | D84: 13.55 | E84: =C84*D84 -> 0
F85: =SUM(E82:E84) -> 0
A87: 1.4. Plano de Benefício Social (Seguro de vida) e (Manutenção e Capacitação Profissional )
A88: Discriminação | B88: Unidade | C88: Quantidade | D88: Custo unitário | E88: Subtotal | F88: Total (R$)
A89: Seguro de vida em Grupo | B89: unidade | C89: 1 | E89: =C89*D89 -> 0
A90: Manutenção e Capacitação Profissional | B90: unidade | C90: 1 | E90: =C90*D90 -> 0
D91: Fator de util. | E91: 1 | F91: =SUM(E89:E90)*E91 -> 0
A93: Custo Mensal com Mão-de-obra (R$/mês) | F93: =F70+F78+F85+F91 -> 0
A95: 2. Uniformes e Equipamentos de Proteção Individual
A97: 2.1. Uniformes e EPIs
A99: Discriminação | B99: Unidade | C99: Durabilidade (meses) | D99: Custo unitário | E99: Subtotal | F99: Total (R$)
A100: Jaqueta com reflexivo (NBR 15.292) | B100: unidade | E100: =IFERROR(D100/C100,0) -> 0
A101: Calça | B101: unidade | E101: =IFERROR(D101/C101,0) -> 0
A102: Camiseta | B102: unidade | E102: =IFERROR(D102/C102,0) -> 0
A103: Boné | B103: unidade | E103: =IFERROR(D103/C103,0) -> 0
A104: Botina de segurança | B104: par | E104: =IFERROR(D104/C104,0) -> 0
A105: Meia de algodão | B105: par | E105: =IFERROR(D105/C105,0) -> 0
A106: Capa de chuva amarela com reflexivo | B106: unidade | E106: =IFERROR(D106/C106,0) -> 0
A107: Luva de proteção | B107: par | E107: =IFERROR(D107/C107,0) -> 0
A108: Mâscara facial | B108: Um | E108: =IFERROR(D108/C108,0) -> 0
A109: Protetor solar FPS 30 | B109: frasco 120g | E109: =IFERROR(D109/C109,0) -> 0
A110: Total do Efetivo | B110: homem | C110: =E38 -> 1 | D110: =+SUM(E100:E109) -> 0 | E110: =C110*D110 -> 0
D111: Fator de utilização | E111: =$B$47 -> 1 | F111: =E110*E111 -> 0
A114: Custo Mensal com Uniformes e EPIs (R$/mês) | F114: =+F111 -> 0
A116: 3. Veículos e Máquinas
A118: 3.1. Veículo/Máquina
A120: 3.1.1. Depreciação
A121: Discriminação | B121: Unidade | C121: Quantidade | D121: Custo unitário | E121: Subtotal | F121: Total (R$)
A122: Custo de aquisição do chassis | B122: unidade | C122: 1 | E122: =C122*D122 -> 0
...

Sheet 8. Motoniveladora 17
A1: Orientações para preenchimento:
A2: 1. Esta planilha é somente um modelo-base, devendo ser adaptada para cada caso concreto.
A3: Qualquer custo previsto no edital e não contemplado nesta planilha deverá ser devidamente incluído.
A4: 2. Antes de preenchê-la, leia com atenção.
A5: 3. Preencher somente células em amarelo
A6: 4. As células azuis deverão ter seus valores preenchidos em outra planilha do arquivo.
A8: O TCE/RS não se responsabiliza pelo uso incorreto desta planilha.
A9: O orçamento deve ser realizado por responsável técnico habilitado e é de responsabilidade do seu autor.
A11: Código 77003 – Serviços de Motoniveladora
A12: Planilha de Composição de Custos
A14: Orçamento Sintético
A15: Descrição do Item | E15: Custo (R$/mês) | F15: %
A16: =A49 -> 1. Mão-de-obra | E16: =+F93 -> 0 | F16: =IFERROR(E16/$E$33,0) -> 0
A17: =A51 -> 1.1. Operador de Máquinas | E17: =F70 -> 0 | F17: =IFERROR(E17/$E$33,0) -> 0
A18: =A72 -> 1.2. Vale Transporte | E18: =F78 -> 0 | F18: =IFERROR(E18/$E$33,0) -> 0
A19: =A80 -> 1.3. Vale-refeição (mensal) | E19: =F85 -> 0 | F19: =IFERROR(E19/$E$33,0) -> 0
A20: =A87 -> 1.4. Plano de Benefício Social (Seguro de vida) e (Manutenção e Capacitação Profissional ) | E20: =F91 -> 0 | F20: =IFERROR(E20/$E$33,0) -> 0
A21: =A95 -> 2. Uniformes e Equipamentos de Proteção Individual | E21: =+F114 -> 0 | F21: =IFERROR(E21/$E$33,0) -> 0
A22: =A116 -> 3. Veículos e Máquinas | E22: =+F187 -> 0 | F22: =IFERROR(E22/$E$33,0) -> 0
A23: =A118 -> 3.1. Veículo/Máquina | E23: =SUM(E24:E29) -> 0 | F23: =IFERROR(E23/$E$33,0) -> 0
A24: 3.1.1. Depreciação | E24: =F134 -> 0 | F24: =IFERROR(E24/$E$33,0) -> 0
A25: 3.1.2. Remuneração do Capital | E25: =F152 -> 0 | F25: =IFERROR(E25/$E$33,0) -> 0
A26: =A154 -> 3.1.3. Impostos e Seguros | E26: =F160 -> 0 | F26: =IFERROR(E26/$E$33,0) -> 0
A27: =A162 -> 3.1.4. Consumos de óleo diesel | E27: =F171 -> 0 | F27: =IFERROR(E27/$E$33,0) -> 0
A28: =A173 -> 3.1.5. Manutenção/Consumos | E28: =F176 -> 0 | F28: =IFERROR(E28/$E$33,0) -> 0
A29: =A178 -> 3.1.6. Pneus | E29: =F185 -> 0 | F29: =IFERROR(E29/$E$33,0) -> 0
A30: =A189 -> 4. Ferramentas e materiais | E30: =+F200 -> 0 | F30: =IFERROR(E30/$E$33,0) -> 0
A31: =A202 -> 5. Monitoramento da frota | E31: =+F211 -> 0 | F31: =IFERROR(E31/$E$33,0) -> 0
A32: =A215 -> 4. Benefícios e Despesas Indiretas - BDI | E32: =+F221 -> 0 | F32: =IFERROR(E32/$E$33,0) -> 0
A33: PREÇO TOTAL MENSAL COM A COLETA | E33: =E16+E21+E22+E30+E31+E32 -> 0 | F33: =F16+F21+F22+F30+F31+F32 -> 0
A36: Quantitativos
A37: Mão-de-obra | E37: Quantidade
A38: =+A51 -> 1.1. Operador de Máquinas | E38: =C69 -> 1
A39: Operador de Máquinas
A40: Sindicato de Pav de Obras Correção Salarial | E40: 0
A41: Total de mão-de-obra (postos de trabalho) | E41: =SUM(E38) -> 1
A43: Veículos e Equipamentos | E43: Quantidade
A44: =+A118 -> 3.1. Veículo/Máquina | E44: =C133 -> 1
A47: Fator de utilização (FU) | B47: ='27.Horários'!F17/'27.Horários'!F18 -> 1
A49: 1. Mão-de-obra
A51: 1.1. Operador de Máquinas
A52: Discriminação | B52: Unidade | C52: Quantidade | D52: Custo unitário | E52: Subtotal | F52: Total (R$)
A53: Piso da categoria (2) | B53: mês | C53: 1 | D53: =ROUND((E39*E40)+E39,2) -> 0 | E53: =C53*D53 -> 0
A54: Salário mínimo nacional (1) | B54: mês | C54: 1 | D54: 1100
A55: Adicional Noturno | B55: horas trabalhadas
B56: hora contabilizada | C56: =C55*8/7 -> 0 | D56: =D53/220*0.2 -> 0 | E56: =C55*D56 -> 0
A57: Horas Extras (100%) | B57: hora | D57: =D53/220*2 -> 0 | E57: =C57*D57 -> 0 | G57: Excluir esta linha caso a contratação não tenha previsão de horas extras 100% explícita no edital
A58: Horas Extras Noturnas (100%) | B58: horas trabalhadas | G58: Excluir esta linha caso a contratação não tenha previsão de horas extras noturnas 100% explícita no edital
B59: hora contabilizada | C59: =C58*8/7 -> 0 | D59: =D53/220*2*1.2 -> 0 | E59: =C59*D59 -> 0 | G59: Excluir esta linha caso a contratação não tenha previsão de horas extras noturnas 100% explícita no edital
A60: Horas Extras (50%) | B60: hora | D60: =D53/220*1.5 -> 0 | E60: =C60*D60 -> 0 | G60: Excluir esta linha caso a contratação não tenha previsão de horas extras 50% explícita no edital
A61: Horas Extras Noturnas (50%) | B61: horas trabalhadas | G61: Excluir esta linha caso a contratação não tenha previsão de horas extras noturnas 50% explícita no edital
B62: hora contabilizada | C62: =C61*8/7 -> 0 | D62: =D53/220*1.5*1.2 -> 0 | E62: =C62*D62 -> 0 | G62: Excluir esta linha caso a contratação não tenha previsão de horas extras noturnas 50% explícita no edital
A63: Descanso Semanal Remunerado (DSR) - hora extra | B63: R$ | D63: =63/302*(SUM(E57:E62)) -> 0 | E63: =D63 -> 0 | G63: Excluir esta linha caso a contratação não tenha previsão de horas extras explícita no edital
A64: Base de cálculo da Insalubridade | C64: 0
A65: Adicional de Insalubridade | B65: % | C65: 0 | D65: =IF(C64=2,SUM(E53:E63),IF(C64=1,SUM(E53:E63)*D54/D53,0)) -> 0 | E65: =C65*D65/100 -> 0
A66: Soma | E66: =SUM(E53:E65) -> 0
A67: Encargos Sociais | B67: % | C67: ='24.Encargos Sociais'!$C$38*100 -> 0 | D67: =E66 -> 0 | E67: =D67*C67/100 -> 0
A68: Total por funcionário | E68: =E66+E67 -> 0
A69: Total do Efetivo | B69: homem | C69: 1 | D69: =E68 -> 0 | E69: =C69*D69 -> 0
A70: Obs: Sindicato de Pav de Obras RS (R$1.381,33 + 6,76% IPCA ACUM 12 meses) | D70: Fator de utilização | E70: =B47 -> 1 | F70: =E69*E70 -> 0
A72: 1.2. Vale Transporte
A73: Discriminação | B73: Unidade | C73: Quantidade | D73: Custo unitário | E73: Subtotal | F73: Total (R$)
A74: Vale Transporte | B74: R$ | C74: 1
A75: Dias Trabalhados por mês | B75: dia | C75: 21
A76: Coletor | B76: vale | C76: =$C$75*2*(#REF!) -> #REF! | D76: =IFERROR((($C$75*2*$D$74)-(#REF!*0.06*C75/26))/($C$75*2),"-") -> - | E76: =IFERROR(C76*D76,"-") -> -
A77: Operador | B77: vale | C77: =$C$75*2*(C69) -> 42 | E77: =D74*C77 -> 0
F78: =E77-(6%*E66) -> 0
A80: 1.3. Vale-refeição (mensal)
A81: Discriminação | B81: Unidade | C81: Quantidade | D81: Custo unitário | E81: Subtotal | F81: Total (R$)
A82: =+A76 -> Coletor | B82: unidade | D82: 0 | E82: =C82*D82 -> 0
A83: =+A77 -> Operador | B83: unidade | C83: 1 | E83: =C83*D83 -> 0
A84: Encarregado | B84: unidade | C84: 0 | D84: 13.55 | E84: =C84*D84 -> 0
F85: =SUM(E82:E84) -> 0
A87: 1.4. Plano de Benefício Social (Seguro de vida) e (Manutenção e Capacitação Profissional )
A88: Discriminação | B88: Unidade | C88: Quantidade | D88: Custo unitário | E88: Subtotal | F88: Total (R$)
A89: Seguro de vida em Grupo | B89: unidade | C89: 1 | E89: =C89*D89 -> 0
A90: Manutenção e Capacitação Profissional | B90: unidade | C90: 1 | E90: =C90*D90 -> 0
D91: Fator de util. | E91: 1 | F91: =SUM(E89:E90)*E91 -> 0
A93: Custo Mensal com Mão-de-obra (R$/mês) | F93: =F70+F78+F85+F91 -> 0
A95: 2. Uniformes e Equipamentos de Proteção Individual
A97: 2.1. Uniformes e EPIs
A99: Discriminação | B99: Unidade | C99: Durabilidade (meses) | D99: Custo unitário | E99: Subtotal | F99: Total (R$)
A100: Jaqueta com reflexivo (NBR 15.292) | B100: unidade | E100: =IFERROR(D100/C100,0) -> 0
A101: Calça | B101: unidade | E101: =IFERROR(D101/C101,0) -> 0
A102: Camiseta | B102: unidade | E102: =IFERROR(D102/C102,0) -> 0
A103: Boné | B103: unidade | E103: =IFERROR(D103/C103,0) -> 0
A104: Botina de segurança | B104: par | E104: =IFERROR(D104/C104,0) -> 0
A105: Meia de algodão | B105: par | E105: =IFERROR(D105/C105,0) -> 0
A106: Capa de chuva amarela com reflexivo | B106: unidade | E106: =IFERROR(D106/C106,0) -> 0
A107: Luva de proteção | B107: par | E107: =IFERROR(D107/C107,0) -> 0
A108: Mâscara facial | B108: Um | E108: =IFERROR(D108/C108,0) -> 0
A109: Protetor solar FPS 30 | B109: frasco 120g | E109: =IFERROR(D109/C109,0) -> 0
A110: Total do Efetivo | B110: homem | C110: =E38 -> 1 | D110: =+SUM(E100:E109) -> 0 | E110: =C110*D110 -> 0
D111: Fator de utilização | E111: =$B$47 -> 1 | F111: =E110*E111 -> 0
A114: Custo Mensal com Uniformes e EPIs (R$/mês) | F114: =+F111 -> 0
A116: 3. Veículos e Máquinas
A118: 3.1. Veículo/Máquina
A120: 3.1.1. Depreciação
A121: Discriminação | B121: Unidade | C121: Quantidade | D121: Custo unitário | E121: Subtotal | F121: Total (R$)
A122: Custo de aquisição do chassis | B122: unidade | C122: 1 | E122: =C122*D122 -> 0
...

Sheet 9. Trator de Esteira 14
A1: Orientações para preenchimento:
A2: 1. Esta planilha é somente um modelo-base, devendo ser adaptada para cada caso concreto.
A3: Qualquer custo previsto no edital e não contemplado nesta planilha deverá ser devidamente incluído.
A4: 2. Antes de preenchê-la, leia com atenção.
A5: 3. Preencher somente células em amarelo
A6: 4. As células azuis deverão ter seus valores preenchidos em outra planilha do arquivo.
A8: O TCE/RS não se responsabiliza pelo uso incorreto desta planilha.
A9: O orçamento deve ser realizado por responsável técnico habilitado e é de responsabilidade do seu autor.
A11: Código 77004 – Serviços de Trator Esteira 155 HP
A12: ´
A14: Orçamento Sintético
A15: Descrição do Item | E15: Custo (R$/mês) | F15: %
A16: =A49 -> 1. Mão-de-obra | E16: =+F93 -> 0 | F16: =IFERROR(E16/$E$33,0) -> 0
A17: =A51 -> 1.1. Operador de Máquinas | E17: =F70 -> 0 | F17: =IFERROR(E17/$E$33,0) -> 0
A18: =A72 -> 1.2. Vale Transporte | E18: =F78 -> 0 | F18: =IFERROR(E18/$E$33,0) -> 0
A19: =A80 -> 1.3. Vale-refeição (mensal) | E19: =F85 -> 0 | F19: =IFERROR(E19/$E$33,0) -> 0
A20: =A87 -> 1.4. Plano de Benefício Social (Seguro de vida) e (Manutenção e Capacitação Profissional ) | E20: =F91 -> 0 | F20: =IFERROR(E20/$E$33,0) -> 0
A21: =A95 -> 2. Uniformes e Equipamentos de Proteção Individual | E21: =+F114 -> 0 | F21: =IFERROR(E21/$E$33,0) -> 0
A22: =A116 -> 3. Veículos e Máquinas | E22: =+F187 -> 0 | F22: =IFERROR(E22/$E$33,0) -> 0
A23: =A118 -> 3.1. Veículo/Máquina | E23: =SUM(E24:E29) -> 0 | F23: =IFERROR(E23/$E$33,0) -> 0
A24: 3.1.1. Depreciação | E24: =F134 -> 0 | F24: =IFERROR(E24/$E$33,0) -> 0
A25: 3.1.2. Remuneração do Capital | E25: =F152 -> 0 | F25: =IFERROR(E25/$E$33,0) -> 0
A26: =A154 -> 3.1.3. Impostos e Seguros | E26: =F160 -> 0 | F26: =IFERROR(E26/$E$33,0) -> 0
A27: =A162 -> 3.1.4. Consumos de óleo diesel | E27: =F171 -> 0 | F27: =IFERROR(E27/$E$33,0) -> 0
A28: =A173 -> 3.1.5. Manutenção/Consumos | E28: =F176 -> 0 | F28: =IFERROR(E28/$E$33,0) -> 0
A29: =A178 -> 3.1.6. Pneus | E29: =F185 -> 0 | F29: =IFERROR(E29/$E$33,0) -> 0
A30: =A189 -> 4. Ferramentas e materiais | E30: =+F200 -> 0 | F30: =IFERROR(E30/$E$33,0) -> 0
A31: =A202 -> 5. Monitoramento da frota | E31: =+F211 -> 0 | F31: =IFERROR(E31/$E$33,0) -> 0
A32: =A215 -> 4. Benefícios e Despesas Indiretas - BDI | E32: =+F221 -> 0 | F32: =IFERROR(E32/$E$33,0) -> 0
A33: PREÇO TOTAL MENSAL COM A COLETA | E33: =E16+E21+E22+E30+E31+E32 -> 0 | F33: =F16+F21+F22+F30+F31+F32 -> 0
A36: Quantitativos
A37: Mão-de-obra | E37: Quantidade
A38: =+A51 -> 1.1. Operador de Máquinas | E38: =C69 -> 1
A39: Operador de Máquinas
A40: Sindicato de Pav de Obras Correção Salarial | E40: 0
A41: Total de mão-de-obra (postos de trabalho) | E41: =SUM(E38) -> 1
A43: Veículos e Equipamentos | E43: Quantidade
A44: =+A118 -> 3.1. Veículo/Máquina | E44: =C133 -> 1
A47: Fator de utilização (FU) | B47: ='27.Horários'!F17/'27.Horários'!F18 -> 1
A49: 1. Mão-de-obra
A51: 1.1. Operador de Máquinas
A52: Discriminação | B52: Unidade | C52: Quantidade | D52: Custo unitário | E52: Subtotal | F52: Total (R$)
A53: Piso da categoria (2) | B53: mês | C53: 1 | D53: =ROUND((E39*E40)+E39,2) -> 0 | E53: =C53*D53 -> 0
A54: Salário mínimo nacional (1) | B54: mês | C54: 1 | D54: 1100
A55: Adicional Noturno | B55: horas trabalhadas
B56: hora contabilizada | C56: =C55*8/7 -> 0 | D56: =D53/220*0.2 -> 0 | E56: =C55*D56 -> 0
A57: Horas Extras (100%) | B57: hora | D57: =D53/220*2 -> 0 | E57: =C57*D57 -> 0 | G57: Excluir esta linha caso a contratação não tenha previsão de horas extras 100% explícita no edital
A58: Horas Extras Noturnas (100%) | B58: horas trabalhadas | G58: Excluir esta linha caso a contratação não tenha previsão de horas extras noturnas 100% explícita no edital
B59: hora contabilizada | C59: =C58*8/7 -> 0 | D59: =D53/220*2*1.2 -> 0 | E59: =C59*D59 -> 0 | G59: Excluir esta linha caso a contratação não tenha previsão de horas extras noturnas 100% explícita no edital
A60: Horas Extras (50%) | B60: hora | D60: =D53/220*1.5 -> 0 | E60: =C60*D60 -> 0 | G60: Excluir esta linha caso a contratação não tenha previsão de horas extras 50% explícita no edital
A61: Horas Extras Noturnas (50%) | B61: horas trabalhadas | G61: Excluir esta linha caso a contratação não tenha previsão de horas extras noturnas 50% explícita no edital
B62: hora contabilizada | C62: =C61*8/7 -> 0 | D62: =D53/220*1.5*1.2 -> 0 | E62: =C62*D62 -> 0 | G62: Excluir esta linha caso a contratação não tenha previsão de horas extras noturnas 50% explícita no edital
A63: Descanso Semanal Remunerado (DSR) - hora extra | B63: R$ | D63: =63/302*(SUM(E57:E62)) -> 0 | E63: =D63 -> 0 | G63: Excluir esta linha caso a contratação não tenha previsão de horas extras explícita no edital
A64: Base de cálculo da Insalubridade | C64: 0
A65: Adicional de Insalubridade | B65: % | C65: 0 | D65: =IF(C64=2,SUM(E53:E63),IF(C64=1,SUM(E53:E63)*D54/D53,0)) -> 0 | E65: =C65*D65/100 -> 0
A66: Soma | E66: =SUM(E53:E65) -> 0
A67: Encargos Sociais | B67: % | C67: ='24.Encargos Sociais'!$C$38*100 -> 0 | D67: =E66 -> 0 | E67: =D67*C67/100 -> 0
A68: Total por funcionário | E68: =E66+E67 -> 0
A69: Total do Efetivo | B69: homem | C69: 1 | D69: =E68 -> 0 | E69: =C69*D69 -> 0
A70: Obs: Sindicato de Pav de Obras RS (R$1.381,33 + 6,76% IPCA ACUM 12 meses) | D70: Fator de utilização | E70: =B47 -> 1 | F70: =E69*E70 -> 0
A72: 1.2. Vale Transporte
A73: Discriminação | B73: Unidade | C73: Quantidade | D73: Custo unitário | E73: Subtotal | F73: Total (R$)
A74: Vale Transporte | B74: R$ | C74: 1
A75: Dias Trabalhados por mês | B75: dia | C75: 21
A76: Coletor | B76: vale | C76: =$C$75*2*(#REF!) -> #REF! | D76: =IFERROR((($C$75*2*$D$74)-(#REF!*0.06*C75/26))/($C$75*2),"-") -> - | E76: =IFERROR(C76*D76,"-") -> -
A77: Operador | B77: vale | C77: =$C$75*2*(C69) -> 42 | E77: =D74*C77 -> 0
F78: =E77-(6%*E66) -> 0
A80: 1.3. Vale-refeição (mensal)
A81: Discriminação | B81: Unidade | C81: Quantidade | D81: Custo unitário | E81: Subtotal | F81: Total (R$)
A82: =+A76 -> Coletor | B82: unidade | D82: 0 | E82: =C82*D82 -> 0
A83: =+A77 -> Operador | B83: unidade | C83: 1 | E83: =C83*D83 -> 0
A84: Encarregado | B84: unidade | C84: 0 | D84: 13.55 | E84: =C84*D84 -> 0
F85: =SUM(E82:E84) -> 0
A87: 1.4. Plano de Benefício Social (Seguro de vida) e (Manutenção e Capacitação Profissional )
A88: Discriminação | B88: Unidade | C88: Quantidade | D88: Custo unitário | E88: Subtotal | F88: Total (R$)
A89: Seguro de vida em Grupo | B89: unidade | C89: 1 | E89: =C89*D89 -> 0
A90: Manutenção e Capacitação Profissional | B90: unidade | C90: 1 | E90: =C90*D90 -> 0
D91: Fator de util. | E91: 1 | F91: =SUM(E89:E90)*E91 -> 0
A93: Custo Mensal com Mão-de-obra (R$/mês) | F93: =F70+F78+F85+F91 -> 0
A95: 2. Uniformes e Equipamentos de Proteção Individual
A97: 2.1. Uniformes e EPIs
A99: Discriminação | B99: Unidade | C99: Durabilidade (meses) | D99: Custo unitário | E99: Subtotal | F99: Total (R$)
A100: Jaqueta com reflexivo (NBR 15.292) | B100: unidade | E100: =IFERROR(D100/C100,0) -> 0
A101: Calça | B101: unidade | E101: =IFERROR(D101/C101,0) -> 0
A102: Camiseta | B102: unidade | E102: =IFERROR(D102/C102,0) -> 0
A103: Boné | B103: unidade | E103: =IFERROR(D103/C103,0) -> 0
A104: Botina de segurança | B104: par | E104: =IFERROR(D104/C104,0) -> 0
A105: Meia de algodão | B105: par | E105: =IFERROR(D105/C105,0) -> 0
A106: Capa de chuva amarela com reflexivo | B106: unidade | E106: =IFERROR(D106/C106,0) -> 0
A107: Luva de proteção | B107: par | E107: =IFERROR(D107/C107,0) -> 0
A108: Mâscara facial | B108: Um | E108: =IFERROR(D108/C108,0) -> 0
A109: Protetor solar FPS 30 | B109: frasco 120g | E109: =IFERROR(D109/C109,0) -> 0
A110: Total do Efetivo | B110: homem | C110: =E38 -> 1 | D110: =+SUM(E100:E109) -> 0 | E110: =C110*D110 -> 0
D111: Fator de utilização | E111: =$B$47 -> 1 | F111: =E110*E111 -> 0
A114: Custo Mensal com Uniformes e EPIs (R$/mês) | F114: =+F111 -> 0
A116: 3. Veículos e Máquinas
A118: 3.1. Veículo/Máquina
A120: 3.1.1. Depreciação
A121: Discriminação | B121: Unidade | C121: Quantidade | D121: Custo unitário | E121: Subtotal | F121: Total (R$)
A122: Custo de aquisição do chassis | B122: unidade | C122: 1 | E122: =C122*D122 -> 0
...

Sheet 10. Trator de Esteira 19
A1: Orientações para preenchimento:
A2: 1. Esta planilha é somente um modelo-base, devendo ser adaptada para cada caso concreto.
A3: Qualquer custo previsto no edital e não contemplado nesta planilha deverá ser devidamente incluído.
A4: 2. Antes de preenchê-la, leia com atenção.
A5: 3. Preencher somente células em amarelo
A6: 4. As células azuis deverão ter seus valores preenchidos em outra planilha do arquivo.
A8: O TCE/RS não se responsabiliza pelo uso incorreto desta planilha.
A9: O orçamento deve ser realizado por responsável técnico habilitado e é de responsabilidade do seu autor.
A11: Código 77005 – Serviços de Trator Esteira 168 HP
A12: Planilha de Composição de Custos
A14: Orçamento Sintético
A15: Descrição do Item | E15: Custo (R$/mês) | F15: %
A16: =A49 -> 1. Mão-de-obra | E16: =+F93 -> 0 | F16: =IFERROR(E16/$E$33,0) -> 0
A17: =A51 -> 1.1. Operador de Máquinas | E17: =F70 -> 0 | F17: =IFERROR(E17/$E$33,0) -> 0
A18: =A72 -> 1.2. Vale Transporte | E18: =F78 -> 0 | F18: =IFERROR(E18/$E$33,0) -> 0
A19: =A80 -> 1.3. Vale-refeição (mensal) | E19: =F85 -> 0 | F19: =IFERROR(E19/$E$33,0) -> 0
A20: =A87 -> 1.4. Plano de Benefício Social (Seguro de vida) e (Manutenção e Capacitação Profissional ) | E20: =F91 -> 0 | F20: =IFERROR(E20/$E$33,0) -> 0
A21: =A95 -> 2. Uniformes e Equipamentos de Proteção Individual | E21: =+F114 -> 0 | F21: =IFERROR(E21/$E$33,0) -> 0
A22: =A116 -> 3. Veículos e Máquinas | E22: =+F187 -> 0 | F22: =IFERROR(E22/$E$33,0) -> 0
A23: =A118 -> 3.1. Veículo/Máquina | E23: =SUM(E24:E29) -> 0 | F23: =IFERROR(E23/$E$33,0) -> 0
A24: 3.1.1. Depreciação | E24: =F134 -> 0 | F24: =IFERROR(E24/$E$33,0) -> 0
A25: 3.1.2. Remuneração do Capital | E25: =F152 -> 0 | F25: =IFERROR(E25/$E$33,0) -> 0
A26: =A154 -> 3.1.3. Impostos e Seguros | E26: =F160 -> 0 | F26: =IFERROR(E26/$E$33,0) -> 0
A27: =A162 -> 3.1.4. Consumos de óleo diesel | E27: =F171 -> 0 | F27: =IFERROR(E27/$E$33,0) -> 0
A28: =A173 -> 3.1.5. Manutenção/Consumos | E28: =F176 -> 0 | F28: =IFERROR(E28/$E$33,0) -> 0
A29: =A178 -> 3.1.6. Pneus | E29: =F185 -> 0 | F29: =IFERROR(E29/$E$33,0) -> 0
A30: =A189 -> 4. Ferramentas e materiais | E30: =+F200 -> 0 | F30: =IFERROR(E30/$E$33,0) -> 0
A31: =A202 -> 5. Monitoramento da frota | E31: =+F211 -> 0 | F31: =IFERROR(E31/$E$33,0) -> 0
A32: =A215 -> 4. Benefícios e Despesas Indiretas - BDI | E32: =+F221 -> 0 | F32: =IFERROR(E32/$E$33,0) -> 0
A33: PREÇO TOTAL MENSAL COM A COLETA | E33: =E16+E21+E22+E30+E31+E32 -> 0 | F33: =F16+F21+F22+F30+F31+F32 -> 0
A36: Quantitativos
A37: Mão-de-obra | E37: Quantidade
A38: =+A51 -> 1.1. Operador de Máquinas | E38: =C69 -> 1
A39: Operador de Máquinas
A40: Sindicato de Pav de Obras Correção Salarial | E40: 0
A41: Total de mão-de-obra (postos de trabalho) | E41: =SUM(E38) -> 1
A43: Veículos e Equipamentos | E43: Quantidade
A44: =+A118 -> 3.1. Veículo/Máquina | E44: =C133 -> 1
A47: Fator de utilização (FU) | B47: ='27.Horários'!F17/'27.Horários'!F18 -> 1
A49: 1. Mão-de-obra
A51: 1.1. Operador de Máquinas
A52: Discriminação | B52: Unidade | C52: Quantidade | D52: Custo unitário | E52: Subtotal | F52: Total (R$)
A53: Piso da categoria (2) | B53: mês | C53: 1 | D53: =ROUND((E39*E40)+E39,2) -> 0 | E53: =C53*D53 -> 0
A54: Salário mínimo nacional (1) | B54: mês | C54: 1 | D54: 1100
A55: Adicional Noturno | B55: horas trabalhadas
B56: hora contabilizada | C56: =C55*8/7 -> 0 | D56: =D53/220*0.2 -> 0 | E56: =C55*D56 -> 0
A57: Horas Extras (100%) | B57: hora | D57: =D53/220*2 -> 0 | E57: =C57*D57 -> 0 | G57: Excluir esta linha caso a contratação não tenha previsão de horas extras 100% explícita no edital
A58: Horas Extras Noturnas (100%) | B58: horas trabalhadas | G58: Excluir esta linha caso a contratação não tenha previsão de horas extras noturnas 100% explícita no edital
B59: hora contabilizada | C59: =C58*8/7 -> 0 | D59: =D53/220*2*1.2 -> 0 | E59: =C59*D59 -> 0 | G59: Excluir esta linha caso a contratação não tenha previsão de horas extras noturnas 100% explícita no edital
A60: Horas Extras (50%) | B60: hora | D60: =D53/220*1.5 -> 0 | E60: =C60*D60 -> 0 | G60: Excluir esta linha caso a contratação não tenha previsão de horas extras 50% explícita no edital
A61: Horas Extras Noturnas (50%) | B61: horas trabalhadas | G61: Excluir esta linha caso a contratação não tenha previsão de horas extras noturnas 50% explícita no edital
B62: hora contabilizada | C62: =C61*8/7 -> 0 | D62: =D53/220*1.5*1.2 -> 0 | E62: =C62*D62 -> 0 | G62: Excluir esta linha caso a contratação não tenha previsão de horas extras noturnas 50% explícita no edital
A63: Descanso Semanal Remunerado (DSR) - hora extra | B63: R$ | D63: =63/302*(SUM(E57:E62)) -> 0 | E63: =D63 -> 0 | G63: Excluir esta linha caso a contratação não tenha previsão de horas extras explícita no edital
A64: Base de cálculo da Insalubridade | C64: 0
A65: Adicional de Insalubridade | B65: % | C65: 0 | D65: =IF(C64=2,SUM(E53:E63),IF(C64=1,SUM(E53:E63)*D54/D53,0)) -> 0 | E65: =C65*D65/100 -> 0
A66: Soma | E66: =SUM(E53:E65) -> 0
A67: Encargos Sociais | B67: % | C67: ='24.Encargos Sociais'!$C$38*100 -> 0 | D67: =E66 -> 0 | E67: =D67*C67/100 -> 0
A68: Total por funcionário | E68: =E66+E67 -> 0
A69: Total do Efetivo | B69: homem | C69: 1 | D69: =E68 -> 0 | E69: =C69*D69 -> 0
A70: Obs: Sindicato de Pav de Obras RS (R$1.381,33 + 6,76% IPCA ACUM 12 meses) | D70: Fator de utilização | E70: =B47 -> 1 | F70: =E69*E70 -> 0
A72: 1.2. Vale Transporte
A73: Discriminação | B73: Unidade | C73: Quantidade | D73: Custo unitário | E73: Subtotal | F73: Total (R$)
A74: Vale Transporte | B74: R$ | C74: 1
A75: Dias Trabalhados por mês | B75: dia | C75: 21
A76: Coletor | B76: vale | C76: =$C$75*2*(#REF!) -> #REF! | D76: =IFERROR((($C$75*2*$D$74)-(#REF!*0.06*C75/26))/($C$75*2),"-") -> - | E76: =IFERROR(C76*D76,"-") -> -
A77: Operador | B77: vale | C77: =$C$75*2*(C69) -> 42 | E77: =D74*C77 -> 0
F78: =E77-(6%*E66) -> 0
A80: 1.3. Vale-refeição (mensal)
A81: Discriminação | B81: Unidade | C81: Quantidade | D81: Custo unitário | E81: Subtotal | F81: Total (R$)
A82: =+A76 -> Coletor | B82: unidade | D82: 0 | E82: =C82*D82 -> 0
A83: =+A77 -> Operador | B83: unidade | C83: 1 | E83: =C83*D83 -> 0
A84: Encarregado | B84: unidade | C84: 0 | D84: 13.55 | E84: =C84*D84 -> 0
F85: =SUM(E82:E84) -> 0
A87: 1.4. Plano de Benefício Social (Seguro de vida) e (Manutenção e Capacitação Profissional )
A88: Discriminação | B88: Unidade | C88: Quantidade | D88: Custo unitário | E88: Subtotal | F88: Total (R$)
A89: Seguro de vida em Grupo | B89: unidade | C89: 1 | E89: =C89*D89 -> 0
A90: Manutenção e Capacitação Profissional | B90: unidade | C90: 1 | E90: =C90*D90 -> 0
D91: Fator de util. | E91: 1 | F91: =SUM(E89:E90)*E91 -> 0
A93: Custo Mensal com Mão-de-obra (R$/mês) | F93: =F70+F78+F85+F91 -> 0
A95: 2. Uniformes e Equipamentos de Proteção Individual
A97: 2.1. Uniformes e EPIs
A99: Discriminação | B99: Unidade | C99: Durabilidade (meses) | D99: Custo unitário | E99: Subtotal | F99: Total (R$)
A100: Jaqueta com reflexivo (NBR 15.292) | B100: unidade | E100: =IFERROR(D100/C100,0) -> 0
A101: Calça | B101: unidade | E101: =IFERROR(D101/C101,0) -> 0
A102: Camiseta | B102: unidade | E102: =IFERROR(D102/C102,0) -> 0
A103: Boné | B103: unidade | E103: =IFERROR(D103/C103,0) -> 0
A104: Botina de segurança | B104: par | E104: =IFERROR(D104/C104,0) -> 0
A105: Meia de algodão | B105: par | E105: =IFERROR(D105/C105,0) -> 0
A106: Capa de chuva amarela com reflexivo | B106: unidade | E106: =IFERROR(D106/C106,0) -> 0
A107: Luva de proteção | B107: par | E107: =IFERROR(D107/C107,0) -> 0
A108: Mâscara facial | B108: Um | E108: =IFERROR(D108/C108,0) -> 0
A109: Protetor solar FPS 30 | B109: frasco 120g | E109: =IFERROR(D109/C109,0) -> 0
A110: Total do Efetivo | B110: homem | C110: =E38 -> 1 | D110: =+SUM(E100:E109) -> 0 | E110: =C110*D110 -> 0
D111: Fator de utilização | E111: =$B$47 -> 1 | F111: =E110*E111 -> 0
A114: Custo Mensal com Uniformes e EPIs (R$/mês) | F114: =+F111 -> 0
A116: 3. Veículos e Máquinas
A118: 3.1. Veículo/Máquina
A120: 3.1.1. Depreciação
A121: Discriminação | B121: Unidade | C121: Quantidade | D121: Custo unitário | E121: Subtotal | F121: Total (R$)
A122: Custo de aquisição do chassis | B122: unidade | C122: 1 | E122: =C122*D122 -> 0
...

Sheet 11. Caminhão Içamento S Platafo
A1: Orientações para preenchimento:
A2: 1. Esta planilha é somente um modelo-base, devendo ser adaptada para cada caso concreto.
A3: Qualquer custo previsto no edital e não contemplado nesta planilha deverá ser devidamente incluído.
A4: 2. Antes de preenchê-la, leia com atenção.
A5: 3. Preencher somente células em amarelo
A6: 4. As células azuis deverão ter seus valores preenchidos em outra planilha do arquivo.
A8: O TCE/RS não se responsabiliza pelo uso incorreto desta planilha.
A9: O orçamento deve ser realizado por responsável técnico habilitado e é de responsabilidade do seu autor.
A11: Código 77006 – Serviços de Caminhão Içamento S/ Plataforma
A12: Planilha de Composição de Custos
A14: Orçamento Sintético
A15: Descrição do Item | E15: Custo (R$/mês) | F15: %
A16: =A49 -> 1. Mão-de-obra | E16: =+F93 -> 0 | F16: =IFERROR(E16/$E$33,0) -> 0
A17: =A51 -> 1.1. Operador | E17: =F70 -> 0 | F17: =IFERROR(E17/$E$33,0) -> 0
A18: =A72 -> 1.2. Vale Transporte | E18: =F78 -> 0 | F18: =IFERROR(E18/$E$33,0) -> 0
A19: =A80 -> 1.3. Vale-refeição (mensal) | E19: =F85 -> 0 | F19: =IFERROR(E19/$E$33,0) -> 0
A20: =A87 -> 1.4. Plano de Benefício Social (Seguro de vida) e (Manutenção e Capacitação Profissional ) | E20: =F91 -> 0 | F20: =IFERROR(E20/$E$33,0) -> 0
A21: =A95 -> 2. Uniformes e Equipamentos de Proteção Individual | E21: =+F114 -> 0 | F21: =IFERROR(E21/$E$33,0) -> 0
A22: =A116 -> 3. Veículos e Máquinas | E22: =+F187 -> 0 | F22: =IFERROR(E22/$E$33,0) -> 0
A23: =A118 -> 3.1. Veículo/Máquina | E23: =SUM(E24:E29) -> 0 | F23: =IFERROR(E23/$E$33,0) -> 0
A24: 3.1.1. Depreciação | E24: =F134 -> 0 | F24: =IFERROR(E24/$E$33,0) -> 0
A25: 3.1.2. Remuneração do Capital | E25: =F152 -> 0 | F25: =IFERROR(E25/$E$33,0) -> 0
A26: =A154 -> 3.1.3. Impostos e Seguros | E26: =F160 -> 0 | F26: =IFERROR(E26/$E$33,0) -> 0
A27: =A162 -> 3.1.4. Consumos de óleo diesel | E27: =F171 -> 0 | F27: =IFERROR(E27/$E$33,0) -> 0
A28: =A173 -> 3.1.5. Manutenção/Consumos | E28: =F176 -> 0 | F28: =IFERROR(E28/$E$33,0) -> 0
A29: =A178 -> 3.1.6. Pneus | E29: =F185 -> 0 | F29: =IFERROR(E29/$E$33,0) -> 0
A30: =A189 -> 4. Ferramentas e materiais | E30: =+F200 -> 0 | F30: =IFERROR(E30/$E$33,0) -> 0
A31: =A202 -> 5. Monitoramento da frota | E31: =+F211 -> 0 | F31: =IFERROR(E31/$E$33,0) -> 0
A32: =A215 -> 4. Benefícios e Despesas Indiretas - BDI | E32: =+F221 -> 0 | F32: =IFERROR(E32/$E$33,0) -> 0
A33: PREÇO TOTAL MENSAL COM A COLETA | E33: =E16+E21+E22+E30+E31+E32 -> 0 | F33: =F16+F21+F22+F30+F31+F32 -> 0
A36: Quantitativos
A37: Mão-de-obra | E37: Quantidade
A38: =+A51 -> 1.1. Operador | E38: =C69 -> 1
A39: Motorista
A40: Sindicato de Pav de Obras Correção Salarial | E40: 0
A41: Total de mão-de-obra (postos de trabalho) | E41: =SUM(E38) -> 1
A43: Veículos e Equipamentos | E43: Quantidade
A44: =+A118 -> 3.1. Veículo/Máquina | E44: =C133 -> 1
A47: Fator de utilização (FU) | B47: ='27.Horários'!F17/'27.Horários'!F18 -> 1
A49: 1. Mão-de-obra
A51: 1.1. Operador
A52: Discriminação | B52: Unidade | C52: Quantidade | D52: Custo unitário | E52: Subtotal | F52: Total (R$)
A53: Piso da categoria (2) | B53: mês | C53: 1 | D53: =ROUND((E39*E40)+E39,2) -> 0 | E53: =C53*D53 -> 0
A54: Salário mínimo nacional (1) | B54: mês | C54: 1 | D54: 1100
A55: Adicional Noturno | B55: horas trabalhadas
B56: hora contabilizada | C56: =C55*8/7 -> 0 | D56: =D53/220*0.2 -> 0 | E56: =C55*D56 -> 0
A57: Horas Extras (100%) | B57: hora | D57: =D53/220*2 -> 0 | E57: =C57*D57 -> 0 | G57: Excluir esta linha caso a contratação não tenha previsão de horas extras 100% explícita no edital
A58: Horas Extras Noturnas (100%) | B58: horas trabalhadas | G58: Excluir esta linha caso a contratação não tenha previsão de horas extras noturnas 100% explícita no edital
B59: hora contabilizada | C59: =C58*8/7 -> 0 | D59: =D53/220*2*1.2 -> 0 | E59: =C59*D59 -> 0 | G59: Excluir esta linha caso a contratação não tenha previsão de horas extras noturnas 100% explícita no edital
A60: Horas Extras (50%) | B60: hora | D60: =D53/220*1.5 -> 0 | E60: =C60*D60 -> 0 | G60: Excluir esta linha caso a contratação não tenha previsão de horas extras 50% explícita no edital
A61: Horas Extras Noturnas (50%) | B61: horas trabalhadas | G61: Excluir esta linha caso a contratação não tenha previsão de horas extras noturnas 50% explícita no edital
B62: hora contabilizada | C62: =C61*8/7 -> 0 | D62: =D53/220*1.5*1.2 -> 0 | E62: =C62*D62 -> 0 | G62: Excluir esta linha caso a contratação não tenha previsão de horas extras noturnas 50% explícita no edital
A63: Descanso Semanal Remunerado (DSR) - hora extra | B63: R$ | D63: =63/302*(SUM(E57:E62)) -> 0 | E63: =D63 -> 0 | G63: Excluir esta linha caso a contratação não tenha previsão de horas extras explícita no edital
A64: Base de cálculo da Insalubridade | C64: 0
A65: Adicional de Insalubridade | B65: % | C65: 0 | D65: =IF(C64=2,SUM(E53:E63),IF(C64=1,SUM(E53:E63)*D54/D53,0)) -> 0 | E65: =C65*D65/100 -> 0
A66: Soma | E66: =SUM(E53:E65) -> 0
A67: Encargos Sociais | B67: % | C67: ='24.Encargos Sociais'!$C$38*100 -> 0 | D67: =E66 -> 0 | E67: =D67*C67/100 -> 0
A68: Total por funcionário | E68: =E66+E67 -> 0
A69: Total do Efetivo | B69: homem | C69: 1 | D69: =E68 -> 0 | E69: =C69*D69 -> 0
A70: Obs: Sindicato de Pav de Obras RS (R$1.381,33 + 6,76% IPCA ACUM 12 meses) | D70: Fator de utilização | E70: =B47 -> 1 | F70: =E69*E70 -> 0
A72: 1.2. Vale Transporte
A73: Discriminação | B73: Unidade | C73: Quantidade | D73: Custo unitário | E73: Subtotal | F73: Total (R$)
A74: Vale Transporte | B74: R$ | C74: 1
A75: Dias Trabalhados por mês | B75: dia | C75: 21
A76: Coletor | B76: vale | C76: =$C$75*2*(#REF!) -> #REF! | D76: =IFERROR((($C$75*2*$D$74)-(#REF!*0.06*C75/26))/($C$75*2),"-") -> - | E76: =IFERROR(C76*D76,"-") -> -
A77: Operador | B77: vale | C77: =$C$75*2*(C69) -> 42 | E77: =D74*C77 -> 0
F78: =E77-(6%*E66) -> 0
A80: 1.3. Vale-refeição (mensal)
A81: Discriminação | B81: Unidade | C81: Quantidade | D81: Custo unitário | E81: Subtotal | F81: Total (R$)
A82: =+A76 -> Coletor | B82: unidade | D82: 0 | E82: =C82*D82 -> 0
A83: =+A77 -> Operador | B83: unidade | C83: 1 | E83: =C83*D83 -> 0
A84: Encarregado | B84: unidade | C84: 0 | D84: 13.55 | E84: =C84*D84 -> 0
F85: =SUM(E82:E84) -> 0
A87: 1.4. Plano de Benefício Social (Seguro de vida) e (Manutenção e Capacitação Profissional )
A88: Discriminação | B88: Unidade | C88: Quantidade | D88: Custo unitário | E88: Subtotal | F88: Total (R$)
A89: Seguro de vida em Grupo | B89: unidade | C89: 1 | E89: =C89*D89 -> 0
A90: Manutenção e Capacitação Profissional | B90: unidade | C90: 1 | E90: =C90*D90 -> 0
D91: Fator de util. | E91: 1 | F91: =SUM(E89:E90)*E91 -> 0
A93: Custo Mensal com Mão-de-obra (R$/mês) | F93: =F70+F78+F85+F91 -> 0
A95: 2. Uniformes e Equipamentos de Proteção Individual
A97: 2.1. Uniformes e EPIs
A99: Discriminação | B99: Unidade | C99: Durabilidade (meses) | D99: Custo unitário | E99: Subtotal | F99: Total (R$)
A100: Jaqueta com reflexivo (NBR 15.292) | B100: unidade | E100: =IFERROR(D100/C100,0) -> 0
A101: Calça | B101: unidade | E101: =IFERROR(D101/C101,0) -> 0
A102: Camiseta | B102: unidade | E102: =IFERROR(D102/C102,0) -> 0
A103: Boné | B103: unidade | E103: =IFERROR(D103/C103,0) -> 0
A104: Botina de segurança | B104: par | E104: =IFERROR(D104/C104,0) -> 0
A105: Meia de algodão | B105: par | E105: =IFERROR(D105/C105,0) -> 0
A106: Capa de chuva amarela com reflexivo | B106: unidade | E106: =IFERROR(D106/C106,0) -> 0
A107: Luva de proteção | B107: par | E107: =IFERROR(D107/C107,0) -> 0
A108: Mâscara facial | B108: Um | E108: =IFERROR(D108/C108,0) -> 0
A109: Protetor solar FPS 30 | B109: frasco 120g | E109: =IFERROR(D109/C109,0) -> 0
A110: Total do Efetivo | B110: homem | C110: =E38 -> 1 | D110: =+SUM(E100:E109) -> 0 | E110: =C110*D110 -> 0
D111: Fator de utilização | E111: =$B$47 -> 1 | F111: =E110*E111 -> 0
A114: Custo Mensal com Uniformes e EPIs (R$/mês) | F114: =+F111 -> 0
A116: 3. Veículos e Máquinas
A118: 3.1. Veículo/Máquina
A120: 3.1.1. Depreciação
A121: Discriminação | B121: Unidade | C121: Quantidade | D121: Custo unitário | E121: Subtotal | F121: Total (R$)
A122: Custo de aquisição do chassis | B122: unidade | C122: 1 | E122: =C122*D122 -> 0
...

Sheet 12. Caminhão Guindaste
A1: Orientações para preenchimento:
A2: 1. Esta planilha é somente um modelo-base, devendo ser adaptada para cada caso concreto.
A3: Qualquer custo previsto no edital e não contemplado nesta planilha deverá ser devidamente incluído.
A4: 2. Antes de preenchê-la, leia com atenção.
A5: 3. Preencher somente células em amarelo
A6: 4. As células azuis deverão ter seus valores preenchidos em outra planilha do arquivo.
A8: O TCE/RS não se responsabiliza pelo uso incorreto desta planilha.
A9: O orçamento deve ser realizado por responsável técnico habilitado e é de responsabilidade do seu autor.
A11: Código 77007 – Serviços de Caminhão Guindaste Mín 12 Ton.
A12: Planilha de Composição de Custos
A14: Orçamento Sintético
A15: Descrição do Item | E15: Custo (R$/mês) | F15: %
A16: =A49 -> 1. Mão-de-obra | E16: =+F93 -> 0 | F16: =IFERROR(E16/$E$33,0) -> 0
A17: =A51 -> 1.1. Operador | E17: =F70 -> 0 | F17: =IFERROR(E17/$E$33,0) -> 0
A18: =A72 -> 1.2. Vale Transporte | E18: =F78 -> 0 | F18: =IFERROR(E18/$E$33,0) -> 0
A19: =A80 -> 1.3. Vale-refeição (mensal) | E19: =F85 -> 0 | F19: =IFERROR(E19/$E$33,0) -> 0
A20: =A87 -> 1.4. Plano de Benefício Social (Seguro de vida) e (Manutenção e Capacitação Profissional ) | E20: =F91 -> 0 | F20: =IFERROR(E20/$E$33,0) -> 0
A21: =A95 -> 2. Uniformes e Equipamentos de Proteção Individual | E21: =+F114 -> 0 | F21: =IFERROR(E21/$E$33,0) -> 0
A22: =A116 -> 3. Veículos e Máquinas | E22: =+F187 -> 0 | F22: =IFERROR(E22/$E$33,0) -> 0
A23: =A118 -> 3.1. Veículo/Máquina | E23: =SUM(E24:E29) -> 0 | F23: =IFERROR(E23/$E$33,0) -> 0
A24: 3.1.1. Depreciação | E24: =F134 -> 0 | F24: =IFERROR(E24/$E$33,0) -> 0
A25: 3.1.2. Remuneração do Capital | E25: =F152 -> 0 | F25: =IFERROR(E25/$E$33,0) -> 0
A26: =A154 -> 3.1.3. Impostos e Seguros | E26: =F160 -> 0 | F26: =IFERROR(E26/$E$33,0) -> 0
A27: =A162 -> 3.1.4. Consumos de óleo diesel | E27: =F171 -> 0 | F27: =IFERROR(E27/$E$33,0) -> 0
A28: =A173 -> 3.1.5. Manutenção/Consumos | E28: =F176 -> 0 | F28: =IFERROR(E28/$E$33,0) -> 0
A29: =A178 -> 3.1.6. Pneus | E29: =F185 -> 0 | F29: =IFERROR(E29/$E$33,0) -> 0
A30: =A189 -> 4. Ferramentas e materiais | E30: =+F200 -> 0 | F30: =IFERROR(E30/$E$33,0) -> 0
A31: =A202 -> 5. Monitoramento da frota | E31: =+F211 -> 0 | F31: =IFERROR(E31/$E$33,0) -> 0
A32: =A215 -> 4. Benefícios e Despesas Indiretas - BDI | E32: =+F221 -> 0 | F32: =IFERROR(E32/$E$33,0) -> 0
A33: PREÇO TOTAL MENSAL COM A COLETA | E33: =E16+E21+E22+E30+E31+E32 -> 0 | F33: =F16+F21+F22+F30+F31+F32 -> 0
A36: Quantitativos
A37: Mão-de-obra | E37: Quantidade
A38: =+A51 -> 1.1. Operador | E38: =C69 -> 1
A39: Motorista
A40: Sindicato de Pav de Obras Correção Salarial | E40: 0
A41: Total de mão-de-obra (postos de trabalho) | E41: =SUM(E38) -> 1
A43: Veículos e Equipamentos | E43: Quantidade
A44: =+A118 -> 3.1. Veículo/Máquina | E44: =C133 -> 1
A47: Fator de utilização (FU) | B47: 1
A49: 1. Mão-de-obra
A51: 1.1. Operador
A52: Discriminação | B52: Unidade | C52: Quantidade | D52: Custo unitário | E52: Subtotal | F52: Total (R$)
A53: Piso da categoria (2) | B53: mês | C53: 1 | D53: =ROUND((E39*E40)+E39,2) -> 0 | E53: =C53*D53 -> 0
A54: Salário mínimo nacional (1) | B54: mês | C54: 1 | D54: 1100
A55: Adicional Noturno | B55: horas trabalhadas
B56: hora contabilizada | C56: =C55*8/7 -> 0 | D56: =D53/220*0.2 -> 0 | E56: =C55*D56 -> 0
A57: Horas Extras (100%) | B57: hora | D57: =D53/220*2 -> 0 | E57: =C57*D57 -> 0 | G57: Excluir esta linha caso a contratação não tenha previsão de horas extras 100% explícita no edital
A58: Horas Extras Noturnas (100%) | B58: horas trabalhadas | G58: Excluir esta linha caso a contratação não tenha previsão de horas extras noturnas 100% explícita no edital
B59: hora contabilizada | C59: =C58*8/7 -> 0 | D59: =D53/220*2*1.2 -> 0 | E59: =C59*D59 -> 0 | G59: Excluir esta linha caso a contratação não tenha previsão de horas extras noturnas 100% explícita no edital
A60: Horas Extras (50%) | B60: hora | D60: =D53/220*1.5 -> 0 | E60: =C60*D60 -> 0 | G60: Excluir esta linha caso a contratação não tenha previsão de horas extras 50% explícita no edital
A61: Horas Extras Noturnas (50%) | B61: horas trabalhadas | G61: Excluir esta linha caso a contratação não tenha previsão de horas extras noturnas 50% explícita no edital
B62: hora contabilizada | C62: =C61*8/7 -> 0 | D62: =D53/220*1.5*1.2 -> 0 | E62: =C62*D62 -> 0 | G62: Excluir esta linha caso a contratação não tenha previsão de horas extras noturnas 50% explícita no edital
A63: Descanso Semanal Remunerado (DSR) - hora extra | B63: R$ | D63: =63/302*(SUM(E57:E62)) -> 0 | E63: =D63 -> 0 | G63: Excluir esta linha caso a contratação não tenha previsão de horas extras explícita no edital
A64: Base de cálculo da Insalubridade | C64: 0
A65: Adicional de Insalubridade | B65: % | C65: 0 | D65: =IF(C64=2,SUM(E53:E63),IF(C64=1,SUM(E53:E63)*D54/D53,0)) -> 0 | E65: =C65*D65/100 -> 0
A66: Soma | E66: =SUM(E53:E65) -> 0
A67: Encargos Sociais | B67: % | C67: 70 | D67: =E66 -> 0 | E67: =D67*C67/100 -> 0
A68: Total por funcionário | E68: =E66+E67 -> 0
A69: Total do Efetivo | B69: homem | C69: 1 | D69: =E68 -> 0 | E69: =C69*D69 -> 0
A70: Obs: Sindicato de Pav de Obras RS (R$1.381,33 + 6,76% IPCA ACUM 12 meses) | D70: Fator de utilização | E70: =B47 -> 1 | F70: =E69*E70 -> 0
A72: 1.2. Vale Transporte
A73: Discriminação | B73: Unidade | C73: Quantidade | D73: Custo unitário | E73: Subtotal | F73: Total (R$)
A74: Vale Transporte | B74: R$ | C74: 1
A75: Dias Trabalhados por mês | B75: dia | C75: 21
A76: Coletor | B76: vale | C76: =$C$75*2*(#REF!) -> #REF! | D76: =IFERROR((($C$75*2*$D$74)-(#REF!*0.06*C75/26))/($C$75*2),"-") -> - | E76: =IFERROR(C76*D76,"-") -> -
A77: Operador | B77: vale | C77: =$C$75*2*(C69) -> 42 | E77: =D74*C77 -> 0
F78: =E77-(6%*E66) -> 0
A80: 1.3. Vale-refeição (mensal)
A81: Discriminação | B81: Unidade | C81: Quantidade | D81: Custo unitário | E81: Subtotal | F81: Total (R$)
A82: =+A76 -> Coletor | B82: unidade | D82: 0 | E82: =C82*D82 -> 0
A83: =+A77 -> Operador | B83: unidade | C83: 1 | E83: =C83*D83 -> 0
A84: Encarregado | B84: unidade | C84: 0 | D84: 13.55 | E84: =C84*D84 -> 0
F85: =SUM(E82:E84) -> 0
A87: 1.4. Plano de Benefício Social (Seguro de vida) e (Manutenção e Capacitação Profissional )
A88: Discriminação | B88: Unidade | C88: Quantidade | D88: Custo unitário | E88: Subtotal | F88: Total (R$)
A89: Seguro de vida em Grupo | B89: unidade | C89: 1 | E89: =C89*D89 -> 0
A90: Manutenção e Capacitação Profissional | B90: unidade | C90: 1 | E90: =C90*D90 -> 0
D91: Fator de util. | E91: 1 | F91: =SUM(E89:E90)*E91 -> 0
A93: Custo Mensal com Mão-de-obra (R$/mês) | F93: =F70+F78+F85+F91 -> 0
A95: 2. Uniformes e Equipamentos de Proteção Individual
A97: 2.1. Uniformes e EPIs
A99: Discriminação | B99: Unidade | C99: Durabilidade (meses) | D99: Custo unitário | E99: Subtotal | F99: Total (R$)
A100: Jaqueta com reflexivo (NBR 15.292) | B100: unidade | E100: =IFERROR(D100/C100,0) -> 0
A101: Calça | B101: unidade | E101: =IFERROR(D101/C101,0) -> 0
A102: Camiseta | B102: unidade | E102: =IFERROR(D102/C102,0) -> 0
A103: Boné | B103: unidade | E103: =IFERROR(D103/C103,0) -> 0
A104: Botina de segurança | B104: par | E104: =IFERROR(D104/C104,0) -> 0
A105: Meia de algodão | B105: par | E105: =IFERROR(D105/C105,0) -> 0
A106: Capa de chuva amarela com reflexivo | B106: unidade | E106: =IFERROR(D106/C106,0) -> 0
A107: Luva de proteção | B107: par | E107: =IFERROR(D107/C107,0) -> 0
A108: Mâscara facial | B108: Um | E108: =IFERROR(D108/C108,0) -> 0
A109: Protetor solar FPS 30 | B109: frasco 120g | E109: =IFERROR(D109/C109,0) -> 0
A110: Total do Efetivo | B110: homem | C110: =E38 -> 1 | D110: =+SUM(E100:E109) -> 0 | E110: =C110*D110 -> 0
D111: Fator de utilização | E111: =$B$47 -> 1 | F111: =E110*E111 -> 0
A114: Custo Mensal com Uniformes e EPIs (R$/mês) | F114: =+F111 -> 0
A116: 3. Veículos e Máquinas
A118: 3.1. Veículo/Máquina
A120: 3.1.1. Depreciação
A121: Discriminação | B121: Unidade | C121: Quantidade | D121: Custo unitário | E121: Subtotal | F121: Total (R$)
A122: Custo de aquisição do chassis | B122: unidade | C122: 1 | E122: =C122*D122 -> 0
...

Sheet 13. Guincho com Plataforma Desl
A1: Orientações para preenchimento:
A2: 1. Esta planilha é somente um modelo-base, devendo ser adaptada para cada caso concreto.
A3: Qualquer custo previsto no edital e não contemplado nesta planilha deverá ser devidamente incluído.
A4: 2. Antes de preenchê-la, leia com atenção.
A5: 3. Preencher somente células em amarelo
A6: 4. As células azuis deverão ter seus valores preenchidos em outra planilha do arquivo.
A8: O TCE/RS não se responsabiliza pelo uso incorreto desta planilha.
A9: O orçamento deve ser realizado por responsável técnico habilitado e é de responsabilidade do seu autor.
A11: Código 77008 – Serviços de Caminhão Guincho com Plataforma Deslizante 10 ton
A12: Planilha de Composição de Custos
A14: Orçamento Sintético
A15: Descrição do Item | E15: Custo (R$/mês) | F15: %
A16: =A49 -> 1. Mão-de-obra | E16: =+F93 -> 0 | F16: =IFERROR(E16/$E$33,0) -> 0
A17: =A51 -> 1.1. Motorista | E17: =F70 -> 0 | F17: =IFERROR(E17/$E$33,0) -> 0
A18: =A72 -> 1.2. Vale Transporte | E18: =F78 -> 0 | F18: =IFERROR(E18/$E$33,0) -> 0
A19: =A80 -> 1.3. Vale-refeição (mensal) | E19: =F85 -> 0 | F19: =IFERROR(E19/$E$33,0) -> 0
A20: =A87 -> 1.4. Plano de Benefício Social (Seguro de vida) e (Manutenção e Capacitação Profissional ) | E20: =F91 -> 0 | F20: =IFERROR(E20/$E$33,0) -> 0
A21: =A95 -> 2. Uniformes e Equipamentos de Proteção Individual | E21: =+F114 -> 0 | F21: =IFERROR(E21/$E$33,0) -> 0
A22: =A116 -> 3. Veículos e Máquinas | E22: =+F187 -> 0 | F22: =IFERROR(E22/$E$33,0) -> 0
A23: =A118 -> 3.1. Veículo/Máquina | E23: =SUM(E24:E29) -> 0 | F23: =IFERROR(E23/$E$33,0) -> 0
A24: 3.1.1. Depreciação | E24: =F134 -> 0 | F24: =IFERROR(E24/$E$33,0) -> 0
A25: 3.1.2. Remuneração do Capital | E25: =F152 -> 0 | F25: =IFERROR(E25/$E$33,0) -> 0
A26: =A154 -> 3.1.3. Impostos e Seguros | E26: =F160 -> 0 | F26: =IFERROR(E26/$E$33,0) -> 0
A27: =A162 -> 3.1.4. Consumos de óleo diesel | E27: =F171 -> 0 | F27: =IFERROR(E27/$E$33,0) -> 0
A28: =A173 -> 3.1.5. Manutenção/Consumos | E28: =F176 -> 0 | F28: =IFERROR(E28/$E$33,0) -> 0
A29: =A178 -> 3.1.6. Pneus | E29: =F185 -> 0 | F29: =IFERROR(E29/$E$33,0) -> 0
A30: =A189 -> 4. Ferramentas e materiais | E30: =+F200 -> 0 | F30: =IFERROR(E30/$E$33,0) -> 0
A31: =A202 -> 5. Monitoramento da frota | E31: =+F211 -> 0 | F31: =IFERROR(E31/$E$33,0) -> 0
A32: =A215 -> 4. Benefícios e Despesas Indiretas - BDI | E32: =+F221 -> 0 | F32: =IFERROR(E32/$E$33,0) -> 0
A33: PREÇO TOTAL MENSAL COM A COLETA | E33: =E16+E21+E22+E30+E31+E32 -> 0 | F33: =F16+F21+F22+F30+F31+F32 -> 0
A36: Quantitativos
A37: Mão-de-obra | E37: Quantidade
A38: =+A51 -> 1.1. Motorista | E38: =C69 -> 1
A39: Motorista
A40: Sindicato de Pav de Obras Correção Salarial | E40: 0
A41: Total de mão-de-obra (postos de trabalho) | E41: =SUM(E38) -> 1
A43: Veículos e Equipamentos | E43: Quantidade
A44: =+A118 -> 3.1. Veículo/Máquina | E44: =C133 -> 1
A47: Fator de utilização (FU) | B47: ='27.Horários'!F17/'27.Horários'!F18 -> 1
A49: 1. Mão-de-obra
A51: 1.1. Motorista
A52: Discriminação | B52: Unidade | C52: Quantidade | D52: Custo unitário | E52: Subtotal | F52: Total (R$)
A53: Piso da categoria (2) | B53: mês | C53: 1 | D53: =ROUND((E39*E40)+E39,2) -> 0 | E53: =C53*D53 -> 0
A54: Salário mínimo nacional (1) | B54: mês | C54: 1 | D54: 1100
A55: Adicional Noturno | B55: horas trabalhadas
B56: hora contabilizada | C56: =C55*8/7 -> 0 | D56: =D53/220*0.2 -> 0 | E56: =C55*D56 -> 0
A57: Horas Extras (100%) | B57: hora | D57: =D53/220*2 -> 0 | E57: =C57*D57 -> 0 | G57: Excluir esta linha caso a contratação não tenha previsão de horas extras 100% explícita no edital
A58: Horas Extras Noturnas (100%) | B58: horas trabalhadas | G58: Excluir esta linha caso a contratação não tenha previsão de horas extras noturnas 100% explícita no edital
B59: hora contabilizada | C59: =C58*8/7 -> 0 | D59: =D53/220*2*1.2 -> 0 | E59: =C59*D59 -> 0 | G59: Excluir esta linha caso a contratação não tenha previsão de horas extras noturnas 100% explícita no edital
A60: Horas Extras (50%) | B60: hora | D60: =D53/220*1.5 -> 0 | E60: =C60*D60 -> 0 | G60: Excluir esta linha caso a contratação não tenha previsão de horas extras 50% explícita no edital
A61: Horas Extras Noturnas (50%) | B61: horas trabalhadas | G61: Excluir esta linha caso a contratação não tenha previsão de horas extras noturnas 50% explícita no edital
B62: hora contabilizada | C62: =C61*8/7 -> 0 | D62: =D53/220*1.5*1.2 -> 0 | E62: =C62*D62 -> 0 | G62: Excluir esta linha caso a contratação não tenha previsão de horas extras noturnas 50% explícita no edital
A63: Descanso Semanal Remunerado (DSR) - hora extra | B63: R$ | D63: =63/302*(SUM(E57:E62)) -> 0 | E63: =D63 -> 0 | G63: Excluir esta linha caso a contratação não tenha previsão de horas extras explícita no edital
A64: Base de cálculo da Insalubridade | C64: 0
A65: Adicional de Insalubridade | B65: % | C65: 0 | D65: =IF(C64=2,SUM(E53:E63),IF(C64=1,SUM(E53:E63)*D54/D53,0)) -> 0 | E65: =C65*D65/100 -> 0
A66: Soma | E66: =SUM(E53:E65) -> 0
A67: Encargos Sociais | B67: % | C67: ='24.Encargos Sociais'!$C$38*100 -> 0 | D67: =E66 -> 0 | E67: =D67*C67/100 -> 0
A68: Total por funcionário | E68: =E66+E67 -> 0
A69: Total do Efetivo | B69: homem | C69: 1 | D69: =E68 -> 0 | E69: =C69*D69 -> 0
A70: Obs: Sindicato de Pav de Obras RS (R$1.381,33 + 6,76% IPCA ACUM 12 meses) | D70: Fator de utilização | E70: =B47 -> 1 | F70: =E69*E70 -> 0
A72: 1.2. Vale Transporte
A73: Discriminação | B73: Unidade | C73: Quantidade | D73: Custo unitário | E73: Subtotal | F73: Total (R$)
A74: Vale Transporte | B74: R$ | C74: 1
A75: Dias Trabalhados por mês | B75: dia | C75: 21
A76: Coletor | B76: vale | C76: =$C$75*2*(#REF!) -> #REF! | D76: =IFERROR((($C$75*2*$D$74)-(#REF!*0.06*C75/26))/($C$75*2),"-") -> - | E76: =IFERROR(C76*D76,"-") -> -
A77: Operador | B77: vale | C77: =$C$75*2*(C69) -> 42 | E77: =D74*C77 -> 0
F78: =E77-(6%*E66) -> 0
A80: 1.3. Vale-refeição (mensal)
A81: Discriminação | B81: Unidade | C81: Quantidade | D81: Custo unitário | E81: Subtotal | F81: Total (R$)
A82: =+A76 -> Coletor | B82: unidade | D82: 0 | E82: =C82*D82 -> 0
A83: =+A77 -> Operador | B83: unidade | C83: 1 | E83: =C83*D83 -> 0
A84: Encarregado | B84: unidade | C84: 0 | D84: 13.55 | E84: =C84*D84 -> 0
F85: =SUM(E82:E84) -> 0
A87: 1.4. Plano de Benefício Social (Seguro de vida) e (Manutenção e Capacitação Profissional )
A88: Discriminação | B88: Unidade | C88: Quantidade | D88: Custo unitário | E88: Subtotal | F88: Total (R$)
A89: Seguro de vida em Grupo | B89: unidade | C89: 1 | E89: =C89*D89 -> 0
A90: Manutenção e Capacitação Profissional | B90: unidade | C90: 1 | E90: =C90*D90 -> 0
D91: Fator de util. | E91: 1 | F91: =SUM(E89:E90)*E91 -> 0
A93: Custo Mensal com Mão-de-obra (R$/mês) | F93: =F70+F78+F85+F91 -> 0
A95: 2. Uniformes e Equipamentos de Proteção Individual
A97: 2.1. Uniformes e EPIs
A99: Discriminação | B99: Unidade | C99: Durabilidade (meses) | D99: Custo unitário | E99: Subtotal | F99: Total (R$)
A100: Jaqueta com reflexivo (NBR 15.292) | B100: unidade | E100: =IFERROR(D100/C100,0) -> 0
A101: Calça | B101: unidade | E101: =IFERROR(D101/C101,0) -> 0
A102: Camiseta | B102: unidade | E102: =IFERROR(D102/C102,0) -> 0
A103: Boné | B103: unidade | E103: =IFERROR(D103/C103,0) -> 0
A104: Botina de segurança | B104: par | E104: =IFERROR(D104/C104,0) -> 0
A105: Meia de algodão | B105: par | E105: =IFERROR(D105/C105,0) -> 0
A106: Capa de chuva amarela com reflexivo | B106: unidade | E106: =IFERROR(D106/C106,0) -> 0
A107: Luva de proteção | B107: par | E107: =IFERROR(D107/C107,0) -> 0
A108: Mâscara facial | B108: Um | E108: =IFERROR(D108/C108,0) -> 0
A109: Protetor solar FPS 30 | B109: frasco 120g | E109: =IFERROR(D109/C109,0) -> 0
A110: Total do Efetivo | B110: homem | C110: =E38 -> 1 | D110: =+SUM(E100:E109) -> 0 | E110: =C110*D110 -> 0
D111: Fator de utilização | E111: =$B$47 -> 1 | F111: =E110*E111 -> 0
A114: Custo Mensal com Uniformes e EPIs (R$/mês) | F114: =+F111 -> 0
A116: 3. Veículos e Máquinas
A118: 3.1. Veículo/Máquina
A120: 3.1.1. Depreciação
A121: Discriminação | B121: Unidade | C121: Quantidade | D121: Custo unitário | E121: Subtotal | F121: Total (R$)
A122: Custo de aquisição do chassis | B122: unidade | C122: 1 | E122: =C122*D122 -> 0
...

Sheet 14. Carreta Prancha
A1: Orientações para preenchimento:
A2: 1. Esta planilha é somente um modelo-base, devendo ser adaptada para cada caso concreto.
A3: Qualquer custo previsto no edital e não contemplado nesta planilha deverá ser devidamente incluído.
A4: 2. Antes de preenchê-la, leia com atenção.
A5: 3. Preencher somente células em amarelo
A6: 4. As células azuis deverão ter seus valores preenchidos em outra planilha do arquivo.
A8: O TCE/RS não se responsabiliza pelo uso incorreto desta planilha.
A9: O orçamento deve ser realizado por responsável técnico habilitado e é de responsabilidade do seu autor.
A11: Código 77009 - Serviços de Carreta Prancha
A12: Planilha de Composição de Custos
A14: Orçamento Sintético
A15: Descrição do Item | E15: Custo (R$/mês) | F15: %
A16: =A49 -> 1. Mão-de-obra | E16: =+F93 -> 0 | F16: =IFERROR(E16/$E$33,0) -> 0
A17: =A51 -> 1.1. Operador | E17: =F70 -> 0 | F17: =IFERROR(E17/$E$33,0) -> 0
A18: =A72 -> 1.2. Vale Transporte | E18: =F78 -> 0 | F18: =IFERROR(E18/$E$33,0) -> 0
A19: =A80 -> 1.3. Vale-refeição (mensal) | E19: =F85 -> 0 | F19: =IFERROR(E19/$E$33,0) -> 0
A20: =A87 -> 1.4. Plano de Benefício Social (Seguro de vida) e (Manutenção e Capacitação Profissional ) | E20: =F91 -> 0 | F20: =IFERROR(E20/$E$33,0) -> 0
A21: =A95 -> 2. Uniformes e Equipamentos de Proteção Individual | E21: =+F114 -> 0 | F21: =IFERROR(E21/$E$33,0) -> 0
A22: =A116 -> 3. Veículos e Máquinas | E22: =+F187 -> 0 | F22: =IFERROR(E22/$E$33,0) -> 0
A23: =A118 -> 3.1. Veículo/Máquina | E23: =SUM(E24:E29) -> 0 | F23: =IFERROR(E23/$E$33,0) -> 0
A24: 3.1.1. Depreciação | E24: =F134 -> 0 | F24: =IFERROR(E24/$E$33,0) -> 0
A25: 3.1.2. Remuneração do Capital | E25: =F152 -> 0 | F25: =IFERROR(E25/$E$33,0) -> 0
A26: =A154 -> 3.1.3. Impostos e Seguros | E26: =F160 -> 0 | F26: =IFERROR(E26/$E$33,0) -> 0
A27: =A162 -> 3.1.4. Consumos de óleo diesel | E27: =F171 -> 0 | F27: =IFERROR(E27/$E$33,0) -> 0
A28: =A173 -> 3.1.5. Manutenção/Consumos | E28: =F176 -> 0 | F28: =IFERROR(E28/$E$33,0) -> 0
A29: =A178 -> 3.1.6. Pneus | E29: =F185 -> 0 | F29: =IFERROR(E29/$E$33,0) -> 0
A30: =A189 -> 4. Ferramentas e materiais | E30: =+F200 -> 0 | F30: =IFERROR(E30/$E$33,0) -> 0
A31: =A202 -> 5. Monitoramento da frota | E31: =+F211 -> 0 | F31: =IFERROR(E31/$E$33,0) -> 0
A32: =A215 -> 4. Benefícios e Despesas Indiretas - BDI | E32: =+F221 -> 0 | F32: =IFERROR(E32/$E$33,0) -> 0
A33: PREÇO TOTAL MENSAL COM A COLETA | E33: =E16+E21+E22+E30+E31+E32 -> 0 | F33: =F16+F21+F22+F30+F31+F32 -> 0
A36: Quantitativos
A37: Mão-de-obra | E37: Quantidade
A38: =+A51 -> 1.1. Operador | E38: =C69 -> 1
A39: Motorista
A40: Sindicato de Pav de Obras Correção Salarial | E40: 0
A41: Total de mão-de-obra (postos de trabalho) | E41: =SUM(E38) -> 1
A43: Veículos e Equipamentos | E43: Quantidade
A44: =+A118 -> 3.1. Veículo/Máquina | E44: =C133 -> 1
A47: Fator de utilização (FU) | B47: ='27.Horários'!F17/'27.Horários'!F18 -> 1
A49: 1. Mão-de-obra
A51: 1.1. Operador
A52: Discriminação | B52: Unidade | C52: Quantidade | D52: Custo unitário | E52: Subtotal | F52: Total (R$)
A53: Piso da categoria (2) | B53: mês | C53: 1 | D53: =ROUND((E39*E40)+E39,2) -> 0 | E53: =C53*D53 -> 0
A54: Salário mínimo nacional (1) | B54: mês | C54: 1 | D54: 1100
A55: Adicional Noturno | B55: horas trabalhadas
B56: hora contabilizada | C56: =C55*8/7 -> 0 | D56: =D53/220*0.2 -> 0 | E56: =C55*D56 -> 0
A57: Horas Extras (100%) | B57: hora | D57: =D53/220*2 -> 0 | E57: =C57*D57 -> 0 | G57: Excluir esta linha caso a contratação não tenha previsão de horas extras 100% explícita no edital
A58: Horas Extras Noturnas (100%) | B58: horas trabalhadas | G58: Excluir esta linha caso a contratação não tenha previsão de horas extras noturnas 100% explícita no edital
B59: hora contabilizada | C59: =C58*8/7 -> 0 | D59: =D53/220*2*1.2 -> 0 | E59: =C59*D59 -> 0 | G59: Excluir esta linha caso a contratação não tenha previsão de horas extras noturnas 100% explícita no edital
A60: Horas Extras (50%) | B60: hora | D60: =D53/220*1.5 -> 0 | E60: =C60*D60 -> 0 | G60: Excluir esta linha caso a contratação não tenha previsão de horas extras 50% explícita no edital
A61: Horas Extras Noturnas (50%) | B61: horas trabalhadas | G61: Excluir esta linha caso a contratação não tenha previsão de horas extras noturnas 50% explícita no edital
B62: hora contabilizada | C62: =C61*8/7 -> 0 | D62: =D53/220*1.5*1.2 -> 0 | E62: =C62*D62 -> 0 | G62: Excluir esta linha caso a contratação não tenha previsão de horas extras noturnas 50% explícita no edital
A63: Descanso Semanal Remunerado (DSR) - hora extra | B63: R$ | D63: =63/302*(SUM(E57:E62)) -> 0 | E63: =D63 -> 0 | G63: Excluir esta linha caso a contratação não tenha previsão de horas extras explícita no edital
A64: Base de cálculo da Insalubridade | C64: 0
A65: Adicional de Insalubridade | B65: % | C65: 0 | D65: =IF(C64=2,SUM(E53:E63),IF(C64=1,SUM(E53:E63)*D54/D53,0)) -> 0 | E65: =C65*D65/100 -> 0
A66: Soma | E66: =SUM(E53:E65) -> 0
A67: Encargos Sociais | B67: % | C67: ='24.Encargos Sociais'!$C$38*100 -> 0 | D67: =E66 -> 0 | E67: =D67*C67/100 -> 0
A68: Total por funcionário | E68: =E66+E67 -> 0
A69: Total do Efetivo | B69: homem | C69: 1 | D69: =E68 -> 0 | E69: =C69*D69 -> 0
A70: Obs: Sindicato de Pav de Obras RS (R$1.381,33 + 6,76% IPCA ACUM 12 meses) | D70: Fator de utilização | E70: =B47 -> 1 | F70: =E69*E70 -> 0
A72: 1.2. Vale Transporte
A73: Discriminação | B73: Unidade | C73: Quantidade | D73: Custo unitário | E73: Subtotal | F73: Total (R$)
A74: Vale Transporte | B74: R$ | C74: 1
A75: Dias Trabalhados por mês | B75: dia | C75: 21
A76: Coletor | B76: vale | C76: =$C$75*2*(#REF!) -> #REF! | D76: =IFERROR((($C$75*2*$D$74)-(#REF!*0.06*C75/26))/($C$75*2),"-") -> - | E76: =IFERROR(C76*D76,"-") -> -
A77: Operador | B77: vale | C77: =$C$75*2*(C69) -> 42 | E77: =D74*C77 -> 0
F78: =E77-(6%*E66) -> 0
A80: 1.3. Vale-refeição (mensal)
A81: Discriminação | B81: Unidade | C81: Quantidade | D81: Custo unitário | E81: Subtotal | F81: Total (R$)
A82: =+A76 -> Coletor | B82: unidade | D82: 0 | E82: =C82*D82 -> 0
A83: =+A77 -> Operador | B83: unidade | C83: 1 | E83: =C83*D83 -> 0
A84: Encarregado | B84: unidade | C84: 0 | D84: 13.55 | E84: =C84*D84 -> 0
F85: =SUM(E82:E84) -> 0
A87: 1.4. Plano de Benefício Social (Seguro de vida) e (Manutenção e Capacitação Profissional )
A88: Discriminação | B88: Unidade | C88: Quantidade | D88: Custo unitário | E88: Subtotal | F88: Total (R$)
A89: Seguro de vida em Grupo | B89: unidade | C89: 1 | E89: =C89*D89 -> 0
A90: Manutenção e Capacitação Profissional | B90: unidade | C90: 1 | E90: =C90*D90 -> 0
D91: Fator de util. | E91: 1 | F91: =SUM(E89:E90)*E91 -> 0
A93: Custo Mensal com Mão-de-obra (R$/mês) | F93: =F70+F78+F85+F91 -> 0
A95: 2. Uniformes e Equipamentos de Proteção Individual
A97: 2.1. Uniformes e EPIs
A99: Discriminação | B99: Unidade | C99: Durabilidade (meses) | D99: Custo unitário | E99: Subtotal | F99: Total (R$)
A100: Jaqueta com reflexivo (NBR 15.292) | B100: unidade | E100: =IFERROR(D100/C100,0) -> 0
A101: Calça | B101: unidade | E101: =IFERROR(D101/C101,0) -> 0
A102: Camiseta | B102: unidade | E102: =IFERROR(D102/C102,0) -> 0
A103: Boné | B103: unidade | E103: =IFERROR(D103/C103,0) -> 0
A104: Botina de segurança | B104: par | E104: =IFERROR(D104/C104,0) -> 0
A105: Meia de algodão | B105: par | E105: =IFERROR(D105/C105,0) -> 0
A106: Capa de chuva amarela com reflexivo | B106: unidade | E106: =IFERROR(D106/C106,0) -> 0
A107: Luva de proteção | B107: par | E107: =IFERROR(D107/C107,0) -> 0
A108: Mâscara facial | B108: Um | E108: =IFERROR(D108/C108,0) -> 0
A109: Protetor solar FPS 30 | B109: frasco 120g | E109: =IFERROR(D109/C109,0) -> 0
A110: Total do Efetivo | B110: homem | C110: =E38 -> 1 | D110: =+SUM(E100:E109) -> 0 | E110: =C110*D110 -> 0
D111: Fator de utilização | E111: =$B$47 -> 1 | F111: =E110*E111 -> 0
A114: Custo Mensal com Uniformes e EPIs (R$/mês) | F114: =+F111 -> 0
A116: 3. Veículos e Máquinas
A118: 3.1. Veículo/Máquina
A120: 3.1.1. Depreciação
A121: Discriminação | B121: Unidade | C121: Quantidade | D121: Custo unitário | E121: Subtotal | F121: Total (R$)
A122: Custo de aquisição do chassis | B122: unidade | C122: 1 | E122: =C122*D122 -> 0
...

Sheet 15. Moto Scraper 
A1: Orientações para preenchimento:
A2: 1. Esta planilha é somente um modelo-base, devendo ser adaptada para cada caso concreto.
A3: Qualquer custo previsto no edital e não contemplado nesta planilha deverá ser devidamente incluído.
A4: 2. Antes de preenchê-la, leia com atenção.
A5: 3. Preencher somente células em amarelo
A6: 4. As células azuis deverão ter seus valores preenchidos em outra planilha do arquivo.
A8: O TCE/RS não se responsabiliza pelo uso incorreto desta planilha.
A9: O orçamento deve ser realizado por responsável técnico habilitado e é de responsabilidade do seu autor.
A11: Código 77010 – Serviços de Moto-Scraper com Trator
A12: Planilha de Composição de Custos
A14: Orçamento Sintético
A15: Descrição do Item | E15: Custo (R$/mês) | F15: %
A16: =A49 -> 1. Mão-de-obra | E16: =+F93 -> 0 | F16: =IFERROR(E16/$E$33,0) -> 0
A17: =A51 -> 1.1. Operador | E17: =F70 -> 0 | F17: =IFERROR(E17/$E$33,0) -> 0
A18: =A72 -> 1.2. Vale Transporte | E18: =F78 -> 0 | F18: =IFERROR(E18/$E$33,0) -> 0
A19: =A80 -> 1.3. Vale-refeição (mensal) | E19: =F85 -> 0 | F19: =IFERROR(E19/$E$33,0) -> 0
A20: =A87 -> 1.4. Plano de Benefício Social (Seguro de vida) e (Manutenção e Capacitação Profissional ) | E20: =F91 -> 0 | F20: =IFERROR(E20/$E$33,0) -> 0
A21: =A95 -> 2. Uniformes e Equipamentos de Proteção Individual | E21: =+F114 -> 0 | F21: =IFERROR(E21/$E$33,0) -> 0
A22: =A116 -> 3. Veículos e Máquinas | E22: =+F187 -> 0 | F22: =IFERROR(E22/$E$33,0) -> 0
A23: =A118 -> 3.1. Veículo/Máquina | E23: =SUM(E24:E29) -> 0 | F23: =IFERROR(E23/$E$33,0) -> 0
A24: 3.1.1. Depreciação | E24: =F134 -> 0 | F24: =IFERROR(E24/$E$33,0) -> 0
A25: 3.1.2. Remuneração do Capital | E25: =F152 -> 0 | F25: =IFERROR(E25/$E$33,0) -> 0
A26: =A154 -> 3.1.3. Impostos e Seguros | E26: =F160 -> 0 | F26: =IFERROR(E26/$E$33,0) -> 0
A27: =A162 -> 3.1.4. Consumos de óleo diesel | E27: =F171 -> 0 | F27: =IFERROR(E27/$E$33,0) -> 0
A28: =A173 -> 3.1.5. Manutenção/Consumos | E28: =F176 -> 0 | F28: =IFERROR(E28/$E$33,0) -> 0
A29: =A178 -> 3.1.6. Pneus | E29: =F185 -> 0 | F29: =IFERROR(E29/$E$33,0) -> 0
A30: =A189 -> 4. Ferramentas e materiais | E30: =+F200 -> 0 | F30: =IFERROR(E30/$E$33,0) -> 0
A31: =A202 -> 5. Monitoramento da frota | E31: =+F211 -> 0 | F31: =IFERROR(E31/$E$33,0) -> 0
A32: =A215 -> 4. Benefícios e Despesas Indiretas - BDI | E32: =+F221 -> 0 | F32: =IFERROR(E32/$E$33,0) -> 0
A33: PREÇO TOTAL MENSAL COM A COLETA | E33: =E16+E21+E22+E30+E31+E32 -> 0 | F33: =F16+F21+F22+F30+F31+F32 -> 0
A36: Quantitativos
A37: Mão-de-obra | E37: Quantidade
A38: =+A51 -> 1.1. Operador | E38: =C69 -> 1
A39: Motorista
A40: Sindicato de Pav de Obras Correção Salarial | E40: 0
A41: Total de mão-de-obra (postos de trabalho) | E41: =SUM(E38) -> 1
A43: Veículos e Equipamentos | E43: Quantidade
A44: =+A118 -> 3.1. Veículo/Máquina | E44: =C133 -> 1
A47: Fator de utilização (FU) | B47: ='27.Horários'!F17/'27.Horários'!F18 -> 1
A49: 1. Mão-de-obra
A51: 1.1. Operador
A52: Discriminação | B52: Unidade | C52: Quantidade | D52: Custo unitário | E52: Subtotal | F52: Total (R$)
A53: Piso da categoria (2) | B53: mês | C53: 1 | D53: =ROUND((E39*E40)+E39,2) -> 0 | E53: =C53*D53 -> 0
A54: Salário mínimo nacional (1) | B54: mês | C54: 1 | D54: 1100
A55: Adicional Noturno | B55: horas trabalhadas
B56: hora contabilizada | C56: =C55*8/7 -> 0 | D56: =D53/220*0.2 -> 0 | E56: =C55*D56 -> 0
A57: Horas Extras (100%) | B57: hora | D57: =D53/220*2 -> 0 | E57: =C57*D57 -> 0 | G57: Excluir esta linha caso a contratação não tenha previsão de horas extras 100% explícita no edital
A58: Horas Extras Noturnas (100%) | B58: horas trabalhadas | G58: Excluir esta linha caso a contratação não tenha previsão de horas extras noturnas 100% explícita no edital
B59: hora contabilizada | C59: =C58*8/7 -> 0 | D59: =D53/220*2*1.2 -> 0 | E59: =C59*D59 -> 0 | G59: Excluir esta linha caso a contratação não tenha previsão de horas extras noturnas 100% explícita no edital
A60: Horas Extras (50%) | B60: hora | D60: =D53/220*1.5 -> 0 | E60: =C60*D60 -> 0 | G60: Excluir esta linha caso a contratação não tenha previsão de horas extras 50% explícita no edital
A61: Horas Extras Noturnas (50%) | B61: horas trabalhadas | G61: Excluir esta linha caso a contratação não tenha previsão de horas extras noturnas 50% explícita no edital
B62: hora contabilizada | C62: =C61*8/7 -> 0 | D62: =D53/220*1.5*1.2 -> 0 | E62: =C62*D62 -> 0 | G62: Excluir esta linha caso a contratação não tenha previsão de horas extras noturnas 50% explícita no edital
A63: Descanso Semanal Remunerado (DSR) - hora extra | B63: R$ | D63: =63/302*(SUM(E57:E62)) -> 0 | E63: =D63 -> 0 | G63: Excluir esta linha caso a contratação não tenha previsão de horas extras explícita no edital
A64: Base de cálculo da Insalubridade | C64: 0
A65: Adicional de Insalubridade | B65: % | C65: 0 | D65: =IF(C64=2,SUM(E53:E63),IF(C64=1,SUM(E53:E63)*D54/D53,0)) -> 0 | E65: =C65*D65/100 -> 0
A66: Soma | E66: =SUM(E53:E65) -> 0
A67: Encargos Sociais | B67: % | C67: ='24.Encargos Sociais'!$C$38*100 -> 0 | D67: =E66 -> 0 | E67: =D67*C67/100 -> 0
A68: Total por funcionário | E68: =E66+E67 -> 0
A69: Total do Efetivo | B69: homem | C69: 1 | D69: =E68 -> 0 | E69: =C69*D69 -> 0
A70: Obs: Sindicato de Pav de Obras RS (R$1.381,33 + 6,76% IPCA ACUM 12 meses) | D70: Fator de utilização | E70: =B47 -> 1 | F70: =E69*E70 -> 0
A72: 1.2. Vale Transporte
A73: Discriminação | B73: Unidade | C73: Quantidade | D73: Custo unitário | E73: Subtotal | F73: Total (R$)
A74: Vale Transporte | B74: R$ | C74: 1
A75: Dias Trabalhados por mês | B75: dia | C75: 21
A76: Coletor | B76: vale | C76: =$C$75*2*(#REF!) -> #REF! | D76: =IFERROR((($C$75*2*$D$74)-(#REF!*0.06*C75/26))/($C$75*2),"-") -> - | E76: =IFERROR(C76*D76,"-") -> -
A77: Operador | B77: vale | C77: =$C$75*2*(C69) -> 42 | E77: =D74*C77 -> 0
F78: =E77-(6%*E66) -> 0
A80: 1.3. Vale-refeição (mensal)
A81: Discriminação | B81: Unidade | C81: Quantidade | D81: Custo unitário | E81: Subtotal | F81: Total (R$)
A82: =+A76 -> Coletor | B82: unidade | D82: 0 | E82: =C82*D82 -> 0
A83: =+A77 -> Operador | B83: unidade | C83: 1 | E83: =C83*D83 -> 0
A84: Encarregado | B84: unidade | C84: 0 | D84: 13.55 | E84: =C84*D84 -> 0
F85: =SUM(E82:E84) -> 0
A87: 1.4. Plano de Benefício Social (Seguro de vida) e (Manutenção e Capacitação Profissional )
A88: Discriminação | B88: Unidade | C88: Quantidade | D88: Custo unitário | E88: Subtotal | F88: Total (R$)
A89: Seguro de vida em Grupo | B89: unidade | C89: 1 | E89: =C89*D89 -> 0
A90: Manutenção e Capacitação Profissional | B90: unidade | C90: 1 | E90: =C90*D90 -> 0
D91: Fator de util. | E91: 1 | F91: =SUM(E89:E90)*E91 -> 0
A93: Custo Mensal com Mão-de-obra (R$/mês) | F93: =F70+F78+F85+F91 -> 0
A95: 2. Uniformes e Equipamentos de Proteção Individual
A97: 2.1. Uniformes e EPIs
A99: Discriminação | B99: Unidade | C99: Durabilidade (meses) | D99: Custo unitário | E99: Subtotal | F99: Total (R$)
A100: Jaqueta com reflexivo (NBR 15.292) | B100: unidade | E100: =IFERROR(D100/C100,0) -> 0
A101: Calça | B101: unidade | E101: =IFERROR(D101/C101,0) -> 0
A102: Camiseta | B102: unidade | E102: =IFERROR(D102/C102,0) -> 0
A103: Boné | B103: unidade | E103: =IFERROR(D103/C103,0) -> 0
A104: Botina de segurança | B104: par | E104: =IFERROR(D104/C104,0) -> 0
A105: Meia de algodão | B105: par | E105: =IFERROR(D105/C105,0) -> 0
A106: Capa de chuva amarela com reflexivo | B106: unidade | E106: =IFERROR(D106/C106,0) -> 0
A107: Luva de proteção | B107: par | E107: =IFERROR(D107/C107,0) -> 0
A108: Mâscara facial | B108: Um | E108: =IFERROR(D108/C108,0) -> 0
A109: Protetor solar FPS 30 | B109: frasco 120g | E109: =IFERROR(D109/C109,0) -> 0
A110: Total do Efetivo | B110: homem | C110: =E38 -> 1 | D110: =+SUM(E100:E109) -> 0 | E110: =C110*D110 -> 0
D111: Fator de utilização | E111: =$B$47 -> 1 | F111: =E110*E111 -> 0
A114: Custo Mensal com Uniformes e EPIs (R$/mês) | F114: =+F111 -> 0
A116: 3. Veículos e Máquinas
A118: 3.1. Veículo/Máquina
A120: 3.1.1. Depreciação
A121: Discriminação | B121: Unidade | C121: Quantidade | D121: Custo unitário | E121: Subtotal | F121: Total (R$)
A122: Custo de aquisição do chassis | B122: unidade | C122: 1 | E122: =C122*D122 -> 0
...

Sheet 16. Máquina Rolo com espargidor
A1: Orientações para preenchimento:
A2: 1. Esta planilha é somente um modelo-base, devendo ser adaptada para cada caso concreto.
A3: Qualquer custo previsto no edital e não contemplado nesta planilha deverá ser devidamente incluído.
A4: 2. Antes de preenchê-la, leia com atenção.
A5: 3. Preencher somente células em amarelo
A6: 4. As células azuis deverão ter seus valores preenchidos em outra planilha do arquivo.
A8: O TCE/RS não se responsabiliza pelo uso incorreto desta planilha.
A9: O orçamento deve ser realizado por responsável técnico habilitado e é de responsabilidade do seu autor.
A11: Código 77011 – Serviços de Máquina Rolo com Espargidor
A12: Planilha de Composição de Custos
A14: Orçamento Sintético
A15: Descrição do Item | E15: Custo (R$/mês) | F15: %
A16: =A49 -> 1. Mão-de-obra | E16: =+F93 -> 0 | F16: =IFERROR(E16/$E$33,0) -> 0
A17: =A51 -> 1.1. Operador de Máquinas | E17: =F70 -> 0 | F17: =IFERROR(E17/$E$33,0) -> 0
A18: =A72 -> 1.2. Vale Transporte | E18: =F78 -> 0 | F18: =IFERROR(E18/$E$33,0) -> 0
A19: =A80 -> 1.3. Vale-refeição (mensal) | E19: =F85 -> 0 | F19: =IFERROR(E19/$E$33,0) -> 0
A20: =A87 -> 1.4. Plano de Benefício Social (Seguro de vida) e (Manutenção e Capacitação Profissional ) | E20: =F91 -> 0 | F20: =IFERROR(E20/$E$33,0) -> 0
A21: =A95 -> 2. Uniformes e Equipamentos de Proteção Individual | E21: =+F114 -> 0 | F21: =IFERROR(E21/$E$33,0) -> 0
A22: =A116 -> 3. Veículos e Máquinas | E22: =+F188 -> 0 | F22: =IFERROR(E22/$E$33,0) -> 0
A23: =A118 -> 3.1. Veículo/Máquina | E23: =SUM(E24:E29) -> 0 | F23: =IFERROR(E23/$E$33,0) -> 0
A24: 3.1.1. Depreciação | E24: =F134 -> 0 | F24: =IFERROR(E24/$E$33,0) -> 0
A25: 3.1.2. Remuneração do Capital | E25: =F152 -> 0 | F25: =IFERROR(E25/$E$33,0) -> 0
A26: =A154 -> 3.1.3. Impostos e Seguros | E26: =F162 -> 0 | F26: =IFERROR(E26/$E$33,0) -> 0
A27: =A164 -> 3.1.4. Consumos de óleo diesel | E27: =F172 -> 0 | F27: =IFERROR(E27/$E$33,0) -> 0
A28: =A174 -> 3.1.5. Manutenção/Consumos | E28: =F177 -> 0 | F28: =IFERROR(E28/$E$33,0) -> 0
A29: =A179 -> 3.1.6. Pneus | E29: =F186 -> 0 | F29: =IFERROR(E29/$E$33,0) -> 0
A30: =A190 -> 4. Ferramentas e materiais | E30: =+F201 -> 0 | F30: =IFERROR(E30/$E$33,0) -> 0
A31: =A203 -> 5. Monitoramento da frota | E31: =+F212 -> 0 | F31: =IFERROR(E31/$E$33,0) -> 0
A32: =A216 -> 4. Benefícios e Despesas Indiretas - BDI | E32: =+F222 -> 0 | F32: =IFERROR(E32/$E$33,0) -> 0
A33: PREÇO TOTAL MENSAL COM A COLETA | E33: =E16+E21+E22+E30+E31+E32 -> 0 | F33: =F16+F21+F22+F30+F31+F32 -> 0
A36: Quantitativos
A37: Mão-de-obra | E37: Quantidade
A38: =+A51 -> 1.1. Operador de Máquinas | E38: =C69 -> 1
A39: Operador de Máquinas
A40: Sindicato de Pav de Obras Correção Salarial | E40: 0
A41: Total de mão-de-obra (postos de trabalho) | E41: =SUM(E38) -> 1
A43: Veículos e Equipamentos | E43: Quantidade
A44: =+A118 -> 3.1. Veículo/Máquina | E44: =C133 -> 1
A47: Fator de utilização (FU) | B47: ='27.Horários'!F17/'27.Horários'!F18 -> 1
A49: 1. Mão-de-obra
A51: 1.1. Operador de Máquinas
A52: Discriminação | B52: Unidade | C52: Quantidade | D52: Custo unitário | E52: Subtotal | F52: Total (R$)
A53: Piso da categoria (2) | B53: mês | C53: 1 | D53: =ROUND((E39*E40)+E39,2) -> 0 | E53: =C53*D53 -> 0
A54: Salário mínimo nacional (1) | B54: mês | C54: 1 | D54: 1100
A55: Adicional Noturno | B55: horas trabalhadas
B56: hora contabilizada | C56: =C55*8/7 -> 0 | D56: =D53/220*0.2 -> 0 | E56: =C55*D56 -> 0
A57: Horas Extras (100%) | B57: hora | D57: =D53/220*2 -> 0 | E57: =C57*D57 -> 0 | G57: Excluir esta linha caso a contratação não tenha previsão de horas extras 100% explícita no edital
A58: Horas Extras Noturnas (100%) | B58: horas trabalhadas | G58: Excluir esta linha caso a contratação não tenha previsão de horas extras noturnas 100% explícita no edital
B59: hora contabilizada | C59: =C58*8/7 -> 0 | D59: =D53/220*2*1.2 -> 0 | E59: =C59*D59 -> 0 | G59: Excluir esta linha caso a contratação não tenha previsão de horas extras noturnas 100% explícita no edital
A60: Horas Extras (50%) | B60: hora | D60: =D53/220*1.5 -> 0 | E60: =C60*D60 -> 0 | G60: Excluir esta linha caso a contratação não tenha previsão de horas extras 50% explícita no edital
A61: Horas Extras Noturnas (50%) | B61: horas trabalhadas | G61: Excluir esta linha caso a contratação não tenha previsão de horas extras noturnas 50% explícita no edital
B62: hora contabilizada | C62: =C61*8/7 -> 0 | D62: =D53/220*1.5*1.2 -> 0 | E62: =C62*D62 -> 0 | G62: Excluir esta linha caso a contratação não tenha previsão de horas extras noturnas 50% explícita no edital
A63: Descanso Semanal Remunerado (DSR) - hora extra | B63: R$ | D63: =63/302*(SUM(E57:E62)) -> 0 | E63: =D63 -> 0 | G63: Excluir esta linha caso a contratação não tenha previsão de horas extras explícita no edital
A64: Base de cálculo da Insalubridade | C64: 0
A65: Adicional de Insalubridade | B65: % | C65: 0 | D65: =IF(C64=2,SUM(E53:E63),IF(C64=1,SUM(E53:E63)*D54/D53,0)) -> 0 | E65: =C65*D65/100 -> 0
A66: Soma | E66: =SUM(E53:E65) -> 0
A67: Encargos Sociais | B67: % | C67: ='24.Encargos Sociais'!$C$38*100 -> 0 | D67: =E66 -> 0 | E67: =D67*C67/100 -> 0
A68: Total por funcionário | E68: =E66+E67 -> 0
A69: Total do Efetivo | B69: homem | C69: 1 | D69: =E68 -> 0 | E69: =C69*D69 -> 0
A70: Obs: Sindicato de Pav de Obras RS (R$1.381,33 + 6,76% IPCA ACUM 12 meses) | D70: Fator de utilização | E70: =B47 -> 1 | F70: =E69*E70 -> 0
A72: 1.2. Vale Transporte
A73: Discriminação | B73: Unidade | C73: Quantidade | D73: Custo unitário | E73: Subtotal | F73: Total (R$)
A74: Vale Transporte | B74: R$ | C74: 1
A75: Dias Trabalhados por mês | B75: dia | C75: 21
A76: Coletor | B76: vale | C76: =$C$75*2*(#REF!) -> #REF! | D76: =IFERROR((($C$75*2*$D$74)-(#REF!*0.06*C75/26))/($C$75*2),"-") -> - | E76: =IFERROR(C76*D76,"-") -> -
A77: Operador de Máquinas | B77: vale | C77: =$C$75*2*(C69) -> 42 | E77: =D74*C77 -> 0
F78: =E77-(6%*E66) -> 0
A80: 1.3. Vale-refeição (mensal)
A81: Discriminação | B81: Unidade | C81: Quantidade | D81: Custo unitário | E81: Subtotal | F81: Total (R$)
A82: =+A76 -> Coletor | B82: unidade | D82: 0 | E82: =C82*D82 -> 0
A83: =+A77 -> Operador de Máquinas | B83: unidade | C83: 1 | E83: =C83*D83 -> 0
A84: Encarregado | B84: unidade | C84: 0 | D84: 13.55 | E84: =C84*D84 -> 0
F85: =SUM(E82:E84) -> 0
A87: 1.4. Plano de Benefício Social (Seguro de vida) e (Manutenção e Capacitação Profissional )
A88: Discriminação | B88: Unidade | C88: Quantidade | D88: Custo unitário | E88: Subtotal | F88: Total (R$)
A89: Seguro de vida em Grupo | B89: unidade | C89: 1 | E89: =C89*D89 -> 0
A90: Manutenção e Capacitação Profissional | B90: unidade | C90: 1 | E90: =C90*D90 -> 0
D91: Fator de util. | E91: 1 | F91: =SUM(E89:E90)*E91 -> 0
A93: Custo Mensal com Mão-de-obra (R$/mês) | F93: =F70+F78+F85+F91 -> 0
A95: 2. Uniformes e Equipamentos de Proteção Individual
A97: 2.1. Uniformes e EPIs
A99: Discriminação | B99: Unidade | C99: Durabilidade (meses) | D99: Custo unitário | E99: Subtotal | F99: Total (R$)
A100: Jaqueta com reflexivo (NBR 15.292) | B100: unidade | E100: =IFERROR(D100/C100,0) -> 0
A101: Calça | B101: unidade | E101: =IFERROR(D101/C101,0) -> 0
A102: Camiseta | B102: unidade | E102: =IFERROR(D102/C102,0) -> 0
A103: Boné | B103: unidade | E103: =IFERROR(D103/C103,0) -> 0
A104: Botina de segurança | B104: par | E104: =IFERROR(D104/C104,0) -> 0
A105: Meia de algodão | B105: par | E105: =IFERROR(D105/C105,0) -> 0
A106: Capa de chuva amarela com reflexivo | B106: unidade | E106: =IFERROR(D106/C106,0) -> 0
A107: Luva de proteção | B107: par | E107: =IFERROR(D107/C107,0) -> 0
A108: Mâscara facial | B108: Um | E108: =IFERROR(D108/C108,0) -> 0
A109: Protetor solar FPS 30 | B109: frasco 120g | E109: =IFERROR(D109/C109,0) -> 0
A110: Total do Efetivo | B110: homem | C110: =E38 -> 1 | D110: =+SUM(E100:E109) -> 0 | E110: =C110*D110 -> 0
D111: Fator de utilização | E111: =$B$47 -> 1 | F111: =E110*E111 -> 0
A114: Custo Mensal com Uniformes e EPIs (R$/mês) | F114: =+F111 -> 0
A116: 3. Veículos e Máquinas
A118: 3.1. Veículo/Máquina
A120: 3.1.1. Depreciação
A121: Discriminação | B121: Unidade | C121: Quantidade | D121: Custo unitário | E121: Subtotal | F121: Total (R$)
A122: Custo de aquisição do chassis | B122: unidade | C122: 1 | E122: =C122*D122 -> 0
...

Sheet 17. Rolo Compac. Vibratório
A1: Orientações para preenchimento:
A2: 1. Esta planilha é somente um modelo-base, devendo ser adaptada para cada caso concreto.
A3: Qualquer custo previsto no edital e não contemplado nesta planilha deverá ser devidamente incluído.
A4: 2. Antes de preenchê-la, leia com atenção.
A5: 3. Preencher somente células em amarelo
A6: 4. As células azuis deverão ter seus valores preenchidos em outra planilha do arquivo.
A8: O TCE/RS não se responsabiliza pelo uso incorreto desta planilha.
A9: O orçamento deve ser realizado por responsável técnico habilitado e é de responsabilidade do seu autor.
A11: Código 77012 – Serviços de Rolo Compactador Vibratório
A12: Planilha de Composição de Custos
A14: Orçamento Sintético
A15: Descrição do Item | E15: Custo (R$/mês) | F15: %
A16: =A49 -> 1. Mão-de-obra | E16: =+F93 -> 0 | F16: =IFERROR(E16/$E$33,0) -> 0
A17: =A51 -> 1.1. Operador de Máquinas | E17: =F70 -> 0 | F17: =IFERROR(E17/$E$33,0) -> 0
A18: =A72 -> 1.2. Vale Transporte | E18: =F78 -> 0 | F18: =IFERROR(E18/$E$33,0) -> 0
A19: =A80 -> 1.3. Vale-refeição (mensal) | E19: =F85 -> 0 | F19: =IFERROR(E19/$E$33,0) -> 0
A20: =A87 -> 1.4. Plano de Benefício Social (Seguro de vida) e (Manutenção e Capacitação Profissional ) | E20: =F91 -> 0 | F20: =IFERROR(E20/$E$33,0) -> 0
A21: =A95 -> 2. Uniformes e Equipamentos de Proteção Individual | E21: =+F114 -> 0 | F21: =IFERROR(E21/$E$33,0) -> 0
A22: =A116 -> 3. Veículos e Máquinas | E22: =+F186 -> 0 | F22: =IFERROR(E22/$E$33,0) -> 0
A23: =A118 -> 3.1. Veículo/Máquina | E23: =SUM(E24:E29) -> 0 | F23: =IFERROR(E23/$E$33,0) -> 0
A24: 3.1.1. Depreciação | E24: =F134 -> 0 | F24: =IFERROR(E24/$E$33,0) -> 0
A25: 3.1.2. Remuneração do Capital | E25: =F152 -> 0 | F25: =IFERROR(E25/$E$33,0) -> 0
A26: =A154 -> 3.1.3. Impostos e Seguros | E26: =F160 -> 0 | F26: =IFERROR(E26/$E$33,0) -> 0
A27: =A162 -> 3.1.4. Consumos de óleo diesel | E27: =F170 -> 0 | F27: =IFERROR(E27/$E$33,0) -> 0
A28: =A172 -> 3.1.5. Manutenção/Consumos | E28: =F175 -> 0 | F28: =IFERROR(E28/$E$33,0) -> 0
A29: =A177 -> 3.1.6. Pneus | E29: =F184 -> 0 | F29: =IFERROR(E29/$E$33,0) -> 0
A30: =A188 -> 4. Ferramentas e materiais | E30: =+F199 -> 0 | F30: =IFERROR(E30/$E$33,0) -> 0
A31: =A201 -> 5. Monitoramento da frota | E31: =+F210 -> 0 | F31: =IFERROR(E31/$E$33,0) -> 0
A32: =A214 -> 4. Benefícios e Despesas Indiretas - BDI | E32: =+F220 -> 0 | F32: =IFERROR(E32/$E$33,0) -> 0
A33: PREÇO TOTAL MENSAL COM A COLETA | E33: =E16+E21+E22+E30+E31+E32 -> 0 | F33: =F16+F21+F22+F30+F31+F32 -> 0
A36: Quantitativos
A37: Mão-de-obra | E37: Quantidade
A38: =+A51 -> 1.1. Operador de Máquinas | E38: =C69 -> 1
A39: Operador de Máquinas
A40: Sindicato de Pav de Obras Correção Salarial | E40: 0
A41: Total de mão-de-obra (postos de trabalho) | E41: =SUM(E38) -> 1
A43: Veículos e Equipamentos | E43: Quantidade
A44: =+A118 -> 3.1. Veículo/Máquina | E44: =C133 -> 1
A47: Fator de utilização (FU) | B47: ='27.Horários'!F17/'27.Horários'!F18 -> 1
A49: 1. Mão-de-obra
A51: 1.1. Operador de Máquinas
A52: Discriminação | B52: Unidade | C52: Quantidade | D52: Custo unitário | E52: Subtotal | F52: Total (R$)
A53: Piso da categoria (2) | B53: mês | C53: 1 | D53: =ROUND((E39*E40)+E39,2) -> 0 | E53: =C53*D53 -> 0
A54: Salário mínimo nacional (1) | B54: mês | C54: 1 | D54: 1100
A55: Adicional Noturno | B55: horas trabalhadas
B56: hora contabilizada | C56: =C55*8/7 -> 0 | D56: =D53/220*0.2 -> 0 | E56: =C55*D56 -> 0
A57: Horas Extras (100%) | B57: hora | D57: =D53/220*2 -> 0 | E57: =C57*D57 -> 0 | G57: Excluir esta linha caso a contratação não tenha previsão de horas extras 100% explícita no edital
A58: Horas Extras Noturnas (100%) | B58: horas trabalhadas | G58: Excluir esta linha caso a contratação não tenha previsão de horas extras noturnas 100% explícita no edital
B59: hora contabilizada | C59: =C58*8/7 -> 0 | D59: =D53/220*2*1.2 -> 0 | E59: =C59*D59 -> 0 | G59: Excluir esta linha caso a contratação não tenha previsão de horas extras noturnas 100% explícita no edital
A60: Horas Extras (50%) | B60: hora | D60: =D53/220*1.5 -> 0 | E60: =C60*D60 -> 0 | G60: Excluir esta linha caso a contratação não tenha previsão de horas extras 50% explícita no edital
A61: Horas Extras Noturnas (50%) | B61: horas trabalhadas | G61: Excluir esta linha caso a contratação não tenha previsão de horas extras noturnas 50% explícita no edital
B62: hora contabilizada | C62: =C61*8/7 -> 0 | D62: =D53/220*1.5*1.2 -> 0 | E62: =C62*D62 -> 0 | G62: Excluir esta linha caso a contratação não tenha previsão de horas extras noturnas 50% explícita no edital
A63: Descanso Semanal Remunerado (DSR) - hora extra | B63: R$ | D63: =63/302*(SUM(E57:E62)) -> 0 | E63: =D63 -> 0 | G63: Excluir esta linha caso a contratação não tenha previsão de horas extras explícita no edital
A64: Base de cálculo da Insalubridade | C64: 0
A65: Adicional de Insalubridade | B65: % | C65: 0 | D65: =IF(C64=2,SUM(E53:E63),IF(C64=1,SUM(E53:E63)*D54/D53,0)) -> 0 | E65: =C65*D65/100 -> 0
A66: Soma | E66: =SUM(E53:E65) -> 0
A67: Encargos Sociais | B67: % | C67: ='24.Encargos Sociais'!$C$38*100 -> 0 | D67: =E66 -> 0 | E67: =D67*C67/100 -> 0
A68: Total por funcionário | E68: =E66+E67 -> 0
A69: Total do Efetivo | B69: homem | C69: 1 | D69: =E68 -> 0 | E69: =C69*D69 -> 0
A70: Obs: Sindicato de Pav de Obras RS (R$1.381,33 + 6,76% IPCA ACUM 12 meses) | D70: Fator de utilização | E70: =B47 -> 1 | F70: =E69*E70 -> 0
A72: 1.2. Vale Transporte
A73: Discriminação | B73: Unidade | C73: Quantidade | D73: Custo unitário | E73: Subtotal | F73: Total (R$)
A74: Vale Transporte | B74: R$ | C74: 1
A75: Dias Trabalhados por mês | B75: dia | C75: 21
A76: Coletor | B76: vale | C76: =$C$75*2*(#REF!) -> #REF! | D76: =IFERROR((($C$75*2*$D$74)-(#REF!*0.06*C75/26))/($C$75*2),"-") -> - | E76: =IFERROR(C76*D76,"-") -> -
A77: Motorista | B77: vale | C77: =$C$75*2*(C69) -> 42 | E77: =D74*C77 -> 0
F78: =E77-(6%*E66) -> 0
A80: 1.3. Vale-refeição (mensal)
A81: Discriminação | B81: Unidade | C81: Quantidade | D81: Custo unitário | E81: Subtotal | F81: Total (R$)
A82: =+A76 -> Coletor | B82: unidade | D82: 0 | E82: =C82*D82 -> 0
A83: =+A77 -> Motorista | B83: unidade | C83: 1 | E83: =C83*D83 -> 0
A84: Encarregado | B84: unidade | C84: 0 | D84: 13.55 | E84: =C84*D84 -> 0
F85: =SUM(E82:E84) -> 0
A87: 1.4. Plano de Benefício Social (Seguro de vida) e (Manutenção e Capacitação Profissional )
A88: Discriminação | B88: Unidade | C88: Quantidade | D88: Custo unitário | E88: Subtotal | F88: Total (R$)
A89: Seguro de vida em Grupo | B89: unidade | C89: 1 | E89: =C89*D89 -> 0
A90: Manutenção e Capacitação Profissional | B90: unidade | C90: 1 | E90: =C90*D90 -> 0
D91: Fator de util. | E91: 1 | F91: =SUM(E89:E90)*E91 -> 0
A93: Custo Mensal com Mão-de-obra (R$/mês) | F93: =F70+F78+F85+F91 -> 0
A95: 2. Uniformes e Equipamentos de Proteção Individual
A97: 2.1. Uniformes e EPIs
A99: Discriminação | B99: Unidade | C99: Durabilidade (meses) | D99: Custo unitário | E99: Subtotal | F99: Total (R$)
A100: Jaqueta com reflexivo (NBR 15.292) | B100: unidade | E100: =IFERROR(D100/C100,0) -> 0
A101: Calça | B101: unidade | E101: =IFERROR(D101/C101,0) -> 0
A102: Camiseta | B102: unidade | E102: =IFERROR(D102/C102,0) -> 0
A103: Boné | B103: unidade | E103: =IFERROR(D103/C103,0) -> 0
A104: Botina de segurança | B104: par | E104: =IFERROR(D104/C104,0) -> 0
A105: Meia de algodão | B105: par | E105: =IFERROR(D105/C105,0) -> 0
A106: Capa de chuva amarela com reflexivo | B106: unidade | E106: =IFERROR(D106/C106,0) -> 0
A107: Luva de proteção | B107: par | E107: =IFERROR(D107/C107,0) -> 0
A108: Mâscara facial | B108: Um | E108: =IFERROR(D108/C108,0) -> 0
A109: Protetor solar FPS 30 | B109: frasco 120g | E109: =IFERROR(D109/C109,0) -> 0
A110: Total do Efetivo | B110: homem | C110: =E38 -> 1 | D110: =+SUM(E100:E109) -> 0 | E110: =C110*D110 -> 0
D111: Fator de utilização | E111: =$B$47 -> 1 | F111: =E110*E111 -> 0
A114: Custo Mensal com Uniformes e EPIs (R$/mês) | F114: =+F111 -> 0
A116: 3. Veículos e Máquinas
A118: 3.1. Veículo/Máquina
A120: 3.1.1. Depreciação
A121: Discriminação | B121: Unidade | C121: Quantidade | D121: Custo unitário | E121: Subtotal | F121: Total (R$)
A122: Custo de aquisição do chassis | B122: unidade | C122: 1 | E122: =C122*D122 -> 0
...

Sheet 18. Caminhão Pipa
A1: Orientações para preenchimento:
A2: 1. Esta planilha é somente um modelo-base, devendo ser adaptada para cada caso concreto.
A3: Qualquer custo previsto no edital e não contemplado nesta planilha deverá ser devidamente incluído.
A4: 2. Antes de preenchê-la, leia com atenção.
A5: 3. Preencher somente células em amarelo
A6: 4. As células azuis deverão ter seus valores preenchidos em outra planilha do arquivo.
A8: O TCE/RS não se responsabiliza pelo uso incorreto desta planilha.
A9: O orçamento deve ser realizado por responsável técnico habilitado e é de responsabilidade do seu autor.
A11: Código 77420 - Serviços de Caminhão Pipa
A12: Planilha de Composição de Custos
A14: Orçamento Sintético
A15: Descrição do Item | E15: Custo (R$/mês) | F15: %
A16: =A49 -> 1. Mão-de-obra | E16: =+F93 -> 0 | F16: =IFERROR(E16/$E$33,0) -> 0
A17: =A51 -> 1.1. Motorista | E17: =F70 -> 0 | F17: =IFERROR(E17/$E$33,0) -> 0
A18: =A72 -> 1.2. Vale Transporte | E18: =F78 -> 0 | F18: =IFERROR(E18/$E$33,0) -> 0
A19: =A80 -> 1.3. Vale-refeição (mensal) | E19: =F85 -> 0 | F19: =IFERROR(E19/$E$33,0) -> 0
A20: =A87 -> 1.4. Plano de Benefício Social (Seguro de vida) e (Manutenção e Capacitação Profissional ) | E20: =F91 -> 0 | F20: =IFERROR(E20/$E$33,0) -> 0
A21: =A95 -> 2. Uniformes e Equipamentos de Proteção Individual | E21: =+F114 -> 0 | F21: =IFERROR(E21/$E$33,0) -> 0
A22: =A116 -> 3. Veículos e Máquinas | E22: =+F187 -> 0 | F22: =IFERROR(E22/$E$33,0) -> 0
A23: =A118 -> 3.1. Veículo/Máquina | E23: =SUM(E24:E29) -> 0 | F23: =IFERROR(E23/$E$33,0) -> 0
A24: 3.1.1. Depreciação | E24: =F134 -> 0 | F24: =IFERROR(E24/$E$33,0) -> 0
A25: 3.1.2. Remuneração do Capital | E25: =F152 -> 0 | F25: =IFERROR(E25/$E$33,0) -> 0
A26: =A154 -> 3.1.3. Impostos e Seguros | E26: =F160 -> 0 | F26: =IFERROR(E26/$E$33,0) -> 0
A27: =A162 -> 3.1.4. Consumos de óleo diesel | E27: =F171 -> 0 | F27: =IFERROR(E27/$E$33,0) -> 0
A28: =A173 -> 3.1.5. Manutenção/Consumos | E28: =F176 -> 0 | F28: =IFERROR(E28/$E$33,0) -> 0
A29: =A178 -> 3.1.6. Pneus | E29: =F185 -> 0 | F29: =IFERROR(E29/$E$33,0) -> 0
A30: =A189 -> 4. Ferramentas e materiais | E30: =+F200 -> 0 | F30: =IFERROR(E30/$E$33,0) -> 0
A31: =A202 -> 5. Monitoramento da frota | E31: =+F211 -> 0 | F31: =IFERROR(E31/$E$33,0) -> 0
A32: =A215 -> 4. Benefícios e Despesas Indiretas - BDI | E32: =+F221 -> 0 | F32: =IFERROR(E32/$E$33,0) -> 0
A33: PREÇO TOTAL MENSAL COM A COLETA | E33: =E16+E21+E22+E30+E31+E32 -> 0 | F33: =F16+F21+F22+F30+F31+F32 -> 0
A36: Quantitativos
A37: Mão-de-obra | E37: Quantidade
A38: =+A51 -> 1.1. Motorista | E38: =C69 -> 1
A39: Operador de Escavadeira Hidráulica
A40: Sindicato de Pav de Obras Correção Salarial | E40: 0
A41: Total de mão-de-obra (postos de trabalho) | E41: =SUM(E38) -> 1
A43: Veículos e Equipamentos | E43: Quantidade
A44: =+A118 -> 3.1. Veículo/Máquina | E44: =C133 -> 1
A47: Fator de utilização (FU) | B47: ='27.Horários'!F17/'27.Horários'!F18 -> 1
A49: 1. Mão-de-obra
A51: 1.1. Motorista
A52: Discriminação | B52: Unidade | C52: Quantidade | D52: Custo unitário | E52: Subtotal | F52: Total (R$)
A53: Piso da categoria (2) | B53: mês | C53: 1 | D53: =ROUND((E39*E40)+E39,2) -> 0 | E53: =C53*D53 -> 0
A54: Salário mínimo nacional (1) | B54: mês | C54: 1 | D54: 1100
A55: Adicional Noturno | B55: horas trabalhadas
B56: hora contabilizada | C56: =C55*8/7 -> 0 | D56: =D53/220*0.2 -> 0 | E56: =C55*D56 -> 0
A57: Horas Extras (100%) | B57: hora | D57: =D53/220*2 -> 0 | E57: =C57*D57 -> 0 | G57: Excluir esta linha caso a contratação não tenha previsão de horas extras 100% explícita no edital
A58: Horas Extras Noturnas (100%) | B58: horas trabalhadas | G58: Excluir esta linha caso a contratação não tenha previsão de horas extras noturnas 100% explícita no edital
B59: hora contabilizada | C59: =C58*8/7 -> 0 | D59: =D53/220*2*1.2 -> 0 | E59: =C59*D59 -> 0 | G59: Excluir esta linha caso a contratação não tenha previsão de horas extras noturnas 100% explícita no edital
A60: Horas Extras (50%) | B60: hora | D60: =D53/220*1.5 -> 0 | E60: =C60*D60 -> 0 | G60: Excluir esta linha caso a contratação não tenha previsão de horas extras 50% explícita no edital
A61: Horas Extras Noturnas (50%) | B61: horas trabalhadas | G61: Excluir esta linha caso a contratação não tenha previsão de horas extras noturnas 50% explícita no edital
B62: hora contabilizada | C62: =C61*8/7 -> 0 | D62: =D53/220*1.5*1.2 -> 0 | E62: =C62*D62 -> 0 | G62: Excluir esta linha caso a contratação não tenha previsão de horas extras noturnas 50% explícita no edital
A63: Descanso Semanal Remunerado (DSR) - hora extra | B63: R$ | D63: =63/302*(SUM(E57:E62)) -> 0 | E63: =D63 -> 0 | G63: Excluir esta linha caso a contratação não tenha previsão de horas extras explícita no edital
A64: Base de cálculo da Insalubridade | C64: 0
A65: Adicional de Insalubridade | B65: % | C65: 0 | D65: =IF(C64=2,SUM(E53:E63),IF(C64=1,SUM(E53:E63)*D54/D53,0)) -> 0 | E65: =C65*D65/100 -> 0
A66: Soma | E66: =SUM(E53:E65) -> 0
A67: Encargos Sociais | B67: % | C67: ='24.Encargos Sociais'!$C$38*100 -> 0 | D67: =E66 -> 0 | E67: =D67*C67/100 -> 0
A68: Total por funcionário | E68: =E66+E67 -> 0
A69: Total do Efetivo | B69: homem | C69: 1 | D69: =E68 -> 0 | E69: =C69*D69 -> 0
A70: Obs: Sindicato de Pav de Obras RS (R$1.381,33 + 6,76% IPCA ACUM 12 meses) | D70: Fator de utilização | E70: =B47 -> 1 | F70: =E69*E70 -> 0
A72: 1.2. Vale Transporte
A73: Discriminação | B73: Unidade | C73: Quantidade | D73: Custo unitário | E73: Subtotal | F73: Total (R$)
A74: Vale Transporte | B74: R$ | C74: 1
A75: Dias Trabalhados por mês | B75: dia | C75: 21
A76: Coletor | B76: vale | C76: =$C$75*2*(#REF!) -> #REF! | D76: =IFERROR((($C$75*2*$D$74)-(#REF!*0.06*C75/26))/($C$75*2),"-") -> - | E76: =IFERROR(C76*D76,"-") -> -
A77: Motorista | B77: vale | C77: =$C$75*2*(C69) -> 42 | E77: =D74*C77 -> 0
F78: =E77-(6%*E66) -> 0
A80: 1.3. Vale-refeição (mensal)
A81: Discriminação | B81: Unidade | C81: Quantidade | D81: Custo unitário | E81: Subtotal | F81: Total (R$)
A82: =+A76 -> Coletor | B82: unidade | D82: 0 | E82: =C82*D82 -> 0
A83: =+A77 -> Motorista | B83: unidade | C83: 1 | E83: =C83*D83 -> 0
A84: Encarregado | B84: unidade | C84: 0 | D84: 13.55 | E84: =C84*D84 -> 0
F85: =SUM(E82:E84) -> 0
A87: 1.4. Plano de Benefício Social (Seguro de vida) e (Manutenção e Capacitação Profissional )
A88: Discriminação | B88: Unidade | C88: Quantidade | D88: Custo unitário | E88: Subtotal | F88: Total (R$)
A89: Seguro de vida em Grupo | B89: unidade | C89: 1 | E89: =C89*D89 -> 0
A90: Manutenção e Capacitação Profissional | B90: unidade | C90: 1 | E90: =C90*D90 -> 0
D91: Fator de util. | E91: 1 | F91: =SUM(E89:E90)*E91 -> 0
A93: Custo Mensal com Mão-de-obra (R$/mês) | F93: =F70+F78+F85+F91 -> 0
A95: 2. Uniformes e Equipamentos de Proteção Individual
A97: 2.1. Uniformes e EPIs
A99: Discriminação | B99: Unidade | C99: Durabilidade (meses) | D99: Custo unitário | E99: Subtotal | F99: Total (R$)
A100: Jaqueta com reflexivo (NBR 15.292) | B100: unidade | E100: =IFERROR(D100/C100,0) -> 0
A101: Calça | B101: unidade | E101: =IFERROR(D101/C101,0) -> 0
A102: Camiseta | B102: unidade | E102: =IFERROR(D102/C102,0) -> 0
A103: Boné | B103: unidade | E103: =IFERROR(D103/C103,0) -> 0
A104: Botina de segurança | B104: par | E104: =IFERROR(D104/C104,0) -> 0
A105: Meia de algodão | B105: par | E105: =IFERROR(D105/C105,0) -> 0
A106: Capa de chuva amarela com reflexivo | B106: unidade | E106: =IFERROR(D106/C106,0) -> 0
A107: Luva de proteção | B107: par | E107: =IFERROR(D107/C107,0) -> 0
A108: Mâscara facial | B108: Um | E108: =IFERROR(D108/C108,0) -> 0
A109: Protetor solar FPS 30 | B109: frasco 120g | E109: =IFERROR(D109/C109,0) -> 0
A110: Total do Efetivo | B110: homem | C110: =E38 -> 1 | D110: =+SUM(E100:E109) -> 0 | E110: =C110*D110 -> 0
D111: Fator de utilização | E111: =$B$47 -> 1 | F111: =E110*E111 -> 0
A114: Custo Mensal com Uniformes e EPIs (R$/mês) | F114: =+F111 -> 0
A116: 3. Veículos e Máquinas
A118: 3.1. Veículo/Máquina
A120: 3.1.1. Depreciação
A121: Discriminação | B121: Unidade | C121: Quantidade | D121: Custo unitário | E121: Subtotal | F121: Total (R$)
A122: Custo de aquisição do chassis | B122: unidade | C122: 1 | E122: =C122*D122 -> 0
...

Sheet 19. Rolo Compac. Vibratório 18 
A1: Orientações para preenchimento:
A2: 1. Esta planilha é somente um modelo-base, devendo ser adaptada para cada caso concreto.
A3: Qualquer custo previsto no edital e não contemplado nesta planilha deverá ser devidamente incluído.
A4: 2. Antes de preenchê-la, leia com atenção.
A5: 3. Preencher somente células em amarelo
A6: 4. As células azuis deverão ter seus valores preenchidos em outra planilha do arquivo.
A8: O TCE/RS não se responsabiliza pelo uso incorreto desta planilha.
A9: O orçamento deve ser realizado por responsável técnico habilitado e é de responsabilidade do seu autor.
A11: Código 77572 – Serviços de Rolo Compactador Vibratório 8 Ton
A12: Planilha de Composição de Custos
A14: Orçamento Sintético
A15: Descrição do Item | E15: Custo (R$/mês) | F15: %
A16: =A49 -> 1. Mão-de-obra | E16: =+F93 -> 0 | F16: =IFERROR(E16/$E$33,0) -> 0
A17: =A51 -> 1.1. Operador de Máquinas | E17: =F70 -> 0 | F17: =IFERROR(E17/$E$33,0) -> 0
A18: =A72 -> 1.2. Vale Transporte | E18: =F78 -> 0 | F18: =IFERROR(E18/$E$33,0) -> 0
A19: =A80 -> 1.3. Vale-refeição (mensal) | E19: =F85 -> 0 | F19: =IFERROR(E19/$E$33,0) -> 0
A20: =A87 -> 1.4. Plano de Benefício Social (Seguro de vida) e (Manutenção e Capacitação Profissional ) | E20: =F91 -> 0 | F20: =IFERROR(E20/$E$33,0) -> 0
A21: =A95 -> 2. Uniformes e Equipamentos de Proteção Individual | E21: =+F114 -> 0 | F21: =IFERROR(E21/$E$33,0) -> 0
A22: =A116 -> 3. Veículos e Máquinas | E22: =+F186 -> 0 | F22: =IFERROR(E22/$E$33,0) -> 0
A23: =A118 -> 3.1. Veículo/Máquina | E23: =SUM(E24:E29) -> 0 | F23: =IFERROR(E23/$E$33,0) -> 0
A24: 3.1.1. Depreciação | E24: =F134 -> 0 | F24: =IFERROR(E24/$E$33,0) -> 0
A25: 3.1.2. Remuneração do Capital | E25: =F152 -> 0 | F25: =IFERROR(E25/$E$33,0) -> 0
A26: =A154 -> 3.1.3. Impostos e Seguros | E26: =F160 -> 0 | F26: =IFERROR(E26/$E$33,0) -> 0
A27: =A162 -> 3.1.4. Consumos de óleo diesel | E27: =F170 -> 0 | F27: =IFERROR(E27/$E$33,0) -> 0
A28: =A172 -> 3.1.5. Manutenção/Consumos | E28: =F175 -> 0 | F28: =IFERROR(E28/$E$33,0) -> 0
A29: =A177 -> 3.1.6. Pneus | E29: =F184 -> 0 | F29: =IFERROR(E29/$E$33,0) -> 0
A30: =A188 -> 4. Ferramentas e materiais | E30: =+F199 -> 0 | F30: =IFERROR(E30/$E$33,0) -> 0
A31: =A201 -> 5. Monitoramento da frota | E31: =+F210 -> 0 | F31: =IFERROR(E31/$E$33,0) -> 0
A32: =A214 -> 4. Benefícios e Despesas Indiretas - BDI | E32: =+F220 -> 0 | F32: =IFERROR(E32/$E$33,0) -> 0
A33: PREÇO TOTAL MENSAL COM A COLETA | E33: =E16+E21+E22+E30+E31+E32 -> 0 | F33: =F16+F21+F22+F30+F31+F32 -> 0
A36: Quantitativos
A37: Mão-de-obra | E37: Quantidade
A38: =+A51 -> 1.1. Operador de Máquinas | E38: =C69 -> 1
A39: Operador de Máquinas
A40: Sindicato de Pav de Obras Correção Salarial | E40: 0
A41: Total de mão-de-obra (postos de trabalho) | E41: =SUM(E38) -> 1
A43: Veículos e Equipamentos | E43: Quantidade
A44: =+A118 -> 3.1. Veículo/Máquina | E44: =C133 -> 1
A47: Fator de utilização (FU) | B47: ='27.Horários'!F17/'27.Horários'!F18 -> 1
A49: 1. Mão-de-obra
A51: 1.1. Operador de Máquinas
A52: Discriminação | B52: Unidade | C52: Quantidade | D52: Custo unitário | E52: Subtotal | F52: Total (R$)
A53: Piso da categoria (2) | B53: mês | C53: 1 | D53: =ROUND((E39*E40)+E39,2) -> 0 | E53: =C53*D53 -> 0
A54: Salário mínimo nacional (1) | B54: mês | C54: 1 | D54: 1100
A55: Adicional Noturno | B55: horas trabalhadas
B56: hora contabilizada | C56: =C55*8/7 -> 0 | D56: =D53/220*0.2 -> 0 | E56: =C55*D56 -> 0
A57: Horas Extras (100%) | B57: hora | D57: =D53/220*2 -> 0 | E57: =C57*D57 -> 0 | G57: Excluir esta linha caso a contratação não tenha previsão de horas extras 100% explícita no edital
A58: Horas Extras Noturnas (100%) | B58: horas trabalhadas | G58: Excluir esta linha caso a contratação não tenha previsão de horas extras noturnas 100% explícita no edital
B59: hora contabilizada | C59: =C58*8/7 -> 0 | D59: =D53/220*2*1.2 -> 0 | E59: =C59*D59 -> 0 | G59: Excluir esta linha caso a contratação não tenha previsão de horas extras noturnas 100% explícita no edital
A60: Horas Extras (50%) | B60: hora | D60: =D53/220*1.5 -> 0 | E60: =C60*D60 -> 0 | G60: Excluir esta linha caso a contratação não tenha previsão de horas extras 50% explícita no edital
A61: Horas Extras Noturnas (50%) | B61: horas trabalhadas | G61: Excluir esta linha caso a contratação não tenha previsão de horas extras noturnas 50% explícita no edital
B62: hora contabilizada | C62: =C61*8/7 -> 0 | D62: =D53/220*1.5*1.2 -> 0 | E62: =C62*D62 -> 0 | G62: Excluir esta linha caso a contratação não tenha previsão de horas extras noturnas 50% explícita no edital
A63: Descanso Semanal Remunerado (DSR) - hora extra | B63: R$ | D63: =63/302*(SUM(E57:E62)) -> 0 | E63: =D63 -> 0 | G63: Excluir esta linha caso a contratação não tenha previsão de horas extras explícita no edital
A64: Base de cálculo da Insalubridade | C64: 0
A65: Adicional de Insalubridade | B65: % | C65: 0 | D65: =IF(C64=2,SUM(E53:E63),IF(C64=1,SUM(E53:E63)*D54/D53,0)) -> 0 | E65: =C65*D65/100 -> 0
A66: Soma | E66: =SUM(E53:E65) -> 0
A67: Encargos Sociais | B67: % | C67: ='24.Encargos Sociais'!$C$38*100 -> 0 | D67: =E66 -> 0 | E67: =D67*C67/100 -> 0
A68: Total por funcionário | E68: =E66+E67 -> 0
A69: Total do Efetivo | B69: homem | C69: 1 | D69: =E68 -> 0 | E69: =C69*D69 -> 0
A70: Obs: Sindicato de Pav de Obras RS (R$1.381,33 + 6,76% IPCA ACUM 12 meses) | D70: Fator de utilização | E70: =B47 -> 1 | F70: =E69*E70 -> 0
A72: 1.2. Vale Transporte
A73: Discriminação | B73: Unidade | C73: Quantidade | D73: Custo unitário | E73: Subtotal | F73: Total (R$)
A74: Vale Transporte | B74: R$ | C74: 1
A75: Dias Trabalhados por mês | B75: dia | C75: 21
A76: Coletor | B76: vale | C76: =$C$75*2*(#REF!) -> #REF! | D76: =IFERROR((($C$75*2*$D$74)-(#REF!*0.06*C75/26))/($C$75*2),"-") -> - | E76: =IFERROR(C76*D76,"-") -> -
A77: Motorista | B77: vale | C77: =$C$75*2*(C69) -> 42 | E77: =D74*C77 -> 0
F78: =E77-(6%*E66) -> 0
A80: 1.3. Vale-refeição (mensal)
A81: Discriminação | B81: Unidade | C81: Quantidade | D81: Custo unitário | E81: Subtotal | F81: Total (R$)
A82: =+A76 -> Coletor | B82: unidade | D82: 0 | E82: =C82*D82 -> 0
A83: =+A77 -> Motorista | B83: unidade | C83: 1 | E83: =C83*D83 -> 0
A84: Encarregado | B84: unidade | C84: 0 | D84: 13.55 | E84: =C84*D84 -> 0
F85: =SUM(E82:E84) -> 0
A87: 1.4. Plano de Benefício Social (Seguro de vida) e (Manutenção e Capacitação Profissional )
A88: Discriminação | B88: Unidade | C88: Quantidade | D88: Custo unitário | E88: Subtotal | F88: Total (R$)
A89: Seguro de vida em Grupo | B89: unidade | C89: 1 | E89: =C89*D89 -> 0
A90: Manutenção e Capacitação Profissional | B90: unidade | C90: 1 | E90: =C90*D90 -> 0
D91: Fator de util. | E91: 1 | F91: =SUM(E89:E90)*E91 -> 0
A93: Custo Mensal com Mão-de-obra (R$/mês) | F93: =F70+F78+F85+F91 -> 0
A95: 2. Uniformes e Equipamentos de Proteção Individual
A97: 2.1. Uniformes e EPIs
A99: Discriminação | B99: Unidade | C99: Durabilidade (meses) | D99: Custo unitário | E99: Subtotal | F99: Total (R$)
A100: Jaqueta com reflexivo (NBR 15.292) | B100: unidade | E100: =IFERROR(D100/C100,0) -> 0
A101: Calça | B101: unidade | E101: =IFERROR(D101/C101,0) -> 0
A102: Camiseta | B102: unidade | E102: =IFERROR(D102/C102,0) -> 0
A103: Boné | B103: unidade | E103: =IFERROR(D103/C103,0) -> 0
A104: Botina de segurança | B104: par | E104: =IFERROR(D104/C104,0) -> 0
A105: Meia de algodão | B105: par | E105: =IFERROR(D105/C105,0) -> 0
A106: Capa de chuva amarela com reflexivo | B106: unidade | E106: =IFERROR(D106/C106,0) -> 0
A107: Luva de proteção | B107: par | E107: =IFERROR(D107/C107,0) -> 0
A108: Mâscara facial | B108: Um | E108: =IFERROR(D108/C108,0) -> 0
A109: Protetor solar FPS 30 | B109: frasco 120g | E109: =IFERROR(D109/C109,0) -> 0
A110: Total do Efetivo | B110: homem | C110: =E38 -> 1 | D110: =+SUM(E100:E109) -> 0 | E110: =C110*D110 -> 0
D111: Fator de utilização | E111: =$B$47 -> 1 | F111: =E110*E111 -> 0
A114: Custo Mensal com Uniformes e EPIs (R$/mês) | F114: =+F111 -> 0
A116: 3. Veículos e Máquinas
A118: 3.1. Veículo/Máquina
A120: 3.1.1. Depreciação
A121: Discriminação | B121: Unidade | C121: Quantidade | D121: Custo unitário | E121: Subtotal | F121: Total (R$)
A122: Custo de aquisição do chassis | B122: unidade | C122: 1 | E122: =C122*D122 -> 0
...

Sheet 20. Caminhão Guindaste Articula
A1: Orientações para preenchimento:
A2: 1. Esta planilha é somente um modelo-base, devendo ser adaptada para cada caso concreto.
A3: Qualquer custo previsto no edital e não contemplado nesta planilha deverá ser devidamente incluído.
A4: 2. Antes de preenchê-la, leia com atenção.
A5: 3. Preencher somente células em amarelo
A6: 4. As células azuis deverão ter seus valores preenchidos em outra planilha do arquivo.
A8: O TCE/RS não se responsabiliza pelo uso incorreto desta planilha.
A9: O orçamento deve ser realizado por responsável técnico habilitado e é de responsabilidade do seu autor.
A11: Código 77517 – Serviços de Caminhão Guindaste Articulado
A12: Planilha de Composição de Custos
A14: Orçamento Sintético
A15: Descrição do Item | E15: Custo (R$/mês) | F15: %
A16: =A49 -> 1. Mão-de-obra | E16: =+F93 -> 0 | F16: =IFERROR(E16/$E$33,0) -> 0
A17: =A51 -> 1.1. Operador | E17: =F70 -> 0 | F17: =IFERROR(E17/$E$33,0) -> 0
A18: =A72 -> 1.2. Vale Transporte | E18: =F78 -> 0 | F18: =IFERROR(E18/$E$33,0) -> 0
A19: =A80 -> 1.3. Vale-refeição (mensal) | E19: =F85 -> 0 | F19: =IFERROR(E19/$E$33,0) -> 0
A20: =A87 -> 1.4. Plano de Benefício Social (Seguro de vida) e (Manutenção e Capacitação Profissional ) | E20: =F91 -> 0 | F20: =IFERROR(E20/$E$33,0) -> 0
A21: =A95 -> 2. Uniformes e Equipamentos de Proteção Individual | E21: =+F114 -> 0 | F21: =IFERROR(E21/$E$33,0) -> 0
A22: =A116 -> 3. Veículos e Máquinas | E22: =+F187 -> 0 | F22: =IFERROR(E22/$E$33,0) -> 0
A23: =A118 -> 3.1. Veículo/Máquina | E23: =SUM(E24:E29) -> 0 | F23: =IFERROR(E23/$E$33,0) -> 0
A24: 3.1.1. Depreciação | E24: =F134 -> 0 | F24: =IFERROR(E24/$E$33,0) -> 0
A25: 3.1.2. Remuneração do Capital | E25: =F152 -> 0 | F25: =IFERROR(E25/$E$33,0) -> 0
A26: =A154 -> 3.1.3. Impostos e Seguros | E26: =F160 -> 0 | F26: =IFERROR(E26/$E$33,0) -> 0
A27: =A162 -> 3.1.4. Consumos de óleo diesel | E27: =F171 -> 0 | F27: =IFERROR(E27/$E$33,0) -> 0
A28: =A173 -> 3.1.5. Manutenção/Consumos | E28: =F176 -> 0 | F28: =IFERROR(E28/$E$33,0) -> 0
A29: =A178 -> 3.1.6. Pneus | E29: =F185 -> 0 | F29: =IFERROR(E29/$E$33,0) -> 0
A30: =A189 -> 4. Ferramentas e materiais | E30: =+F200 -> 0 | F30: =IFERROR(E30/$E$33,0) -> 0
A31: =A202 -> 5. Monitoramento da frota | E31: =+F211 -> 0 | F31: =IFERROR(E31/$E$33,0) -> 0
A32: =A215 -> 4. Benefícios e Despesas Indiretas - BDI | E32: =+F221 -> 0 | F32: =IFERROR(E32/$E$33,0) -> 0
A33: PREÇO TOTAL MENSAL COM A COLETA | E33: =E16+E21+E22+E30+E31+E32 -> 0 | F33: =F16+F21+F22+F30+F31+F32 -> 0
A36: Quantitativos
A37: Mão-de-obra | E37: Quantidade
A38: =+A51 -> 1.1. Operador | E38: =C69 -> 1
A39: Motorista
A40: Sindicato de Pav de Obras Correção Salarial | E40: 0
A41: Total de mão-de-obra (postos de trabalho) | E41: =SUM(E38) -> 1
A43: Veículos e Equipamentos | E43: Quantidade
A44: =+A118 -> 3.1. Veículo/Máquina | E44: =C133 -> 1
A47: Fator de utilização (FU) | B47: ='27.Horários'!F17/'27.Horários'!F18 -> 1
A49: 1. Mão-de-obra
A51: 1.1. Operador
A52: Discriminação | B52: Unidade | C52: Quantidade | D52: Custo unitário | E52: Subtotal | F52: Total (R$)
A53: Piso da categoria (2) | B53: mês | C53: 1 | D53: =ROUND((E39*E40)+E39,2) -> 0 | E53: =C53*D53 -> 0
A54: Salário mínimo nacional (1) | B54: mês | C54: 1 | D54: 1100
A55: Adicional Noturno | B55: horas trabalhadas
B56: hora contabilizada | C56: =C55*8/7 -> 0 | D56: =D53/220*0.2 -> 0 | E56: =C55*D56 -> 0
A57: Horas Extras (100%) | B57: hora | D57: =D53/220*2 -> 0 | E57: =C57*D57 -> 0 | G57: Excluir esta linha caso a contratação não tenha previsão de horas extras 100% explícita no edital
A58: Horas Extras Noturnas (100%) | B58: horas trabalhadas | G58: Excluir esta linha caso a contratação não tenha previsão de horas extras noturnas 100% explícita no edital
B59: hora contabilizada | C59: =C58*8/7 -> 0 | D59: =D53/220*2*1.2 -> 0 | E59: =C59*D59 -> 0 | G59: Excluir esta linha caso a contratação não tenha previsão de horas extras noturnas 100% explícita no edital
A60: Horas Extras (50%) | B60: hora | D60: =D53/220*1.5 -> 0 | E60: =C60*D60 -> 0 | G60: Excluir esta linha caso a contratação não tenha previsão de horas extras 50% explícita no edital
A61: Horas Extras Noturnas (50%) | B61: horas trabalhadas | G61: Excluir esta linha caso a contratação não tenha previsão de horas extras noturnas 50% explícita no edital
B62: hora contabilizada | C62: =C61*8/7 -> 0 | D62: =D53/220*1.5*1.2 -> 0 | E62: =C62*D62 -> 0 | G62: Excluir esta linha caso a contratação não tenha previsão de horas extras noturnas 50% explícita no edital
A63: Descanso Semanal Remunerado (DSR) - hora extra | B63: R$ | D63: =63/302*(SUM(E57:E62)) -> 0 | E63: =D63 -> 0 | G63: Excluir esta linha caso a contratação não tenha previsão de horas extras explícita no edital
A64: Base de cálculo da Insalubridade | C64: 0
A65: Adicional de Insalubridade | B65: % | C65: 0 | D65: =IF(C64=2,SUM(E53:E63),IF(C64=1,SUM(E53:E63)*D54/D53,0)) -> 0 | E65: =C65*D65/100 -> 0
A66: Soma | E66: =SUM(E53:E65) -> 0
A67: Encargos Sociais | B67: % | C67: ='24.Encargos Sociais'!$C$38*100 -> 0 | D67: =E66 -> 0 | E67: =D67*C67/100 -> 0
A68: Total por funcionário | E68: =E66+E67 -> 0
A69: Total do Efetivo | B69: homem | C69: 1 | D69: =E68 -> 0 | E69: =C69*D69 -> 0
A70: Obs: Sindicato de Pav de Obras RS (R$1.381,33 + 6,76% IPCA ACUM 12 meses) | D70: Fator de utilização | E70: =B47 -> 1 | F70: =E69*E70 -> 0
A72: 1.2. Vale Transporte
A73: Discriminação | B73: Unidade | C73: Quantidade | D73: Custo unitário | E73: Subtotal | F73: Total (R$)
A74: Vale Transporte | B74: R$ | C74: 1
A75: Dias Trabalhados por mês | B75: dia | C75: 21
A76: Coletor | B76: vale | C76: =$C$75*2*(#REF!) -> #REF! | D76: =IFERROR((($C$75*2*$D$74)-(#REF!*0.06*C75/26))/($C$75*2),"-") -> - | E76: =IFERROR(C76*D76,"-") -> -
A77: Operador | B77: vale | C77: =$C$75*2*(C69) -> 42 | E77: =D74*C77 -> 0
F78: =E77-(6%*E66) -> 0
A80: 1.3. Vale-refeição (mensal)
A81: Discriminação | B81: Unidade | C81: Quantidade | D81: Custo unitário | E81: Subtotal | F81: Total (R$)
A82: =+A76 -> Coletor | B82: unidade | D82: 0 | E82: =C82*D82 -> 0
A83: =+A77 -> Operador | B83: unidade | C83: 1 | E83: =C83*D83 -> 0
A84: Encarregado | B84: unidade | C84: 0 | D84: 13.55 | E84: =C84*D84 -> 0
F85: =SUM(E82:E84) -> 0
A87: 1.4. Plano de Benefício Social (Seguro de vida) e (Manutenção e Capacitação Profissional )
A88: Discriminação | B88: Unidade | C88: Quantidade | D88: Custo unitário | E88: Subtotal | F88: Total (R$)
A89: Seguro de vida em Grupo | B89: unidade | C89: 1 | E89: =C89*D89 -> 0
A90: Manutenção e Capacitação Profissional | B90: unidade | C90: 1 | E90: =C90*D90 -> 0
D91: Fator de util. | E91: 1 | F91: =SUM(E89:E90)*E91 -> 0
A93: Custo Mensal com Mão-de-obra (R$/mês) | F93: =F70+F78+F85+F91 -> 0
A95: 2. Uniformes e Equipamentos de Proteção Individual
A97: 2.1. Uniformes e EPIs
A99: Discriminação | B99: Unidade | C99: Durabilidade (meses) | D99: Custo unitário | E99: Subtotal | F99: Total (R$)
A100: Jaqueta com reflexivo (NBR 15.292) | B100: unidade | E100: =IFERROR(D100/C100,0) -> 0
A101: Calça | B101: unidade | E101: =IFERROR(D101/C101,0) -> 0
A102: Camiseta | B102: unidade | E102: =IFERROR(D102/C102,0) -> 0
A103: Boné | B103: unidade | E103: =IFERROR(D103/C103,0) -> 0
A104: Botina de segurança | B104: par | E104: =IFERROR(D104/C104,0) -> 0
A105: Meia de algodão | B105: par | E105: =IFERROR(D105/C105,0) -> 0
A106: Capa de chuva amarela com reflexivo | B106: unidade | E106: =IFERROR(D106/C106,0) -> 0
A107: Luva de proteção | B107: par | E107: =IFERROR(D107/C107,0) -> 0
A108: Mâscara facial | B108: Um | E108: =IFERROR(D108/C108,0) -> 0
A109: Protetor solar FPS 30 | B109: frasco 120g | E109: =IFERROR(D109/C109,0) -> 0
A110: Total do Efetivo | B110: homem | C110: =E38 -> 1 | D110: =+SUM(E100:E109) -> 0 | E110: =C110*D110 -> 0
D111: Fator de utilização | E111: =$B$47 -> 1 | F111: =E110*E111 -> 0
A114: Custo Mensal com Uniformes e EPIs (R$/mês) | F114: =+F111 -> 0
A116: 3. Veículos e Máquinas
A118: 3.1. Veículo/Máquina
A120: 3.1.1. Depreciação
A121: Discriminação | B121: Unidade | C121: Quantidade | D121: Custo unitário | E121: Subtotal | F121: Total (R$)
A122: Custo de aquisição do chassis | B122: unidade | C122: 1 | E122: =C122*D122 -> 0
...

Sheet 21. Retro Escavadeira com Rompe
A1: Orientações para preenchimento:
A2: 1. Esta planilha é somente um modelo-base, devendo ser adaptada para cada caso concreto.
A3: Qualquer custo previsto no edital e não contemplado nesta planilha deverá ser devidamente incluído.
A4: 2. Antes de preenchê-la, leia com atenção.
A5: 3. Preencher somente células em amarelo
A6: 4. As células azuis deverão ter seus valores preenchidos em outra planilha do arquivo.
A8: O TCE/RS não se responsabiliza pelo uso incorreto desta planilha.
A9: O orçamento deve ser realizado por responsável técnico habilitado e é de responsabilidade do seu autor.
A11: Código 73723 – Escavadeira Hidraulica com Rompedor Hidráulico
A12: Planilha de Composição de Custos
A14: Orçamento Sintético
A15: Descrição do Item | E15: Custo (R$/mês) | F15: %
A16: =A49 -> 1. Mão-de-obra | E16: =+F93 -> 0 | F16: =IFERROR(E16/$E$33,0) -> 0
A17: =A51 -> 1.1. Operador de Máquinas | E17: =F70 -> 0 | F17: =IFERROR(E17/$E$33,0) -> 0
A18: =A72 -> 1.2. Vale Transporte | E18: =F78 -> 0 | F18: =IFERROR(E18/$E$33,0) -> 0
A19: =A80 -> 1.3. Vale-refeição (mensal) | E19: =F85 -> 0 | F19: =IFERROR(E19/$E$33,0) -> 0
A20: =A87 -> 1.4. Plano de Benefício Social (Seguro de vida) e (Manutenção e Capacitação Profissional ) | E20: =F91 -> 0 | F20: =IFERROR(E20/$E$33,0) -> 0
A21: =A95 -> 2. Uniformes e Equipamentos de Proteção Individual | E21: =+F114 -> 0 | F21: =IFERROR(E21/$E$33,0) -> 0
A22: =A116 -> 3. Veículos e Máquinas | E22: =+F187 -> 0 | F22: =IFERROR(E22/$E$33,0) -> 0
A23: =A118 -> 3.1. Veículo/Máquina | E23: =SUM(E24:E29) -> 0 | F23: =IFERROR(E23/$E$33,0) -> 0
A24: 3.1.1. Depreciação | E24: =F134 -> 0 | F24: =IFERROR(E24/$E$33,0) -> 0
A25: 3.1.2. Remuneração do Capital | E25: =F152 -> 0 | F25: =IFERROR(E25/$E$33,0) -> 0
A26: =A154 -> 3.1.3. Impostos e Seguros | E26: =F160 -> 0 | F26: =IFERROR(E26/$E$33,0) -> 0
A27: =A162 -> 3.1.4. Consumos de óleo diesel | E27: =F171 -> 0 | F27: =IFERROR(E27/$E$33,0) -> 0
A28: =A173 -> 3.1.5. Manutenção/Consumos | E28: =F176 -> 0 | F28: =IFERROR(E28/$E$33,0) -> 0
A29: =A178 -> 3.1.6. Pneus | E29: =F185 -> 0 | F29: =IFERROR(E29/$E$33,0) -> 0
A30: =A189 -> 4. Ferramentas e materiais | E30: =+F200 -> 0 | F30: =IFERROR(E30/$E$33,0) -> 0
A31: =A202 -> 5. Monitoramento da frota | E31: =+F211 -> 0 | F31: =IFERROR(E31/$E$33,0) -> 0
A32: =A215 -> 4. Benefícios e Despesas Indiretas - BDI | E32: =+F221 -> 0 | F32: =IFERROR(E32/$E$33,0) -> 0
A33: PREÇO TOTAL MENSAL COM A COLETA | E33: =E16+E21+E22+E30+E31+E32 -> 0 | F33: =F16+F21+F22+F30+F31+F32 -> 0
A36: Quantitativos
A37: Mão-de-obra | E37: Quantidade
A38: =+A51 -> 1.1. Operador de Máquinas | E38: =C69 -> 1
A39: Operador de Máquinas
A40: Sindicato de Pav de Obras Correção Salarial | E40: 0
A41: Total de mão-de-obra (postos de trabalho) | E41: =SUM(E38) -> 1
A43: Veículos e Equipamentos | E43: Quantidade
A44: =+A118 -> 3.1. Veículo/Máquina | E44: =C133 -> 1
A47: Fator de utilização (FU) | B47: ='27.Horários'!F17/'27.Horários'!F18 -> 1
A49: 1. Mão-de-obra
A51: 1.1. Operador de Máquinas
A52: Discriminação | B52: Unidade | C52: Quantidade | D52: Custo unitário | E52: Subtotal | F52: Total (R$)
A53: Piso da categoria (2) | B53: mês | C53: 1 | D53: =ROUND((E39*E40)+E39,2) -> 0 | E53: =C53*D53 -> 0
A54: Salário mínimo nacional (1) | B54: mês | C54: 1 | D54: 1100
A55: Adicional Noturno | B55: horas trabalhadas
B56: hora contabilizada | C56: =C55*8/7 -> 0 | D56: =D53/220*0.2 -> 0 | E56: =C55*D56 -> 0
A57: Horas Extras (100%) | B57: hora | D57: =D53/220*2 -> 0 | E57: =C57*D57 -> 0 | G57: Excluir esta linha caso a contratação não tenha previsão de horas extras 100% explícita no edital
A58: Horas Extras Noturnas (100%) | B58: horas trabalhadas | G58: Excluir esta linha caso a contratação não tenha previsão de horas extras noturnas 100% explícita no edital
B59: hora contabilizada | C59: =C58*8/7 -> 0 | D59: =D53/220*2*1.2 -> 0 | E59: =C59*D59 -> 0 | G59: Excluir esta linha caso a contratação não tenha previsão de horas extras noturnas 100% explícita no edital
A60: Horas Extras (50%) | B60: hora | D60: =D53/220*1.5 -> 0 | E60: =C60*D60 -> 0 | G60: Excluir esta linha caso a contratação não tenha previsão de horas extras 50% explícita no edital
A61: Horas Extras Noturnas (50%) | B61: horas trabalhadas | G61: Excluir esta linha caso a contratação não tenha previsão de horas extras noturnas 50% explícita no edital
B62: hora contabilizada | C62: =C61*8/7 -> 0 | D62: =D53/220*1.5*1.2 -> 0 | E62: =C62*D62 -> 0 | G62: Excluir esta linha caso a contratação não tenha previsão de horas extras noturnas 50% explícita no edital
A63: Descanso Semanal Remunerado (DSR) - hora extra | B63: R$ | D63: =63/302*(SUM(E57:E62)) -> 0 | E63: =D63 -> 0 | G63: Excluir esta linha caso a contratação não tenha previsão de horas extras explícita no edital
A64: Base de cálculo da Insalubridade | C64: 0
A65: Adicional de Insalubridade | B65: % | C65: 0 | D65: =IF(C64=2,SUM(E53:E63),IF(C64=1,SUM(E53:E63)*D54/D53,0)) -> 0 | E65: =C65*D65/100 -> 0
A66: Soma | E66: =SUM(E53:E65) -> 0
A67: Encargos Sociais | B67: % | C67: ='24.Encargos Sociais'!$C$38*100 -> 0 | D67: =E66 -> 0 | E67: =D67*C67/100 -> 0
A68: Total por funcionário | E68: =E66+E67 -> 0
A69: Total do Efetivo | B69: homem | C69: 1 | D69: =E68 -> 0 | E69: =C69*D69 -> 0
A70: Obs: Sindicato de Pav de Obras RS (R$1.381,33 + 6,76% IPCA ACUM 12 meses) | D70: Fator de utilização | E70: =B47 -> 1 | F70: =E69*E70 -> 0
A72: 1.2. Vale Transporte
A73: Discriminação | B73: Unidade | C73: Quantidade | D73: Custo unitário | E73: Subtotal | F73: Total (R$)
A74: Vale Transporte | B74: R$ | C74: 1
A75: Dias Trabalhados por mês | B75: dia | C75: 21
A76: Coletor | B76: vale | C76: =$C$75*2*(#REF!) -> #REF! | D76: =IFERROR((($C$75*2*$D$74)-(#REF!*0.06*C75/26))/($C$75*2),"-") -> - | E76: =IFERROR(C76*D76,"-") -> -
A77: Operador | B77: vale | C77: =$C$75*2*(C69) -> 42 | E77: =D74*C77 -> 0
F78: =E77-(6%*E66) -> 0
A80: 1.3. Vale-refeição (mensal)
A81: Discriminação | B81: Unidade | C81: Quantidade | D81: Custo unitário | E81: Subtotal | F81: Total (R$)
A82: =+A76 -> Coletor | B82: unidade | D82: 0 | E82: =C82*D82 -> 0
A83: =+A77 -> Operador | B83: unidade | C83: 1 | E83: =C83*D83 -> 0
A84: Encarregado | B84: unidade | C84: 0 | D84: 13.55 | E84: =C84*D84 -> 0
F85: =SUM(E82:E84) -> 0
A87: 1.4. Plano de Benefício Social (Seguro de vida) e (Manutenção e Capacitação Profissional )
A88: Discriminação | B88: Unidade | C88: Quantidade | D88: Custo unitário | E88: Subtotal | F88: Total (R$)
A89: Seguro de vida em Grupo | B89: unidade | C89: 1 | E89: =C89*D89 -> 0
A90: Manutenção e Capacitação Profissional | B90: unidade | C90: 1 | E90: =C90*D90 -> 0
D91: Fator de util. | E91: 1 | F91: =SUM(E89:E90)*E91 -> 0
A93: Custo Mensal com Mão-de-obra (R$/mês) | F93: =F70+F78+F85+F91 -> 0
A95: 2. Uniformes e Equipamentos de Proteção Individual
A97: 2.1. Uniformes e EPIs
A99: Discriminação | B99: Unidade | C99: Durabilidade (meses) | D99: Custo unitário | E99: Subtotal | F99: Total (R$)
A100: Jaqueta com reflexivo (NBR 15.292) | B100: unidade | E100: =IFERROR(D100/C100,0) -> 0
A101: Calça | B101: unidade | E101: =IFERROR(D101/C101,0) -> 0
A102: Camiseta | B102: unidade | E102: =IFERROR(D102/C102,0) -> 0
A103: Boné | B103: unidade | E103: =IFERROR(D103/C103,0) -> 0
A104: Botina de segurança | B104: par | E104: =IFERROR(D104/C104,0) -> 0
A105: Meia de algodão | B105: par | E105: =IFERROR(D105/C105,0) -> 0
A106: Capa de chuva amarela com reflexivo | B106: unidade | E106: =IFERROR(D106/C106,0) -> 0
A107: Luva de proteção | B107: par | E107: =IFERROR(D107/C107,0) -> 0
A108: Mâscara facial | B108: Um | E108: =IFERROR(D108/C108,0) -> 0
A109: Protetor solar FPS 30 | B109: frasco 120g | E109: =IFERROR(D109/C109,0) -> 0
A110: Total do Efetivo | B110: homem | C110: =E38 -> 1 | D110: =+SUM(E100:E109) -> 0 | E110: =C110*D110 -> 0
D111: Fator de utilização | E111: =$B$47 -> 1 | F111: =E110*E111 -> 0
A114: Custo Mensal com Uniformes e EPIs (R$/mês) | F114: =+F111 -> 0
A116: 3. Veículos e Máquinas
A118: 3.1. Veículo/Máquina
A120: 3.1.1. Depreciação
A121: Discriminação | B121: Unidade | C121: Quantidade | D121: Custo unitário | E121: Subtotal | F121: Total (R$)
A122: Custo de aquisição do chassis | B122: unidade | C122: 1 | E122: =C122*D122 -> 0
...

Sheet 22. Mini Escavadeira
A1: Código 79603 – Serviços de Mini Escavadeira Hidráulica
A2: Planilha de Composição de Custos
A4: Orçamento Sintético
A5: Descrição do Item | E5: Custo (R$/mês) | F5: %
A6: =A39 -> 1. Mão-de-obra | E6: =+F83 -> 0 | F6: =IFERROR(E6/$E$23,0) -> 0
A7: =A41 -> 1.1. Operador de Máquinas | E7: =F60 -> 0 | F7: =IFERROR(E7/$E$23,0) -> 0
A8: =A62 -> 1.2. Vale Transporte | E8: =F68 -> 0 | F8: =IFERROR(E8/$E$23,0) -> 0
A9: =A70 -> 1.3. Vale-refeição (mensal) | E9: =F75 -> 0 | F9: =IFERROR(E9/$E$23,0) -> 0
A10: =A77 -> 1.4. Plano de Benefício Social (Seguro de vida) e (Manutenção e Capacitação Profissional ) | E10: =F81 -> 0 | F10: =IFERROR(E10/$E$23,0) -> 0
A11: =A85 -> 2. Uniformes e Equipamentos de Proteção Individual | E11: =+F104 -> 0 | F11: =IFERROR(E11/$E$23,0) -> 0
A12: =A106 -> 3. Veículos e Máquinas | E12: =+F174 -> 0 | F12: =IFERROR(E12/$E$23,0) -> 0
A13: =A108 -> 3.1. Veículo/Máquina | E13: =SUM(E14:E19) -> 0 | F13: =IFERROR(E13/$E$23,0) -> 0
A14: 3.1.1. Depreciação | E14: =F124 -> 0 | F14: =IFERROR(E14/$E$23,0) -> 0
A15: 3.1.2. Remuneração do Capital | E15: =F142 -> 0 | F15: =IFERROR(E15/$E$23,0) -> 0
A16: =A144 -> 3.1.3. Impostos e Seguros | E16: =F148 -> 0 | F16: =IFERROR(E16/$E$23,0) -> 0
A17: =A149 -> 3.1.4. Consumos óleo diesel | E17: =F158 -> 0 | F17: =IFERROR(E17/$E$23,0) -> 0
A18: =A160 -> 3.1.5. Manutenção/Consumos | E18: =F163 -> 0 | F18: =IFERROR(E18/$E$23,0) -> 0
A19: =A165 -> 3.1.6. Pneus | E19: =F172 -> 0 | F19: =IFERROR(E19/$E$23,0) -> 0
A20: =A176 -> 4. Ferramentas e materiais | E20: =+F187 -> 0 | F20: =IFERROR(E20/$E$23,0) -> 0
A21: =A189 -> 5. Monitoramento da frota | E21: =+F198 -> 0 | F21: =IFERROR(E21/$E$23,0) -> 0
A22: =A202 -> 4. Benefícios e Despesas Indiretas - BDI | E22: =+F208 -> 0 | F22: =IFERROR(E22/$E$23,0) -> 0
A23: PREÇO TOTAL MENSAL COM A COLETA | E23: =E6+E11+E12+E20+E21+E22 -> 0 | F23: =F6+F11+F12+F20+F21+F22 -> 0
A26: Quantitativos
A27: Mão-de-obra | E27: Quantidade
A28: ' | E28: =C59 -> 1
A29: Operador de Escavadeira Hidráulica
A30: Sindicato de Pav de Obras Correção Salarial | E30: 0
A31: Total de mão-de-obra (postos de trabalho) | E31: =SUM(E28) -> 1
A33: Veículos e Equipamentos | E33: Quantidade
A34: =+A108 -> 3.1. Veículo/Máquina | E34: =C123 -> 1
A37: Fator de utilização (FU) | B37: ='27.Horários'!F17/'27.Horários'!F18 -> 1
A39: 1. Mão-de-obra
A41: 1.1. Operador de Máquinas
A42: Discriminação | B42: Unidade | C42: Quantidade | D42: Custo unitário | E42: Subtotal | F42: Total (R$)
A43: Piso da categoria (2) | B43: mês | C43: 1 | D43: =ROUND((E29*E30)+E29,2) -> 0 | E43: =C43*D43 -> 0
A44: Salário mínimo nacional (1) | B44: mês | C44: 1 | D44: 1100
A45: Adicional Noturno | B45: horas trabalhadas
B46: hora contabilizada | C46: =C45*8/7 -> 0 | D46: =D43/220*0.2 -> 0 | E46: =C45*D46 -> 0
A47: Horas Extras (100%) | B47: hora | D47: =D43/220*2 -> 0 | E47: =C47*D47 -> 0 | G47: Excluir esta linha caso a contratação não tenha previsão de horas extras 100% explícita no edital
A48: Horas Extras Noturnas (100%) | B48: horas trabalhadas | G48: Excluir esta linha caso a contratação não tenha previsão de horas extras noturnas 100% explícita no edital
B49: hora contabilizada | C49: =C48*8/7 -> 0 | D49: =D43/220*2*1.2 -> 0 | E49: =C49*D49 -> 0 | G49: Excluir esta linha caso a contratação não tenha previsão de horas extras noturnas 100% explícita no edital
A50: Horas Extras (50%) | B50: hora | D50: =D43/220*1.5 -> 0 | E50: =C50*D50 -> 0 | G50: Excluir esta linha caso a contratação não tenha previsão de horas extras 50% explícita no edital
A51: Horas Extras Noturnas (50%) | B51: horas trabalhadas | G51: Excluir esta linha caso a contratação não tenha previsão de horas extras noturnas 50% explícita no edital
B52: hora contabilizada | C52: =C51*8/7 -> 0 | D52: =D43/220*1.5*1.2 -> 0 | E52: =C52*D52 -> 0 | G52: Excluir esta linha caso a contratação não tenha previsão de horas extras noturnas 50% explícita no edital
A53: Descanso Semanal Remunerado (DSR) - hora extra | B53: R$ | D53: =63/302*(SUM(E47:E52)) -> 0 | E53: =D53 -> 0 | G53: Excluir esta linha caso a contratação não tenha previsão de horas extras explícita no edital
A54: Base de cálculo da Insalubridade | C54: 0
A55: Adicional de Insalubridade | B55: % | C55: 0 | D55: =IF(C54=2,SUM(E43:E53),IF(C54=1,SUM(E43:E53)*D44/D43,0)) -> 0 | E55: =C55*D55/100 -> 0
A56: Soma | E56: =SUM(E43:E55) -> 0
A57: Encargos Sociais | B57: % | C57: ='24.Encargos Sociais'!$C$38*100 -> 0 | D57: =E56 -> 0 | E57: =D57*C57/100 -> 0
A58: Total por funcionário | E58: =E56+E57 -> 0
A59: Total do Efetivo | B59: homem | C59: 1 | D59: =E58 -> 0 | E59: =C59*D59 -> 0
D60: Fator de utilização | E60: =B37 -> 1 | F60: =E59*E60 -> 0
A62: 1.2. Vale Transporte
A63: Discriminação | B63: Unidade | C63: Quantidade | D63: Custo unitário | E63: Subtotal | F63: Total (R$)
A64: Vale Transporte | B64: R$ | C64: 1
A65: Dias Trabalhados por mês | B65: dia | C65: 21
A66: Coletor | B66: vale | C66: =$C$65*2*(#REF!) -> #REF! | D66: =IFERROR((($C$65*2*$D$64)-(#REF!*0.06*C65/26))/($C$65*2),"-") -> - | E66: =IFERROR(C66*D66,"-") -> -
A67: Operador | B67: vale | C67: =$C$65*2*(C59) -> 42 | E67: =C67*D64 -> 0
F68: =E67-(6%*E43) -> 0
A70: 1.3. Vale-refeição (mensal)
A71: Discriminação | B71: Unidade | C71: Quantidade | D71: Custo unitário | E71: Subtotal | F71: Total (R$)
A72: =+A66 -> Coletor | B72: unidade | D72: 0 | E72: =C72*D72 -> 0
A73: =+A67 -> Operador | B73: unidade | C73: 1 | E73: =C73*D73 -> 0
A74: Encarregado | B74: unidade | C74: 0 | D74: 13.55 | E74: =C74*D74 -> 0
F75: =SUM(E72:E74) -> 0
A77: 1.4. Plano de Benefício Social (Seguro de vida) e (Manutenção e Capacitação Profissional )
A78: Discriminação | B78: Unidade | C78: Quantidade | D78: Custo unitário | E78: Subtotal | F78: Total (R$)
A79: Seguro de vida em Grupo | B79: unidade | C79: 1 | E79: =C79*D79 -> 0
A80: Manutenção e Capacitação Profissional | B80: unidade | C80: 1 | E80: =C80*D80 -> 0
D81: Fator de util. | E81: 1 | F81: =SUM(E79:E80)*E81 -> 0
A83: Custo Mensal com Mão-de-obra (R$/mês) | F83: =F60+F68+F75+F81 -> 0
A85: 2. Uniformes e Equipamentos de Proteção Individual
A87: 2.1. Uniformes e EPIs
A89: Discriminação | B89: Unidade | C89: Durabilidade (meses) | D89: Custo unitário | E89: Subtotal | F89: Total (R$)
A90: Jaqueta com reflexivo (NBR 15.292) | B90: unidade | E90: =IFERROR(D90/C90,0) -> 0
A91: Calça | B91: unidade | E91: =IFERROR(D91/C91,0) -> 0
A92: Camiseta | B92: unidade | E92: =IFERROR(D92/C92,0) -> 0
A93: Boné | B93: unidade | E93: =IFERROR(D93/C93,0) -> 0
A94: Botina de segurança | B94: par | E94: =IFERROR(D94/C94,0) -> 0
A95: Meia de algodão | B95: par | E95: =IFERROR(D95/C95,0) -> 0
A96: Capa de chuva amarela com reflexivo | B96: unidade | E96: =IFERROR(D96/C96,0) -> 0
A97: Luva de proteção | B97: par | E97: =IFERROR(D97/C97,0) -> 0
A98: Mâscara facial | B98: Um | E98: =IFERROR(D98/C98,0) -> 0
A99: Protetor solar FPS 30 | B99: frasco 120g | E99: =IFERROR(D99/C99,0) -> 0
A100: Total do Efetivo | B100: homem | C100: =E28 -> 1 | D100: =+SUM(E90:E99) -> 0 | E100: =C100*D100 -> 0
D101: Fator de utilização | E101: =$B$37 -> 1 | F101: =E100*E101 -> 0
A104: Custo Mensal com Uniformes e EPIs (R$/mês) | F104: =+F101 -> 0
A106: 3. Veículos e Máquinas
A108: 3.1. Veículo/Máquina
A110: 3.1.1. Depreciação
A111: Discriminação | B111: Unidade | C111: Quantidade | D111: Custo unitário | E111: Subtotal | F111: Total (R$)
A112: Custo de aquisição do chassis | B112: unidade | C112: 1 | E112: =C112*D112 -> 0
A113: Vida útil do chassis | B113: anos
A114: Idade do veículo | B114: anos
A115: Depreciação do chassis | B115: % | C115: =IFERROR(VLOOKUP(C113,'28. Depreciação'!A3:B17,2,0),0) -> 0 | D115: =E112 -> 0 | E115: =C115*D115/100 -> 0
A116: Depreciação mensal veículos/máquinas | B116: mês | C116: =C113*12 -> 0 | D116: =IF(C114<=C113,E115,0) -> 0 | E116: =IFERROR(D116/C116,0) -> 0
A117: Custo de aquisição da Pá Carregadeira | B117: unidade | C117: =C112 -> 1 | D117: 0 | E117: =C117*D117 -> 0
A118: Vida útil do chassis | B118: anos | C118: 16
A119: Idade do chassis | B119: anos | C119: 16
A120: Depreciação do chassis | B120: % | C120: =IFERROR(VLOOKUP(C118,'28. Depreciação'!A3:B17,2,0),0) -> 0 | D120: =E117 -> 0 | E120: =C120*D120/100 -> 0
...

Sheet 23. Empilhadeira
A1: Código 82846 – Serviços de Empilhadeira
A2: Planilha de Composição de Custos
A4: Orçamento Sintético
A5: Descrição do Item | E5: Custo (R$/mês) | F5: %
A6: =A39 -> 1. Mão-de-obra | E6: =+F83 -> 0 | F6: =IFERROR(E6/$E$23,0) -> 0
A7: =A41 -> 1.1. Operador de Máquinas | E7: =F60 -> 0 | F7: =IFERROR(E7/$E$23,0) -> 0
A8: =A62 -> 1.2. Vale Transporte | E8: =F68 -> 0 | F8: =IFERROR(E8/$E$23,0) -> 0
A9: =A70 -> 1.3. Vale-refeição (mensal) | E9: =F75 -> 0 | F9: =IFERROR(E9/$E$23,0) -> 0
A10: =A77 -> 1.4. Plano de Benefício Social (Seguro de vida) e (Manutenção e Capacitação Profissional ) | E10: =F81 -> 0 | F10: =IFERROR(E10/$E$23,0) -> 0
A11: =A85 -> 2. Uniformes e Equipamentos de Proteção Individual | E11: =+F104 -> 0 | F11: =IFERROR(E11/$E$23,0) -> 0
A12: =A106 -> 3. Veículos e Máquinas | E12: =+F174 -> 0 | F12: =IFERROR(E12/$E$23,0) -> 0
A13: =A108 -> 3.1. Veículo/Máquina | E13: =SUM(E14:E19) -> 0 | F13: =IFERROR(E13/$E$23,0) -> 0
A14: 3.1.1. Depreciação | E14: =F124 -> 0 | F14: =IFERROR(E14/$E$23,0) -> 0
A15: 3.1.2. Remuneração do Capital | E15: =F142 -> 0 | F15: =IFERROR(E15/$E$23,0) -> 0
A16: =A144 -> 3.1.3. Impostos e Seguros | E16: =F148 -> 0 | F16: =IFERROR(E16/$E$23,0) -> 0
A17: =A149 -> 3.1.4. Consumos óleo diesel | E17: =F158 -> 0 | F17: =IFERROR(E17/$E$23,0) -> 0
A18: =A160 -> 3.1.5. Manutenção/Consumos | E18: =F163 -> 0 | F18: =IFERROR(E18/$E$23,0) -> 0
A19: =A165 -> 3.1.6. Pneus | E19: =F172 -> 0 | F19: =IFERROR(E19/$E$23,0) -> 0
A20: =A176 -> 4. Ferramentas e materiais | E20: =+F187 -> 0 | F20: =IFERROR(E20/$E$23,0) -> 0
A21: =A189 -> 5. Monitoramento da frota | E21: =+F198 -> 0 | F21: =IFERROR(E21/$E$23,0) -> 0
A22: =A202 -> 4. Benefícios e Despesas Indiretas - BDI | E22: =+F208 -> 0 | F22: =IFERROR(E22/$E$23,0) -> 0
A23: PREÇO TOTAL MENSAL COM A COLETA | E23: =E6+E11+E12+E20+E21+E22 -> 0 | F23: =F6+F11+F12+F20+F21+F22 -> 0
A26: Quantitativos
A27: Mão-de-obra | E27: Quantidade
A28: ' | E28: =C59 -> 1
A29: Operador de Escavadeira Hidráulica
A30: Sindicato de Pav de Obras Correção Salarial | E30: 0
A31: Total de mão-de-obra (postos de trabalho) | E31: =SUM(E28) -> 1
A33: Veículos e Equipamentos | E33: Quantidade
A34: =+A108 -> 3.1. Veículo/Máquina | E34: =C123 -> 1
A37: Fator de utilização (FU) | B37: ='27.Horários'!F17/'27.Horários'!F18 -> 1
A39: 1. Mão-de-obra
A41: 1.1. Operador de Máquinas
A42: Discriminação | B42: Unidade | C42: Quantidade | D42: Custo unitário | E42: Subtotal | F42: Total (R$)
A43: Piso da categoria (2) | B43: mês | C43: 1 | D43: =ROUND((E29*E30)+E29,2) -> 0 | E43: =C43*D43 -> 0
A44: Salário mínimo nacional (1) | B44: mês | C44: 1 | D44: 1100
A45: Adicional Noturno | B45: horas trabalhadas
B46: hora contabilizada | C46: =C45*8/7 -> 0 | D46: =D43/220*0.2 -> 0 | E46: =C45*D46 -> 0
A47: Horas Extras (100%) | B47: hora | D47: =D43/220*2 -> 0 | E47: =C47*D47 -> 0 | G47: Excluir esta linha caso a contratação não tenha previsão de horas extras 100% explícita no edital
A48: Horas Extras Noturnas (100%) | B48: horas trabalhadas | G48: Excluir esta linha caso a contratação não tenha previsão de horas extras noturnas 100% explícita no edital
B49: hora contabilizada | C49: =C48*8/7 -> 0 | D49: =D43/220*2*1.2 -> 0 | E49: =C49*D49 -> 0 | G49: Excluir esta linha caso a contratação não tenha previsão de horas extras noturnas 100% explícita no edital
A50: Horas Extras (50%) | B50: hora | D50: =D43/220*1.5 -> 0 | E50: =C50*D50 -> 0 | G50: Excluir esta linha caso a contratação não tenha previsão de horas extras 50% explícita no edital
A51: Horas Extras Noturnas (50%) | B51: horas trabalhadas | G51: Excluir esta linha caso a contratação não tenha previsão de horas extras noturnas 50% explícita no edital
B52: hora contabilizada | C52: =C51*8/7 -> 0 | D52: =D43/220*1.5*1.2 -> 0 | E52: =C52*D52 -> 0 | G52: Excluir esta linha caso a contratação não tenha previsão de horas extras noturnas 50% explícita no edital
A53: Descanso Semanal Remunerado (DSR) - hora extra | B53: R$ | D53: =63/302*(SUM(E47:E52)) -> 0 | E53: =D53 -> 0 | G53: Excluir esta linha caso a contratação não tenha previsão de horas extras explícita no edital
A54: Base de cálculo da Insalubridade | C54: 0
A55: Adicional de Insalubridade | B55: % | C55: 0 | D55: =IF(C54=2,SUM(E43:E53),IF(C54=1,SUM(E43:E53)*D44/D43,0)) -> 0 | E55: =C55*D55/100 -> 0
A56: Soma | E56: =SUM(E43:E55) -> 0
A57: Encargos Sociais | B57: % | C57: ='24.Encargos Sociais'!$C$38*100 -> 0 | D57: =E56 -> 0 | E57: =D57*C57/100 -> 0
A58: Total por funcionário | E58: =E56+E57 -> 0
A59: Total do Efetivo | B59: homem | C59: 1 | D59: =E58 -> 0 | E59: =C59*D59 -> 0
D60: Fator de utilização | E60: =B37 -> 1 | F60: =E59*E60 -> 0
A62: 1.2. Vale Transporte
A63: Discriminação | B63: Unidade | C63: Quantidade | D63: Custo unitário | E63: Subtotal | F63: Total (R$)
A64: Vale Transporte | B64: R$ | C64: 1
A65: Dias Trabalhados por mês | B65: dia | C65: 21
A66: Coletor | B66: vale | C66: =$C$65*2*(#REF!) -> #REF! | D66: =IFERROR((($C$65*2*$D$64)-(#REF!*0.06*C65/26))/($C$65*2),"-") -> - | E66: =IFERROR(C66*D66,"-") -> -
A67: Operador | B67: vale | C67: =$C$65*2*(C59) -> 42 | E67: =C67*D64 -> 0
F68: =E67-(6%*E43) -> 0
A70: 1.3. Vale-refeição (mensal)
A71: Discriminação | B71: Unidade | C71: Quantidade | D71: Custo unitário | E71: Subtotal | F71: Total (R$)
A72: =+A66 -> Coletor | B72: unidade | D72: 0 | E72: =C72*D72 -> 0
A73: =+A67 -> Operador | B73: unidade | C73: 1 | E73: =C73*D73 -> 0
A74: Encarregado | B74: unidade | C74: 0 | D74: 13.55 | E74: =C74*D74 -> 0
F75: =SUM(E72:E74) -> 0
A77: 1.4. Plano de Benefício Social (Seguro de vida) e (Manutenção e Capacitação Profissional )
A78: Discriminação | B78: Unidade | C78: Quantidade | D78: Custo unitário | E78: Subtotal | F78: Total (R$)
A79: Seguro de vida em Grupo | B79: unidade | C79: 1 | E79: =C79*D79 -> 0
A80: Manutenção e Capacitação Profissional | B80: unidade | C80: 1 | E80: =C80*D80 -> 0
D81: Fator de util. | E81: 1 | F81: =SUM(E79:E80)*E81 -> 0
A83: Custo Mensal com Mão-de-obra (R$/mês) | F83: =F60+F68+F75+F81 -> 0
A85: 2. Uniformes e Equipamentos de Proteção Individual
A87: 2.1. Uniformes e EPIs
A89: Discriminação | B89: Unidade | C89: Durabilidade (meses) | D89: Custo unitário | E89: Subtotal | F89: Total (R$)
A90: Jaqueta com reflexivo (NBR 15.292) | B90: unidade | E90: =IFERROR(D90/C90,0) -> 0
A91: Calça | B91: unidade | E91: =IFERROR(D91/C91,0) -> 0
A92: Camiseta | B92: unidade | E92: =IFERROR(D92/C92,0) -> 0
A93: Boné | B93: unidade | E93: =IFERROR(D93/C93,0) -> 0
A94: Botina de segurança | B94: par | E94: =IFERROR(D94/C94,0) -> 0
A95: Meia de algodão | B95: par | E95: =IFERROR(D95/C95,0) -> 0
A96: Capa de chuva amarela com reflexivo | B96: unidade | E96: =IFERROR(D96/C96,0) -> 0
A97: Luva de proteção | B97: par | E97: =IFERROR(D97/C97,0) -> 0
A98: Mâscara facial | B98: Um | E98: =IFERROR(D98/C98,0) -> 0
A99: Protetor solar FPS 30 | B99: frasco 120g | E99: =IFERROR(D99/C99,0) -> 0
A100: Total do Efetivo | B100: homem | C100: =E28 -> 1 | D100: =+SUM(E90:E99) -> 0 | E100: =C100*D100 -> 0
D101: Fator de utilização | E101: =$B$37 -> 1 | F101: =E100*E101 -> 0
A104: Custo Mensal com Uniformes e EPIs (R$/mês) | F104: =+F101 -> 0
A106: 3. Veículos e Máquinas
A108: 3.1. Veículo/Máquina
A110: 3.1.1. Depreciação
A111: Discriminação | B111: Unidade | C111: Quantidade | D111: Custo unitário | E111: Subtotal | F111: Total (R$)
A112: Custo de aquisição do chassis | B112: unidade | C112: 1 | E112: =C112*D112 -> 0
A113: Vida útil do chassis | B113: anos
A114: Idade do veículo | B114: anos
A115: Depreciação do chassis | B115: % | C115: =IFERROR(VLOOKUP(C113,'28. Depreciação'!A3:B17,2,0),0) -> 0 | D115: =E112 -> 0 | E115: =C115*D115/100 -> 0
A116: Depreciação mensal veículos/máquinas | B116: mês | C116: =C113*12 -> 0 | D116: =IF(C114<=C113,E115,0) -> 0 | E116: =IFERROR(D116/C116,0) -> 0
A117: Custo de aquisição da Pá Carregadeira | B117: unidade | C117: =C112 -> 1 | D117: 0 | E117: =C117*D117 -> 0
A118: Vida útil do chassis | B118: anos | C118: 16
A119: Idade do chassis | B119: anos | C119: 16
A120: Depreciação do chassis | B120: % | C120: =IFERROR(VLOOKUP(C118,'28. Depreciação'!A3:B17,2,0),0) -> 0 | D120: =E117 -> 0 | E120: =C120*D120/100 -> 0
...

Sheet 24.Encargos Sociais
A1: Orientações para preenchimento:
A2: 1. Preencha previamente os dados de entrada na planilha 3.CAGED
A4: O TCE/RS não se responsabiliza pelo uso incorreto desta planilha.
A5: O orçamento deve ser realizado por responsável técnico habilitado e
A6: é de responsabilidade do seu autor.
A8: 3. Composição dos Encargos Sociais
A9: Código | B9: Descrição | C9: Valor
A10: A1 | B10: INSS
A11: A2 | B11: SESI
A12: A3 | B12: SENAI
A13: A4 | B13: INCRA
A14: A5 | B14: SEBRAE
A15: A6 | B15: Salário educação
A16: A7 | B16: Seguro contra acidentes de trabalho
A17: A8 | B17: FGTS
A18: A | B18: SOMA GRUPO A | C18: =SUM(C10:C17) -> 0
A20: B1 | B20: Férias gozadas
A21: B2 | B21: 13º salário
A22: B3 | B22: Licença Paternidade
A23: B4 | B23: Faltas justificadas
A24: B5 | B24: Auxilio acidente de trabalho
A25: B6 | B25: Auxilio doença
A26: B | B26: SOMA GRUPO B | C26: =SUM(C20:C25) -> 0
A28: C1 | B28: Aviso prévio indenizado
A29: C2 | B29: Férias indenizadas
A30: C3 | B30: Férias indenizadas s/ aviso previo inden.
A31: C4 | B31: Depósito rescisão sem justa causa
A32: C5 | B32: Indenização adicional
A33: C | B33: SOMA GRUPO C | C33: =SUM(C28:C32) -> 0
A35: D1 | B35: Reincidência de Grupo A sobre Grupo B | C35: =ROUND(C18*C26,4) -> 0
A36: D2 | B36: Reincidência de FGTS sobre aviso prévio indenizado | C36: =ROUND((C28*C17),4) -> 0
A37: D | B37: SOMA GRUPO D | C37: =SUM(C35:C36) -> 0
B38: SOMA (A+B+C+D) | C38: =C37+C33+C26+C18 -> 0

Sheet 25.CAGED
A1: CÁLCULO DAS VERBAS INDENIZATÓRIAS DOS EMPREGADOS NO SETOR
A3: Para preencher esta planilha siga os passos 1 a 5:
A4: 1. Acesse o Portal do CAGED no link http://bi.mte.gov.br/cagedestabelecimento/pages/consulta.xhtml
A5: 2. Na Especificação da Consulta, selecione "Demonstrativo por período" e informe as competências relativas ao período Inicial e Final (últimos 12 meses)
A6: 3. Nível Geográfico: selecione "Unidade da Federação" e marque a opção "Rio Grande do Sul"
A7: 4. Nível Setorial: selecione "Classe de atividade econômica segundo a classificação CNAE – versão 2.0 (669 categorias)" e marque a opção
A8: 5. Clique em Gerar Relatório
A9: 6. Preencha as células em amarelo
B11: 4. CAGED
B12: Rio Grande do Sul -
B13: Admissões | C13: 1932
B14: Desligamentos | C14: 2197
B15: Dispensados com justa causa | C15: 25
B16: Dispensados sem justa causa | C16: 1463
B17: Espontâneos | C17: 321
B18: Fim de contrato por prazo determinado | C18: 12
B19: Término de contrato | C19: 339
B20: Aposentados | C20: 0
B21: Mortos | C21: 22
B22: Transferência de saída | C22: 0
B23: Acordo | C23: 0
B24: Indicadores
B25: Estoque recuperado início do Período 01-03-2018 | C25: 5183
B26: Estoque recuperado final do Período 28-02-2019 | C26: 4918
B27: Variação Emprego Absoluta de 01-03-2018 a 28-02-2019 | C27: =C13-C14 -> -265
B29: Estoque Médio | C29: =MEDIAN(C25,C26) -> 5050.5
B30: % Demitidos s/ Justa Causa em relação ao Estoque Médio | C30: =C16/C29 -> 0.28967429
B31: Taxa de Rotatividade | C31: =MEDIAN(C13,C14)/C29 -> 0.40877141
B32: Rotatividade temporal (meses) | C32: =12/C31 -> 29.356261
B33: Dias ano | C33: 360
B34: 1/3 de férias (dias) | C34: 10
B35: Férias (dias) | C35: 30
B36: 13º Salário (dias) | C36: 30
B37: Dias de Aviso prévio | C37: =30+(3*TRUNC(1/C31)) -> 36
B38: FGTS | C38: 0.08
B39: Multa FGTS | C39: 0.4

Sheet 26.BDI
A1: Orientações para preenchimento:
A2: 1. Esta planilha é somente um modelo-base e deve ser ajustada conforme cada caso concreto.
A3: 2. Preencher somente células em amarelo
A5: O TCE/RS não se responsabiliza pelo uso incorreto desta planilha.
A6: O orçamento deve ser realizado por responsável técnico habilitado e é
A7: de responsabilidade do seu autor.
A9: 5. Composição do BDI - Benefícios e Despesas Indiretas
D11: Referência estudo TCE
D12: 1° Quartil | E12: Médio | F12: 3° Quartil
A13: Administração Central | B13: AC | C13: 0.0345 | D13: 0.015 | E13: 0.0345 | F13: 0.0449
A14: Seguros/Riscos/Garantias | B14: SRG | C14: 0.0089 | D14: 0.003 | F14: 0.0089
A15: Lucro | B15: L | C15: 0.0622 | D15: 0.035 | E15: 0.0511 | F15: 0.0622
A16: Despesas Financeiras | B16: DF | C16: =(1+E16)^(E17/252)-1 -> 0.0019830218 | D16: i | E16: 0.105
A17: Tributos - ISS | B17: T | C17: 0.03 | D17: DU | E17: 5
A18: Tributos - PIS/COFINS/ e CPP se houver | C18: 0.0365
A19: Fórmula para o cálculo do BDI:
A20: {[(1+AC+SRG) x (1+L) x (1+DF)] / (1-T)} -1
A21: Resultado do cálculo do BDI: | C21: =ROUND((((1+C13+C14)*(1+C15)*(1+C16))/(1-(C17+C18))-1),4) -> 0.1896 | D21: 0.2143 | E21: 0.2717 | F21: 0.3362

Sheet 27.Horários
A1: Prefeitura Municipal de Erechim
A2: Planilha com os horários dos motoristas e operadores de máquinas
A3: Periodicidade: Segunda à sexta
A4: Nr. Func. | B4: Cargo | C4: Dias | D4: Entrada | E4: Saída | F4: Total Horas
A5: 1 | B5: Motoristas | C5: Segunda à sexta | D5: 0.3125 | E5: 0.72083333 | F5: 0.36666667
A6: 3 | B6: Operador de Máquinas | C6: Segunda à sexta | D6: 0.3125 | E6: 0.72083333 | F6: 0.36666667
A7: Obs: contemplado uma hora de intervalo.
A9: Cargo: Motorista/Operador
A10: Total de horas por funcionário | F10: 8.8
A11: Total de dias por semana | F11: 5
A12: Total de horas por semana | F12: =F10*F11 -> 44
A13: Dias úteis semana | F13: 6
A14: Total de dias com (DSR) Descanso Semanal Remunerado | F14: 7
A15: Total de horas/dia com (DSR) | F15: =F12/F13 -> 7.3333333
A16: Total de dias no mês (30 dias) | F16: 30
A17: Total geral de horas mês com (DSR) | F17: =F15*F16 -> 220
A18: Total geral de horas base mês com (DSR) | F18: 220
A19: Fator de utilização | F19: =F17/F18 -> 1

Sheet 28. Depreciação
A1: 6. Depreciação Referencial TCE/RS (%)
A2: Idade do veículo (ano) | B2: Depreciação Média
A3: 1 | B3: 33.63
A4: 2 | B4: 43.13
A5: 3 | B5: 48.68
A6: 4 | B6: 52.62
A7: 5 | B7: 55.68
A8: 6 | B8: 58.18
A9: 7 | B9: 60.29
A10: 8 | B10: 62.12
A11: 9 | B11: 63.73
A12: 10 | B12: 65.18
A13: 11 | B13: 66.48
A14: 12 | B14: 67.67
... A17: 15 | B17: 70.73

Sheet TAB ANP DIESEL_S10
A1: AGÊNCIA NACIONAL DO PETRÓLEO, GÁS NATURAL E BIOCOMBUSTÍVEIS - ANP | B1: https://preco.anp.gov.br/
A2: SUPERINTENDÊNCIA DE DEFESA DA CONCORRÊNCIA
A3: LEVANTAMENTO DE PREÇOS DE COMBUSTÍVEIS
A6: INTERVALO DE TEMPO: SEMANAL
A7: COMBUSTÍVEL: TODOS
A8: TIPO RELATÓRIO: MUNICÍPIOS
A9: 45088 | B9: 45467
A10: PREÇO VENDA
A11: MÉDIA | B11: 6.11
A12: DESVIO PADRÃO
A13: VALOR MÍNIMO
A14: VALOR MÁXIMO
